Workbook

Sheet Смета 12 гр. по ФЕР
A1: =Source!B1 -> Smeta.RU (495) 974-1589
I2: Приложение 1 к форме 7
B4: =CONCATENATE( "ЛОКАЛЬНАЯ СМЕТА",IF(Source!F20<>"Новая локальная смета", Source!F20, "")) -> ЛОКАЛЬНАЯ СМЕТА
B6: =IF(Source!G20<>"Новая локальная смета", Source!G20, "")
B8: =IF(Source!G12<>"Новый объект", Source!G12, "") -> На ремонт дворового проезда и пешеходных дорожек территории, прилегающей к общежитиям НИЯУ МИФИ по адресу: г. Москва, ул. Москваречье, д. 19, к. 3, к. 4 | AD8: =IF(Source!G12<>"Новый объект", Source!G12, "") -> На ремонт дворового проезда и пешеходных дорожек территории, прилегающей к общежитиям НИЯУ МИФИ по адресу: г. Москва, ул. Москваречье, д. 19, к. 3, к. 4
B9: (наименование работ и затрат, наименование объекта)
G11: базовая цена | I11: текущая цена
C12: Сметная стоимость | G12: =SUM(O19:O210)/1000 -> 212.10805 | I12: =(Source!P151/1000) -> 1789.8185 | K12: тыс. руб.
C13: Нормативная трудоемкость | G13: =I13 -> 1547.2579 | I13: =(Source!P143+Source!P144) -> 1547.2579 | K13: чел. -ч.
C14: Средства на оплату труда | G14: =SUM(R19:R210)/1000 -> 13.40834 | I14: =((Source!P136 + Source!P135)/1000) -> 95.86943 | K14: тыс. руб.
A16: Составлена в ценах III квартал 2017 года
A17: № п/п | B17: Шифр расценки и коды ресурсов | C17: Наименование работ и затрат | D17: Ед. изм. | E17: Кол-во единиц | F17: Цена на ед. изм. | G17: Попра-вочные коэфф. | H17: Стоимость в ценах 2001г. | I17: Пункт коэфф. пересчета | J17: Коэфф. пересчета | K17: Стоимость в текущих ценах | L17: ЗТР всего чел.-час
A18: 1 | B18: 2 | C18: 3 | D18: 4 | E18: 5 | F18: 6 | G18: 7 | H18: 8 | I18: 9 | J18: 10 | K18: 11 | L18: 12
A19: =Source!E27 -> 1 | B19: =Source!F27 -> 68-14-1 | C19: =Source!G27 -> Разборка бортовых камней на бетонном основании | D19: =Source!H27 -> 100 м | E19: =Source!I27 -> 4.4 | F19: =Source!AL27+Source!AM27+Source!AO27 -> 1478.92 | I19: =Source!BO27 | S19: =ROUND((Source!FX27/100)*((ROUND(Source!AF27*Source!I27, 2)+ROUND(Source!AE27*Source!I27, 2))), 2) -> 3757.8 | T19: =Source!X27 -> 26868.22 | U19: =ROUND((Source!FY27/100)*((ROUND(Source!AF27*Source!I27, 2)+ROUND(Source!AE27*Source!I27, 2))), 2) -> 2167.96 | V19: =Source!Y27 -> 15500.9
C20: ="Объем: "&Source!I27&"=440/"&"100" -> Объем: 4,4=440/100
C21: Зарплата | F21: =Source!AO27 -> 589.77 | G21: =Source!DG27 -> )*1,2 | H21: =ROUND(Source!AF27*Source!I27, 2) -> 3113.99 | J21: =IF(Source!BA27<> 0, Source!BA27, 1) -> 7.15 | K21: =Source!S27 -> 22265 | R21: =H21 -> 3113.99
C22: Эксплуатация машин | F22: =Source!AM27 -> 889.15 | G22: =Source!DE27 -> )*1,2 | H22: =ROUND(Source!AD27*Source!I27, 2) -> 4694.71 | J22: =IF(Source!BB27<> 0, Source!BB27, 1) -> 7.15 | K22: =Source!Q27 -> 33567.19
C23: в т.ч. зарплата машинистов | F23: =Source!AN27 -> 94.56 | G23: =Source!DF27 -> )*1,2 | H23: =ROUND(Source!AE27*Source!I27, 2) -> 499.28 | J23: =IF(Source!BS27<> 0, Source!BS27, 1) -> 7.15 | K23: =Source!R27 -> 3569.83 | R23: =H23 -> 499.28
C24: НР от ФОТ | D24: % | E24: =Source!BZ27 -> 104 | H24: =SUM(S19:S26) -> 3757.8 | J24: =Source!AT27 -> 104 | K24: =SUM(T19:T26) -> 26868.22
C25: СП от ФОТ | D25: % | E25: =Source!CA27 -> 60 | H25: =SUM(U19:U26) -> 2167.96 | J25: =Source!AU27 -> 60 | K25: =SUM(V19:V26) -> 15500.9
C26: Затраты труда | D26: чел-ч | E26: =Source!AQ27 -> 68.26 | G26: =Source!DI27 -> )*1,2 | L26: =Source!U27 -> 360.4128
G27: =H21+H22+H24+H25 -> 13734.46 | J27: =K21+K22+K24+K25 -> 98201.31 | L27: =Source!U27 -> 360.4128 | O27: =G27 -> 13734.46 | P27: =J27 -> 98201.31 | Q27: =L27 -> 360.4128 | W27: =IF(Source!BI27<=1,H21+H22+H24+H25, 0) -> 13734.46 | X27: =IF(Source!BI27=2,H21+H22+H24+H25, 0) -> 0 | Y27: =IF(Source!BI27=3,H21+H22+H24+H25, 0) -> 0 | Z27: =IF(Source!BI27=4,H21+H22+H24+H25, 0) -> 0
A28: =Source!E29 -> 2 | B28: =Source!F29 -> 27-06-008-01 | C28: =Source!G29 -> Устройство шва-стыка в асфальтобетонном покрытии | D28: =Source!H29 -> 100 м | E28: =Source!I29 -> 0.16 | F28: =Source!AL29+Source!AM29+Source!AO29 -> 1537.85 | I28: =Source!BO29 | S28: =ROUND((Source!FX29/100)*((ROUND(Source!AF29*Source!I29, 2)+ROUND(Source!AE29*Source!I29, 2))), 2) -> 55.34 | T28: =Source!X29 -> 396.22 | U28: =ROUND((Source!FY29/100)*((ROUND(Source!AF29*Source!I29, 2)+ROUND(Source!AE29*Source!I29, 2))), 2) -> 34.96 | V28: =Source!Y29 -> 250.74
C29: ="Объем: "&Source!I29&"=16/"&"100" -> Объем: 0,16=16/100
C30: Зарплата | F30: =Source!AO29 -> 178.84 | G30: =Source!DG29 -> )*1,15 | H30: =ROUND(Source!AF29*Source!I29, 2) -> 32.91 | J30: =IF(Source!BA29<> 0, Source!BA29, 1) -> 7.15 | K30: =Source!S29 -> 235.28 | R30: =H30 -> 32.91
C31: Эксплуатация машин | F31: =Source!AM29 -> 1228.57 | G31: =Source!DE29 -> )*1,25 | H31: =ROUND(Source!AD29*Source!I29, 2) -> 245.71 | J31: =IF(Source!BB29<> 0, Source!BB29, 1) -> 7.15 | K31: =Source!Q29 -> 1756.86
C32: в т.ч. зарплата машинистов | F32: =Source!AN29 -> 51.94 | G32: =Source!DF29 -> )*1,25 | H32: =ROUND(Source!AE29*Source!I29, 2) -> 10.39 | J32: =IF(Source!BS29<> 0, Source!BS29, 1) -> 7.15 | K32: =Source!R29 -> 74.27 | R32: =H32 -> 10.39
C33: Материальные ресурсы | F33: =Source!AL29 -> 130.44 | G33: =Source!DD29 | H33: =ROUND(Source!AC29*Source!I29, 2) -> 20.87 | J33: =IF(Source!BC29<> 0, Source!BC29, 1) -> 7.15 | K33: =Source!P29 -> 149.22
C34: НР от ФОТ | D34: % | E34: =Source!BZ29 -> 142 | F34: =CONCATENATE(" )", Source!DL29, Source!FT29, "=", Source!FX29) -> )*0,9=127,8 | H34: =SUM(S28:S38) -> 55.34 | J34: =Source!AT29 -> 128 | K34: =SUM(T28:T38) -> 396.22
C35: СП от ФОТ | D35: % | E35: =Source!CA29 -> 95 | F35: =CONCATENATE(" )", Source!DM29, Source!FU29, "=", Source!FY29) -> )*0,85=80,75 | H35: =SUM(U28:U38) -> 34.96 | J35: =Source!AU29 -> 81 | K35: =SUM(V28:V38) -> 250.74
C36: Затраты труда | D36: чел-ч | E36: =Source!AQ29 -> 21.89 | G36: =Source!DI29 -> )*1,15 | L36: =Source!U29 -> 4.02776
A37: =Source!E31 -> 2,1 | B37: =Source!F31 -> 01.7.07.26-0033 | C37: =Source!G31 -> Шнур полиуретановый | D37: =Source!H31 -> 10 м | E37: =Source!I31 -> 1.6 | F37: =Source!AL31+Source!AM31+Source!AO31 -> 16.8 | H37: =ROUND(Source!AC31*Source!I31, 2)+ROUND(Source!AD31*Source!I31, 2)+ROUND(Source!AF31*Source!I31, 2) -> 26.88 | J37: =IF(Source!BC31<> 0, Source!BC31, 1) -> 7.15 | K37: =Source!O31 -> 192.19 | S37: =ROUND((Source!FX31/100)*((ROUND(Source!AF31*Source!I31, 2)+ROUND(Source!AE31*Source!I31, 2))), 2) -> 0 | T37: =Source!X31 -> 0 | U37: =ROUND((Source!FY31/100)*((ROUND(Source!AF31*Source!I31, 2)+ROUND(Source!AE31*Source!I31, 2))), 2) -> 0 | V37: =Source!Y31 -> 0 | W37: =IF(Source!BI31<=1,H37, 0) -> 26.88 | X37: =IF(Source!BI31=2,H37, 0) -> 0 | Y37: =IF(Source!BI31=3,H37, 0) -> 0 | Z37: =IF(Source!BI31=4,H37, 0) -> 0
A38: =Source!E33 -> 2,2 | B38: =Source!F33 -> 02.3.01.02-0005 | C38: =Source!G33 -> Песок несортированный | D38: =Source!H33 -> м3 | E38: =Source!I33 -> 0.32 | F38: =Source!AL33+Source!AM33+Source!AO33 -> 83.49 | H38: =ROUND(Source!AC33*Source!I33, 2)+ROUND(Source!AD33*Source!I33, 2)+ROUND(Source!AF33*Source!I33, 2) -> 26.72 | J38: =IF(Source!BC33<> 0, Source!BC33, 1) -> 7.15 | K38: =Source!O33 -> 191.03 | S38: =ROUND((Source!FX33/100)*((ROUND(Source!AF33*Source!I33, 2)+ROUND(Source!AE33*Source!I33, 2))), 2) -> 0 | T38: =Source!X33 -> 0 | U38: =ROUND((Source!FY33/100)*((ROUND(Source!AF33*Source!I33, 2)+ROUND(Source!AE33*Source!I33, 2))), 2) -> 0 | V38: =Source!Y33 -> 0 | W38: =IF(Source!BI33<=1,H38, 0) -> 26.72 | X38: =IF(Source!BI33=2,H38, 0) -> 0 | Y38: =IF(Source!BI33=3,H38, 0) -> 0 | Z38: =IF(Source!BI33=4,H38, 0) -> 0
G39: =H30+H31+H33+H34+H35+SUM(H37:H38) -> 443.39 | J39: =K30+K31+K33+K34+K35+SUM(K37:K38) -> 3171.54 | L39: =Source!U29 -> 4.02776 | O39: =G39 -> 443.39 | P39: =J39 -> 3171.54 | Q39: =L39 -> 4.02776 | W39: =IF(Source!BI29<=1,H30+H31+H33+H34+H35, 0) -> 389.79 | X39: =IF(Source!BI29=2,H30+H31+H33+H34+H35, 0) -> 0 | Y39: =IF(Source!BI29=3,H30+H31+H33+H34+H35, 0) -> 0 | Z39: =IF(Source!BI29=4,H30+H31+H33+H34+H35, 0) -> 0
A40: =Source!E35 -> 3 | B40: =Source!F35 -> 68-12-12 | C40: =Source!G35 -> Снятие деформированных асфальтобетонных покрытий самоходными холодными фрезами с шириной фрезерования 1500-2100 мм толщиной слоя до 50 мм | D40: =Source!H35 -> 1000 м2 | E40: =Source!I35 -> 0.695 | F40: =Source!AL35+Source!AM35+Source!AO35 -> 1491.9 | I40: =Source!BO35 | S40: =ROUND((Source!FX35/100)*((ROUND(Source!AF35*Source!I35, 2)+ROUND(Source!AE35*Source!I35, 2))), 2) -> 92.61 | T40: =Source!X35 -> 662.15 | U40: =ROUND((Source!FY35/100)*((ROUND(Source!AF35*Source!I35, 2)+ROUND(Source!AE35*Source!I35, 2))), 2) -> 53.43 | V40: =Source!Y35 -> 382.01
C41: ="Объем: "&Source!I35&"=695/"&"1000" -> Объем: 0,695=695/1000
C42: Зарплата | F42: =Source!AO35 -> 18.1 | G42: =Source!DG35 -> )*1,2 | H42: =ROUND(Source!AF35*Source!I35, 2) -> 15.1 | J42: =IF(Source!BA35<> 0, Source!BA35, 1) -> 7.15 | K42: =Source!S35 -> 107.93 | R42: =H42 -> 15.1
C43: Эксплуатация машин | F43: =Source!AM35 -> 1473.8 | G43: =Source!DE35 -> )*1,2 | H43: =ROUND(Source!AD35*Source!I35, 2) -> 1229.15 | J43: =IF(Source!BB35<> 0, Source!BB35, 1) -> 7.15 | K43: =Source!Q35 -> 8788.42
C44: в т.ч. зарплата машинистов | F44: =Source!AN35 -> 88.67 | G44: =Source!DF35 -> )*1,2 | H44: =ROUND(Source!AE35*Source!I35, 2) -> 73.95 | J44: =IF(Source!BS35<> 0, Source!BS35, 1) -> 7.15 | K44: =Source!R35 -> 528.75 | R44: =H44 -> 73.95
C45: НР от ФОТ | D45: % | E45: =Source!BZ35 -> 104 | H45: =SUM(S40:S48) -> 92.61 | J45: =Source!AT35 -> 104 | K45: =SUM(T40:T48) -> 662.15
C46: СП от ФОТ | D46: % | E46: =Source!CA35 -> 60 | H46: =SUM(U40:U48) -> 53.43 | J46: =Source!AU35 -> 60 | K46: =SUM(V40:V48) -> 382.01
C47: Затраты труда | D47: чел-ч | E47: =Source!AQ35 -> 2.32 | G47: =Source!DI35 -> )*1,2 | L47: =Source!U35 -> 1.93488
A48: =Source!E37 -> 3,1 | B48: =Source!F37 -> 01.7.13.01-0001 | C48: =Source!G37 -> Лом асфальтобетона | D48: =Source!H37 -> т | E48: =Source!I37 -> 68.805 | F48: =Source!AL37+Source!AM37+Source!AO37 -> 51.29 | H48: =ROUND(Source!AC37*Source!I37, 2)+ROUND(Source!AD37*Source!I37, 2)+ROUND(Source!AF37*Source!I37, 2) -> 3529.01 | J48: =IF(Source!BC37<> 0, Source!BC37, 1) -> 7.15 | K48: =Source!O37 -> 25232.41 | S48: =ROUND((Source!FX37/100)*((ROUND(Source!AF37*Source!I37, 2)+ROUND(Source!AE37*Source!I37, 2))), 2) -> 0 | T48: =Source!X37 -> 0 | U48: =ROUND((Source!FY37/100)*((ROUND(Source!AF37*Source!I37, 2)+ROUND(Source!AE37*Source!I37, 2))), 2) -> 0 | V48: =Source!Y37 -> 0 | W48: =IF(Source!BI37<=1,H48, 0) -> 3529.01 | X48: =IF(Source!BI37=2,H48, 0) -> 0 | Y48: =IF(Source!BI37=3,H48, 0) -> 0 | Z48: =IF(Source!BI37=4,H48, 0) -> 0
G49: =H42+H43+H45+H46+SUM(H48:H48) -> 4919.3 | J49: =K42+K43+K45+K46+SUM(K48:K48) -> 35172.92 | L49: =Source!U35 -> 1.93488 | O49: =G49 -> 4919.3 | P49: =J49 -> 35172.92 | Q49: =L49 -> 1.93488 | W49: =IF(Source!BI35<=1,H42+H43+H45+H46, 0) -> 1390.29 | X49: =IF(Source!BI35=2,H42+H43+H45+H46, 0) -> 0 | Y49: =IF(Source!BI35=3,H42+H43+H45+H46, 0) -> 0 | Z49: =IF(Source!BI35=4,H42+H43+H45+H46, 0) -> 0
A50: =Source!E39 -> 4 | B50: =Source!F39 -> 01-01-111-02 | C50: =Source!G39 -> Планировка вручную дна и откосов выемок каналов, группа грунтов 2 | D50: =Source!H39 -> 1000 м2 | E50: =Source!I39 -> 0.068 | F50: =Source!AL39+Source!AM39+Source!AO39 -> 1100.37 | I50: =Source!BO39 | S50: =ROUND((Source!FX39/100)*((ROUND(Source!AF39*Source!I39, 2)+ROUND(Source!AE39*Source!I39, 2))), 2) -> 73.57 | T50: =Source!X39 -> 529.12 | U50: =ROUND((Source!FY39/100)*((ROUND(Source!AF39*Source!I39, 2)+ROUND(Source!AE39*Source!I39, 2))), 2) -> 36.57 | V50: =Source!Y39 -> 264.56
C51: ="Объем: "&Source!I39&"=68/"&"1000" -> Объем: 0,068=68/1000
C52: Зарплата | F52: =Source!AO39 -> 1100.37 | G52: =Source!DG39 -> )*1,15 | H52: =ROUND(Source!AF39*Source!I39, 2) -> 86.05 | J52: =IF(Source!BA39<> 0, Source!BA39, 1) -> 7.15 | K52: =Source!S39 -> 615.25 | R52: =H52 -> 86.05
C53: НР от ФОТ | D53: % | E53: =Source!BZ39 -> 95 | F53: =CONCATENATE(" )", Source!DL39, Source!FT39, "=", Source!FX39) -> )*0,9=85,5 | H53: =SUM(S50:S55) -> 73.57 | J53: =Source!AT39 -> 86 | K53: =SUM(T50:T55) -> 529.12
C54: СП от ФОТ | D54: % | E54: =Source!CA39 -> 50 | F54: =CONCATENATE(" )", Source!DM39, Source!FU39, "=", Source!FY39) -> )*0,85=42,5 | H54: =SUM(U50:U55) -> 36.57 | J54: =Source!AU39 -> 43 | K54: =SUM(V50:V55) -> 264.56
C55: Затраты труда | D55: чел-ч | E55: =Source!AQ39 -> 129 | G55: =Source!DI39 -> )*1,15 | L55: =Source!U39 -> 10.0878
G56: =H52+H53+H54 -> 196.19 | J56: =K52+K53+K54 -> 1408.93 | L56: =Source!U39 -> 10.0878 | O56: =G56 -> 196.19 | P56: =J56 -> 1408.93 | Q56: =L56 -> 10.0878 | W56: =IF(Source!BI39<=1,H52+H53+H54, 0) -> 196.19 | X56: =IF(Source!BI39=2,H52+H53+H54, 0) -> 0 | Y56: =IF(Source!BI39=3,H52+H53+H54, 0) -> 0 | Z56: =IF(Source!BI39=4,H52+H53+H54, 0) -> 0
A57: =Source!E41 -> 5 | B57: =Source!F41 -> 68-37-2 | C57: =Source!G41 -> Регулирование высотного положения крышек колодцев с подъемом на высоту до 10 см | D57: =Source!H41 -> ШТ | E57: =Source!I41 -> 4 | F57: =Source!AL41+Source!AM41+Source!AO41 -> 21.49 | I57: =Source!BO41 | S57: =ROUND((Source!FX41/100)*((ROUND(Source!AF41*Source!I41, 2)+ROUND(Source!AE41*Source!I41, 2))), 2) -> 73.88 | T57: =Source!X41 -> 528.26 | U57: =ROUND((Source!FY41/100)*((ROUND(Source!AF41*Source!I41, 2)+ROUND(Source!AE41*Source!I41, 2))), 2) -> 42.62 | V57: =Source!Y41 -> 304.76
C58: Зарплата | F58: =Source!AO41 -> 14.22 | G58: =Source!DG41 -> )*1,2 | H58: =ROUND(Source!AF41*Source!I41, 2) -> 68.26 | J58: =IF(Source!BA41<> 0, Source!BA41, 1) -> 7.15 | K58: =Source!S41 -> 488.03 | R58: =H58 -> 68.26
C59: Эксплуатация машин | F59: =Source!AM41 -> 3.29 | G59: =Source!DE41 -> )*1,2 | H59: =ROUND(Source!AD41*Source!I41, 2) -> 15.79 | J59: =IF(Source!BB41<> 0, Source!BB41, 1) -> 7.15 | K59: =Source!Q41 -> 112.91
C60: в т.ч. зарплата машинистов | F60: =Source!AN41 -> 0.58 | G60: =Source!DF41 -> )*1,2 | H60: =ROUND(Source!AE41*Source!I41, 2) -> 2.78 | J60: =IF(Source!BS41<> 0, Source!BS41, 1) -> 7.15 | K60: =Source!R41 -> 19.91 | R60: =H60 -> 2.78
C61: Материальные ресурсы | F61: =Source!AL41 -> 3.98 | G61: =Source!DD41 | H61: =ROUND(Source!AC41*Source!I41, 2) -> 15.92 | J61: =IF(Source!BC41<> 0, Source!BC41, 1) -> 7.15 | K61: =Source!P41 -> 113.83
C62: НР от ФОТ | D62: % | E62: =Source!BZ41 -> 104 | H62: =SUM(S57:S65) -> 73.88 | J62: =Source!AT41 -> 104 | K62: =SUM(T57:T65) -> 528.26
C63: СП от ФОТ | D63: % | E63: =Source!CA41 -> 60 | H63: =SUM(U57:U65) -> 42.62 | J63: =Source!AU41 -> 60 | K63: =SUM(V57:V65) -> 304.76
C64: Затраты труда | D64: чел-ч | E64: =Source!AQ41 -> 1.74 | G64: =Source!DI41 -> )*1,2 | L64: =Source!U41 -> 8.352
A65: =Source!E43 -> 5,1 | B65: =Source!F43 -> 06.1.01.05-0036 | C65: =Source!G43 -> Кирпич керамический одинарный, размером 250х120х65 мм, марка 125 | D65: =Source!H43 -> 1000 шт. | E65: =Source!I43 -> 0.237 | F65: =Source!AL43+Source!AM43+Source!AO43 -> 1863.37 | H65: =ROUND(Source!AC43*Source!I43, 2)+ROUND(Source!AD43*Source!I43, 2)+ROUND(Source!AF43*Source!I43, 2) -> 441.62 | J65: =IF(Source!BC43<> 0, Source!BC43, 1) -> 7.15 | K65: =Source!O43 -> 3157.57 | S65: =ROUND((Source!FX43/100)*((ROUND(Source!AF43*Source!I43, 2)+ROUND(Source!AE43*Source!I43, 2))), 2) -> 0 | T65: =Source!X43 -> 0 | U65: =ROUND((Source!FY43/100)*((ROUND(Source!AF43*Source!I43, 2)+ROUND(Source!AE43*Source!I43, 2))), 2) -> 0 | V65: =Source!Y43 -> 0 | W65: =IF(Source!BI43<=1,H65, 0) -> 441.62 | X65: =IF(Source!BI43=2,H65, 0) -> 0 | Y65: =IF(Source!BI43=3,H65, 0) -> 0 | Z65: =IF(Source!BI43=4,H65, 0) -> 0
G66: =H58+H59+H61+H62+H63+SUM(H65:H65) -> 658.09 | J66: =K58+K59+K61+K62+K63+SUM(K65:K65) -> 4705.36 | L66: =Source!U41 -> 8.352 | O66: =G66 -> 658.09 | P66: =J66 -> 4705.36 | Q66: =L66 -> 8.352 | W66: =IF(Source!BI41<=1,H58+H59+H61+H62+H63, 0) -> 216.47 | X66: =IF(Source!BI41=2,H58+H59+H61+H62+H63, 0) -> 0 | Y66: =IF(Source!BI41=3,H58+H59+H61+H62+H63, 0) -> 0 | Z66: =IF(Source!BI41=4,H58+H59+H61+H62+H63, 0) -> 0
A67: =Source!E45 -> 6 | B67: =Source!F45 -> 27-02-010-02 | C67: =Source!G45 -> Установка бортовых камней бетонных при других видах покрытий | D67: =Source!H45 -> 100 м | E67: =Source!I45 -> 5.3 | F67: =Source!AL45+Source!AM45+Source!AO45 -> 4412.47 | I67: =Source!BO45 | S67: =ROUND((Source!FX45/100)*((ROUND(Source!AF45*Source!I45, 2)+ROUND(Source!AE45*Source!I45, 2))), 2) -> 5095.21 | T67: =Source!X45 -> 36487.65 | U67: =ROUND((Source!FY45/100)*((ROUND(Source!AF45*Source!I45, 2)+ROUND(Source!AE45*Source!I45, 2))), 2) -> 3219.39 | V67: =Source!Y45 -> 23089.84
C68: ="Объем: "&Source!I45&"=(190+"&"340)/"&"100" -> Объем: 5,3=(190+340)/100
C69: Зарплата | F69: =Source!AO45 -> 643.64 | G69: =Source!DG45 -> )*1,15 | H69: =ROUND(Source!AF45*Source!I45, 2) -> 3922.99 | J69: =IF(Source!BA45<> 0, Source!BA45, 1) -> 7.15 | K69: =Source!S45 -> 28049.35 | R69: =H69 -> 3922.99
C70: Эксплуатация машин | F70: =Source!AM45 -> 78.78 | G70: =Source!DE45 -> )*1,25 | H70: =ROUND(Source!AD45*Source!I45, 2) -> 521.92 | J70: =IF(Source!BB45<> 0, Source!BB45, 1) -> 7.15 | K70: =Source!Q45 -> 3731.71
C71: в т.ч. зарплата машинистов | F71: =Source!AN45 -> 9.64 | G71: =Source!DF45 -> )*1,25 | H71: =ROUND(Source!AE45*Source!I45, 2) -> 63.87 | J71: =IF(Source!BS45<> 0, Source!BS45, 1) -> 7.15 | K71: =Source!R45 -> 456.63 | R71: =H71 -> 63.87
C72: Материальные ресурсы | F72: =Source!AL45 -> 3690.05 | G72: =Source!DD45 | H72: =ROUND(Source!AC45*Source!I45, 2) -> 19557.27 | J72: =IF(Source!BC45<> 0, Source!BC45, 1) -> 7.15 | K72: =Source!P45 -> 139834.44
C73: НР от ФОТ | D73: % | E73: =Source!BZ45 -> 142 | F73: =CONCATENATE(" )", Source!DL45, Source!FT45, "=", Source!FX45) -> )*0,9=127,8 | H73: =SUM(S67:S77) -> 5095.21 | J73: =Source!AT45 -> 128 | K73: =SUM(T67:T77) -> 36487.65
C74: СП от ФОТ | D74: % | E74: =Source!CA45 -> 95 | F74: =CONCATENATE(" )", Source!DM45, Source!FU45, "=", Source!FY45) -> )*0,85=80,75 | H74: =SUM(U67:U77) -> 3219.39 | J74: =Source!AU45 -> 81 | K74: =SUM(V67:V77) -> 23089.84
C75: Затраты труда | D75: чел-ч | E75: =Source!AQ45 -> 76.08 | G75: =Source!DI45 -> )*1,15 | L75: =Source!U45 -> 463.7076
A76: =Source!E47 -> 6,1 | B76: =Source!F47 -> 05.2.03.04-0008 | C76: =Source!G47 -> Камни бортовые вибропрессованные "FARBSTEIN" тротуарные, размер 1000х200х80 мм, серые | D76: =Source!H47 -> шт. | E76: =Source!I47 -> 340 | F76: =Source!AL47+Source!AM47+Source!AO47 -> 69.25 | H76: =ROUND(Source!AC47*Source!I47, 2)+ROUND(Source!AD47*Source!I47, 2)+ROUND(Source!AF47*Source!I47, 2) -> 23545 | J76: =IF(Source!BC47<> 0, Source!BC47, 1) -> 7.15 | K76: =Source!O47 -> 168346.75 | S76: =ROUND((Source!FX47/100)*((ROUND(Source!AF47*Source!I47, 2)+ROUND(Source!AE47*Source!I47, 2))), 2) -> 0 | T76: =Source!X47 -> 0 | U76: =ROUND((Source!FY47/100)*((ROUND(Source!AF47*Source!I47, 2)+ROUND(Source!AE47*Source!I47, 2))), 2) -> 0 | V76: =Source!Y47 -> 0 | W76: =IF(Source!BI47<=1,H76, 0) -> 23545 | X76: =IF(Source!BI47=2,H76, 0) -> 0 | Y76: =IF(Source!BI47=3,H76, 0) -> 0 | Z76: =IF(Source!BI47=4,H76, 0) -> 0
A77: =Source!E49 -> 6,2 | B77: =Source!F49 -> 05.2.03.04-0002 | C77: =Source!G49 -> Камни бортовые вибропрессованные "FARBSTEIN" дорожные, размер 1000х300х150 мм, серые | D77: =Source!H49 -> шт. | E77: =Source!I49 -> 190 | F77: =Source!AL49+Source!AM49+Source!AO49 -> 110.56 | H77: =ROUND(Source!AC49*Source!I49, 2)+ROUND(Source!AD49*Source!I49, 2)+ROUND(Source!AF49*Source!I49, 2) -> 21006.4 | J77: =IF(Source!BC49<> 0, Source!BC49, 1) -> 7.15 | K77: =Source!O49 -> 150195.76 | S77: =ROUND((Source!FX49/100)*((ROUND(Source!AF49*Source!I49, 2)+ROUND(Source!AE49*Source!I49, 2))), 2) -> 0 | T77: =Source!X49 -> 0 | U77: =ROUND((Source!FY49/100)*((ROUND(Source!AF49*Source!I49, 2)+ROUND(Source!AE49*Source!I49, 2))), 2) -> 0 | V77: =Source!Y49 -> 0 | W77: =IF(Source!BI49<=1,H77, 0) -> 21006.4 | X77: =IF(Source!BI49=2,H77, 0) -> 0 | Y77: =IF(Source!BI49=3,H77, 0) -> 0 | Z77: =IF(Source!BI49=4,H77, 0) -> 0
G78: =H69+H70+H72+H73+H74+SUM(H76:H77) -> 76868.18 | J78: =K69+K70+K72+K73+K74+SUM(K76:K77) -> 549735.5 | L78: =Source!U45 -> 463.7076 | O78: =G78 -> 76868.18 | P78: =J78 -> 549735.5 | Q78: =L78 -> 463.7076 | W78: =IF(Source!BI45<=1,H69+H70+H72+H73+H74, 0) -> 32316.78 | X78: =IF(Source!BI45=2,H69+H70+H72+H73+H74, 0) -> 0 | Y78: =IF(Source!BI45=3,H69+H70+H72+H73+H74, 0) -> 0 | Z78: =IF(Source!BI45=4,H69+H70+H72+H73+H74, 0) -> 0
A79: =Source!E51 -> 7 | B79: =Source!F51 -> 68-15-5 | C79: =Source!G51 -> Ремонт асфальтобетонного покрытия дорог однослойного толщиной 80 мм площадью ремонта до 5 м2 | D79: =Source!H51 -> 100 м2 | E79: =Source!I51 -> 0.12 | F79: =Source!AL51+Source!AM51+Source!AO51 -> 2446.35 | I79: =Source!BO51 | S79: =ROUND((Source!FX51/100)*((ROUND(Source!AF51*Source!I51, 2)+ROUND(Source!AE51*Source!I51, 2))), 2) -> 234.44 | T79: =Source!X51 -> 1676.2 | U79: =ROUND((Source!FY51/100)*((ROUND(Source!AF51*Source!I51, 2)+ROUND(Source!AE51*Source!I51, 2))), 2) -> 135.25 | V79: =Source!Y51 -> 967.04
C80: ="Объем: "&Source!I51&"=12/"&"100" -> Объем: 0,12=12/100
C81: Зарплата | F81: =Source!AO51 -> 1436.8 | G81: =Source!DG51 -> )*1,2 | H81: =ROUND(Source!AF51*Source!I51, 2) -> 206.9 | J81: =IF(Source!BA51<> 0, Source!BA51, 1) -> 7.15 | K81: =Source!S51 -> 1479.33 | R81: =H81 -> 206.9
C82: Эксплуатация машин | F82: =Source!AM51 -> 1009.55 | G82: =Source!DE51 -> )*1,2 | H82: =ROUND(Source!AD51*Source!I51, 2) -> 145.38 | J82: =IF(Source!BB51<> 0, Source!BB51, 1) -> 7.15 | K82: =Source!Q51 -> 1039.43
C83: в т.ч. зарплата машинистов | F83: =Source!AN51 -> 128.59 | G83: =Source!DF51 -> )*1,2 | H83: =ROUND(Source!AE51*Source!I51, 2) -> 18.52 | J83: =IF(Source!BS51<> 0, Source!BS51, 1) -> 7.15 | K83: =Source!R51 -> 132.4 | R83: =H83 -> 18.52
C84: НР от ФОТ | D84: % | E84: =Source!BZ51 -> 104 | H84: =SUM(S79:S89) -> 234.44 | J84: =Source!AT51 -> 104 | K84: =SUM(T79:T89) -> 1676.2
C85: СП от ФОТ | D85: % | E85: =Source!CA51 -> 60 | H85: =SUM(U79:U89) -> 135.25 | J85: =Source!AU51 -> 60 | K85: =SUM(V79:V89) -> 967.04
C86: Затраты труда | D86: чел-ч | E86: =Source!AQ51 -> 172.9 | G86: =Source!DI51 -> )*1,2 | L86: =Source!U51 -> 24.8976
A87: =Source!E53 -> 7,1 | B87: =Source!F53 -> 01.2.01.01-0012 | C87: =Source!G53 -> Битумы нефтяные дорожные марки БДУ-70/100, улучшенные | D87: =Source!H53 -> т | E87: =Source!I53 -> 0.0144 | F87: =Source!AL53+Source!AM53+Source!AO53 -> 2192.47 | H87: =ROUND(Source!AC53*Source!I53, 2)+ROUND(Source!AD53*Source!I53, 2)+ROUND(Source!AF53*Source!I53, 2) -> 31.57 | J87: =IF(Source!BC53<> 0, Source!BC53, 1) -> 7.15 | K87: =Source!O53 -> 225.74 | S87: =ROUND((Source!FX53/100)*((ROUND(Source!AF53*Source!I53, 2)+ROUND(Source!AE53*Source!I53, 2))), 2) -> 0 | T87: =Source!X53 -> 0 | U87: =ROUND((Source!FY53/100)*((ROUND(Source!AF53*Source!I53, 2)+ROUND(Source!AE53*Source!I53, 2))), 2) -> 0 | V87: =Source!Y53 -> 0 | W87: =IF(Source!BI53<=1,H87, 0) -> 31.57 | X87: =IF(Source!BI53=2,H87, 0) -> 0 | Y87: =IF(Source!BI53=3,H87, 0) -> 0 | Z87: =IF(Source!BI53=4,H87, 0) -> 0
A88: =Source!E55 -> 7,2 | B88: =Source!F55 -> 01.7.07.07 | C88: =Source!G55 -> Строительный мусор | D88: =Source!H55 -> т | E88: =Source!I55 -> 1.716 | F88: =Source!AL55+Source!AM55+Source!AO55 -> 0 | H88: =ROUND(Source!AC55*Source!I55, 2)+ROUND(Source!AD55*Source!I55, 2)+ROUND(Source!AF55*Source!I55, 2) -> 0 | J88: =IF(Source!BC55<> 0, Source!BC55, 1) -> 7.15 | K88: =Source!O55 -> 0 | S88: =ROUND((Source!FX55/100)*((ROUND(Source!AF55*Source!I55, 2)+ROUND(Source!AE55*Source!I55, 2))), 2) -> 0 | T88: =Source!X55 -> 0 | U88: =ROUND((Source!FY55/100)*((ROUND(Source!AF55*Source!I55, 2)+ROUND(Source!AE55*Source!I55, 2))), 2) -> 0 | V88: =Source!Y55 -> 0 | W88: =IF(Source!BI55<=1,H88, 0) -> 0 | X88: =IF(Source!BI55=2,H88, 0) -> 0 | Y88: =IF(Source!BI55=3,H88, 0) -> 0 | Z88: =IF(Source!BI55=4,H88, 0) -> 0
A89: =Source!E57 -> 7,3 | B89: =Source!F57 -> 04.2.01.04-0001 | C89: =Source!G57 -> Смеси асфальтобетонные дорожные мелкозернистые щебеночные типа Б марки 1 | D89: =Source!H57 -> т | E89: =Source!I57 -> 2.28 | F89: =Source!AL57+Source!AM57+Source!AO57 -> 460 | H89: =ROUND(Source!AC57*Source!I57, 2)+ROUND(Source!AD57*Source!I57, 2)+ROUND(Source!AF57*Source!I57, 2) -> 1048.8 | J89: =IF(Source!BC57<> 0, Source!BC57, 1) -> 7.15 | K89: =Source!O57 -> 7498.92 | S89: =ROUND((Source!FX57/100)*((ROUND(Source!AF57*Source!I57, 2)+ROUND(Source!AE57*Source!I57, 2))), 2) -> 0 | T89: =Source!X57 -> 0 | U89: =ROUND((Source!FY57/100)*((ROUND(Source!AF57*Source!I57, 2)+ROUND(Source!AE57*Source!I57, 2))), 2) -> 0 | V89: =Source!Y57 -> 0 | W89: =IF(Source!BI57<=1,H89, 0) -> 1048.8 | X89: =IF(Source!BI57=2,H89, 0) -> 0 | Y89: =IF(Source!BI57=3,H89, 0) -> 0 | Z89: =IF(Source!BI57=4,H89, 0) -> 0
G90: =H81+H82+H84+H85+SUM(H87:H89) -> 1802.34 | J90: =K81+K82+K84+K85+SUM(K87:K89) -> 12886.66 | L90: =Source!U51 -> 24.8976 | O90: =G90 -> 1802.34 | P90: =J90 -> 12886.66 | Q90: =L90 -> 24.8976 | W90: =IF(Source!BI51<=1,H81+H82+H84+H85, 0) -> 721.97 | X90: =IF(Source!BI51=2,H81+H82+H84+H85, 0) -> 0 | Y90: =IF(Source!BI51=3,H81+H82+H84+H85, 0) -> 0 | Z90: =IF(Source!BI51=4,H81+H82+H84+H85, 0) -> 0
A91: =Source!E59 -> 8 | B91: =Source!F59 -> 27-04-001-01 | C91: =Source!G59 -> Устройство подстилающих и выравнивающих слоев оснований из песка | D91: =Source!H59 -> 100 м3 | E91: =Source!I59 -> 0.21 | F91: =Source!AL59+Source!AM59+Source!AO59 -> 2281.99 | I91: =Source!BO59 | S91: =ROUND((Source!FX59/100)*((ROUND(Source!AF59*Source!I59, 2)+ROUND(Source!AE59*Source!I59, 2))), 2) -> 98.5 | T91: =Source!X59 -> 705.28 | U91: =ROUND((Source!FY59/100)*((ROUND(Source!AF59*Source!I59, 2)+ROUND(Source!AE59*Source!I59, 2))), 2) -> 62.23 | V91: =Source!Y59 -> 446.31
C92: ="Объем: "&Source!I59&"=21/"&"100" -> Объем: 0,21=21/100
C93: Зарплата | F93: =Source!AO59 -> 126.07 | G93: =Source!DG59 -> )*1,15 | H93: =ROUND(Source!AF59*Source!I59, 2) -> 30.45 | J93: =IF(Source!BA59<> 0, Source!BA59, 1) -> 7.15 | K93: =Source!S59 -> 217.69 | R93: =H93 -> 30.45
C94: Эксплуатация машин | F94: =Source!AM59 -> 2143.72 | G94: =Source!DE59 -> )*1,25 | H94: =ROUND(Source!AD59*Source!I59, 2) -> 562.73 | J94: =IF(Source!BB59<> 0, Source!BB59, 1) -> 7.15 | K94: =Source!Q59 -> 4023.49
C95: в т.ч. зарплата машинистов | F95: =Source!AN59 -> 177.59 | G95: =Source!DF59 -> )*1,25 | H95: =ROUND(Source!AE59*Source!I59, 2) -> 46.62 | J95: =IF(Source!BS59<> 0, Source!BS59, 1) -> 7.15 | K95: =Source!R59 -> 333.31 | R95: =H95 -> 46.62
C96: Материальные ресурсы | F96: =Source!AL59 -> 12.2 | G96: =Source!DD59 | H96: =ROUND(Source!AC59*Source!I59, 2) -> 2.56 | J96: =IF(Source!BC59<> 0, Source!BC59, 1) -> 7.15 | K96: =Source!P59 -> 18.32
C97: НР от ФОТ | D97: % | E97: =Source!BZ59 -> 142 | F97: =CONCATENATE(" )", Source!DL59, Source!FT59, "=", Source!FX59) -> )*0,9=127,8 | H97: =SUM(S91:S100) -> 98.5 | J97: =Source!AT59 -> 128 | K97: =SUM(T91:T100) -> 705.28
C98: СП от ФОТ | D98: % | E98: =Source!CA59 -> 95 | F98: =CONCATENATE(" )", Source!DM59, Source!FU59, "=", Source!FY59) -> )*0,85=80,75 | H98: =SUM(U91:U100) -> 62.23 | J98: =Source!AU59 -> 81 | K98: =SUM(V91:V100) -> 446.31
C99: Затраты труда | D99: чел-ч | E99: =Source!AQ59 -> 15.72 | G99: =Source!DI59 -> )*1,15 | L99: =Source!U59 -> 3.79638
A100: =Source!E61 -> 8,1 | B100: =Source!F61 -> 02.3.01.02-0002 | C100: =Source!G61 -> Песок для строительных работ | D100: =Source!H61 -> м3 | E100: =Source!I61 -> 21 | F100: =Source!AL61+Source!AM61+Source!AO61 -> 118.76 | H100: =ROUND(Source!AC61*Source!I61, 2)+ROUND(Source!AD61*Source!I61, 2)+ROUND(Source!AF61*Source!I61, 2) -> 2493.96 | J100: =IF(Source!BC61<> 0, Source!BC61, 1) -> 7.15 | K100: =Source!O61 -> 17831.81 | S100: =ROUND((Source!FX61/100)*((ROUND(Source!AF61*Source!I61, 2)+ROUND(Source!AE61*Source!I61, 2))), 2) -> 0 | T100: =Source!X61 -> 0 | U100: =ROUND((Source!FY61/100)*((ROUND(Source!AF61*Source!I61, 2)+ROUND(Source!AE61*Source!I61, 2))), 2) -> 0 | V100: =Source!Y61 -> 0 | W100: =IF(Source!BI61<=1,H100, 0) -> 2493.96 | X100: =IF(Source!BI61=2,H100, 0) -> 0 | Y100: =IF(Source!BI61=3,H100, 0) -> 0 | Z100: =IF(Source!BI61=4,H100, 0) -> 0
G101: =H93+H94+H96+H97+H98+SUM(H100:H100) -> 3250.43 | J101: =K93+K94+K96+K97+K98+SUM(K100:K100) -> 23242.9 | L101: =Source!U59 -> 3.79638 | O101: =G101 -> 3250.43 | P101: =J101 -> 23242.9 | Q101: =L101 -> 3.79638 | W101: =IF(Source!BI59<=1,H93+H94+H96+H97+H98, 0) -> 756.47 | X101: =IF(Source!BI59=2,H93+H94+H96+H97+H98, 0) -> 0 | Y101: =IF(Source!BI59=3,H93+H94+H96+H97+H98, 0) -> 0 | Z101: =IF(Source!BI59=4,H93+H94+H96+H97+H98, 0) -> 0
A102: =Source!E63 -> 9 | B102: =Source!F63 -> 27-07-002-01 | C102: =Source!G63 -> Устройство оснований толщиной 12 см под тротуары из кирпичного или известнякового щебня | D102: =Source!H63 -> 100 м2 | E102: =Source!I63 -> 0.7 | F102: =Source!AL63+Source!AM63+Source!AO63 -> 500.76 | I102: =Source!BO63 | S102: =ROUND((Source!FX63/100)*((ROUND(Source!AF63*Source!I63, 2)+ROUND(Source!AE63*Source!I63, 2))), 2) -> 267.52 | T102: =Source!X63 -> 1915.76 | U102: =ROUND((Source!FY63/100)*((ROUND(Source!AF63*Source!I63, 2)+ROUND(Source!AE63*Source!I63, 2))), 2) -> 169.03 | V102: =Source!Y63 -> 1212.32
C103: ="Объем: "&Source!I63&"=70/"&"100" -> Объем: 0,7=70/100
C104: Зарплата | F104: =Source!AO63 -> 221.99 | G104: =Source!DG63 -> )*1,15 | H104: =ROUND(Source!AF63*Source!I63, 2) -> 178.7 | J104: =IF(Source!BA63<> 0, Source!BA63, 1) -> 7.15 | K104: =Source!S63 -> 1277.72 | R104: =H104 -> 178.7
C105: Эксплуатация машин | F105: =Source!AM63 -> 273.89 | G105: =Source!DE63 -> )*1,25 | H105: =ROUND(Source!AD63*Source!I63, 2) -> 239.65 | J105: =IF(Source!BB63<> 0, Source!BB63, 1) -> 7.15 | K105: =Source!Q63 -> 1713.52
...

Sheet Source
A1: 0 | B1: Smeta.RU (495) 974-1589 | D1: _PS_ | F1: 0 | G1: 0 | H1: 0 | I1: Smeta.RU | J1: НИЯУ МИФИ Доп. раб. место MCCS-0016187 | K1: 0 | L1: 16187 | M1: 10
A12: 1 | B12: 214 | C12: 0 | D12: =ROW(A153) -> 153 | E12: 0 | F12: Новый объект | G12: На ремонт дворового проезда и пешеходных дорожек территории, прилегающей к общежитиям НИЯУ МИФИ по адресу: г. Москва, ул. Москваречье, д. 19, к. 3, к. 4 | I12: 0 | K12: 0 | O12: 0 | P12: 0 | Q12: 0 | R12: 0 | S12: 0 | V12: 0 | BH12: Сметные нормы списания | BI12: Коды ценников | BJ12: 1 | BK12: 1 | BL12: 0 | BM12: 0 | BN12: 1 | BO12: 0 | BP12: 6 | BQ12: 2 | BR12: 1 | BS12: 1 | BT12: 0 | BU12: 0 | BV12: 1 | BW12: 0 | BX12: 0 | BY12: ФЕР-2017 | BZ12: ТР для Версии 10: Центральные регионы (с учетом п-ма 2536-ИП/12/ГС от 22.03.2017 г | CA12: ФЕР-2017 | CB12: ФЕР-2017 | CC12: ФЕР-2017 | CD12: ФЕР-2017 | CE12: Поправки для ГСН 2017 от 31.03.2017 г | CF12: 0 | CG12: 0 | CH12: 524288 | CK12: 0 | EC12: 0
A15: 15 | B15: 1
A18: 52 | B18: =B153 -> 214 | C18: =C153 -> 1 | D18: =D153 -> 12 | E18: =E153 -> 0 | F18: =F153 -> Новый объект | G18: =G153 -> На ремонт дворового проезда и пешеходных дорожек территории, прилегающей к общежитиям НИЯУ МИФИ по адресу: г. Москва, ул. Москваречье, д. 19, к. 3, к. 4 | O18: =O153 -> 184768.87 | P18: =P153 -> 158633.95 | Q18: =Q153 -> 14176.9 | R18: =R153 -> 1450.32 | S18: =S153 -> 11958.02 | T18: =T153 -> 0 | U18: =U153 -> 1421.9169 | V18: =V153 -> 125.34103 | ... GX18: =GX153 -> 0
A20: 3 | B20: 1 | D20: =ROW(A121) -> 121 | F20: Новая локальная смета | G20: Новая локальная смета | I20: 0 | K20: 0 | V20: 0 | BX20: 0 | CF20: 0 | CG20: 0
A22: 52 | B22: =B121 -> 1 | C22: =C121 -> 3 | D22: =D121 -> 20 | E22: =E121 -> 0 | F22: =F121 -> Новая локальная смета | G22: =G121 -> Новая локальная смета | O22: =O121 -> 184768.87 | P22: =P121 -> 158633.95 | Q22: =Q121 -> 14176.9 | R22: =R121 -> 1450.32 | S22: =S121 -> 11958.02 | T22: =T121 -> 0 | U22: =U121 -> 1421.9169 | V22: =V121 -> 125.34103 | ... GX22: =GX121 -> 0
A24: 17 | B24: 1 | C24: =ROW(SmtRes!A9) -> 9 | D24: =ROW(EtalonRes!A11) -> 11 | F24: 27-09-008-01 | G24: Демонтаж дорожных знаков бесфундаментных на металлических стойках | H24: 100 ШТ | I24: =ROUND(10/100,9) -> 0.1 | J24: 0 | O24: =ROUND(CP24,2) -> 406.62 | P24: =ROUND(CQ24*I24,2) -> 0 | Q24: =ROUND(CR24*I24,2) -> 188.8 | R24: =ROUND(CS24*I24,2) -> 17.77 | S24: =ROUND(CT24*I24,2) -> 217.82 | T24: =ROUND(CU24*I24,2) -> 0 | U24: =CV24*I24 -> 25.536 | V24: =CW24*I24 -> 1.1403 | W24: =ROUND(CX24*I24,2) -> 0 | X24: =ROUND(CY24,2) -> 301.56 | Y24: =ROUND(CZ24,2) -> 190.83 | AA24: -1 | AB24: =ROUND((AC24+AD24+AF24),6) -> 4066.188 | AC24: =ROUND(((ES24*0)),6) -> 0 | AD24: =ROUND(((((ET24*0.7))-((EU24*0.7)))+AE24),6) -> 1887.97 | AE24: =ROUND(((EU24*0.7)),6) -> 177.709 | AF24: =ROUND(((EV24*0.7)),6) -> 2178.218 | AG24: =ROUND((AP24),6) -> 0 | AH24: =((EW24*0.7)) -> 255.36 | AI24: =((EX24*0.7)) -> 11.403 | AJ24: =ROUND((AS24),6) -> 0 | AK24: 7516.31 | AL24: 1707.47 | AM24: 2697.1 | AN24: 253.87 | AO24: 3111.74 | AP24: 0 | AQ24: 364.8 | AR24: 16.29 | AS24: 0 | AT24: 128 | AU24: 81 | AV24: 1 | AW24: 1 | AZ24: 1 | BA24: 1 | BB24: 1 | BC24: 1 | BH24: 0 | BI24: 1 | BJ24: ФЕР-2001, 27-09-008-01, приказ Минстроя России №1039/пр от 30.12.2016г. | BM24: 27001 | BN24: 0 | BP24: 0 | BQ24: 2 | BR24: 0 | BS24: 1 | BT24: 1 | BU24: 1 | BV24: 1 | BW24: 1 | BX24: 1 | BZ24: 142 | CA24: 95 | CF24: 0 | CG24: 0 | CM24: 0 | CN24: Поправка: МДС 81-36.2004, п.3.3.1.д Наименование: При демонтаже металлических конструкций | CO24: 0 | CP24: =(P24+Q24+S24) -> 406.62 | CQ24: =AC24*BC24 -> 0 | CR24: =AD24*BB24 -> 1887.97 | CS24: =AE24*BS24 -> 177.709 | CT24: =AF24*BA24 -> 2178.218 | CU24: =AG24 -> 0 | CV24: =AH24 -> 255.36 | CW24: =AI24 -> 11.403 | CX24: =AJ24 -> 0 | CY24: =(((S24+R24)*AT24)/100) -> 301.5552 | CZ24: =(((S24+R24)*AU24)/100) -> 190.8279 | DD24: )*0 | DE24: )*0,7 | DF24: )*0,7 | DG24: )*0,7 | DI24: )*0,7 | DJ24: )*0,7 | DN24: 0 | DO24: 0 | DP24: 1 | DQ24: 1 | DU24: 1013 | DV24: 100 ШТ | DW24: 100 ШТ | DX24: 1 | EE24: 26549101 | EF24: 2 | EG24: Общестроительные работы | EH24: 0 | EJ24: 1 | EK24: 27001 | EL24: Автомобильные дороги | EM24: ФЕР-27 | EO24: Поправка: МДС 81-36.2004, п.3.3.1.д | EQ24: 1024 | ER24: 7516.31 | ES24: 1707.47 | ET24: 2697.1 | EU24: 253.87 | EV24: 3111.74 | EW24: 364.8 | EX24: 16.29 | EY24: 0 | FQ24: 0 | FR24: =ROUND(IF(AND(BH24=3,BI24=3),P24,0),2) -> 0 | FS24: 0 | FT24: *0,9 | FU24: *0,85 | FX24: 127.8 | FY24: 80.75 | GD24: 0 | GF24: 209638013 | GG24: 2 | GH24: 1 | GI24: -2 | GJ24: 0 | GK24: =ROUND(R24*(R12)/100,2) -> 0 | GL24: =ROUND(IF(AND(BH24=3,BI24=3,FS24<>0),P24,0),2) -> 0 | GM24: =ROUND(O24+X24+Y24+GK24,2)+GX24 -> 899.01 | GN24: =IF(OR(BI24=0,BI24=1),ROUND(O24+X24+Y24+GK24,2),0) -> 899.01 | GO24: =IF(BI24=2,ROUND(O24+X24+Y24+GK24,2),0) -> 0 | GP24: =IF(BI24=4,ROUND(O24+X24+Y24+GK24,2)+GX24,0) -> 0 | GR24: 0 | GS24: 3 | GT24: 0 | GV24: =ROUND(GT24,6) -> 0 | GW24: 1 | GX24: =ROUND(GV24*GW24*I24,2) -> 0 | HA24: 0 | HB24: 0 | IK24: 0
A25: 17 | B25: 1 | C25: =ROW(SmtRes!A18) -> 18 | D25: =ROW(EtalonRes!A22) -> 22 | F25: 27-09-008-01 | G25: Демонтаж дорожных знаков бесфундаментных на металлических стойках | H25: 100 ШТ | I25: =ROUND(10/100,9) -> 0.1 | J25: 0 | O25: =ROUND(CP25,2) -> 2907.33 | P25: =ROUND(CQ25*I25,2) -> 0 | Q25: =ROUND(CR25*I25,2) -> 1349.9 | R25: =ROUND(CS25*I25,2) -> 127.06 | S25: =ROUND(CT25*I25,2) -> 1557.43 | T25: =ROUND(CU25*I25,2) -> 0 | U25: =CV25*I25 -> 25.536 | V25: =CW25*I25 -> 1.1403 | W25: =ROUND(CX25*I25,2) -> 0 | X25: =ROUND(CY25,2) -> 2156.15 | Y25: =ROUND(CZ25,2) -> 1364.44 | AA25: -1 | AB25: =ROUND((AC25+AD25+AF25),6) -> 4066.188 | AC25: =ROUND(((ES25*0)),6) -> 0 | AD25: =ROUND(((((ET25*0.7))-((EU25*0.7)))+AE25),6) -> 1887.97 | AE25: =ROUND(((EU25*0.7)),6) -> 177.709 | AF25: =ROUND(((EV25*0.7)),6) -> 2178.218 | AG25: =ROUND((AP25),6) -> 0 | AH25: =((EW25*0.7)) -> 255.36 | AI25: =((EX25*0.7)) -> 11.403 | AJ25: =ROUND((AS25),6) -> 0 | AK25: 7516.31 | AL25: 1707.47 | AM25: 2697.1 | AN25: 253.87 | AO25: 3111.74 | AP25: 0 | AQ25: 364.8 | AR25: 16.29 | AS25: 0 | AT25: 128 | AU25: 81 | AV25: 1 | AW25: 1 | AZ25: 7.15 | BA25: 7.15 | BB25: 7.15 | BC25: 7.15 | BH25: 0 | BI25: 1 | BJ25: ФЕР-2001, 27-09-008-01, приказ Минстроя России №1039/пр от 30.12.2016г. | BM25: 27001 | BN25: 0 | BP25: 0 | BQ25: 2 | BR25: 0 | BS25: 7.15 | BT25: 1 | BU25: 1 | BV25: 1 | BW25: 1 | BX25: 1 | BZ25: 142 | CA25: 95 | CF25: 0 | CG25: 0 | CM25: 0 | CN25: Поправка: МДС 81-36.2004, п.3.3.1.д Наименование: При демонтаже металлических конструкций | CO25: 0 | CP25: =(P25+Q25+S25) -> 2907.33 | CQ25: =AC25*BC25 -> 0 | CR25: =AD25*BB25 -> 13498.986 | CS25: =AE25*BS25 -> 1270.6194 | CT25: =AF25*BA25 -> 15574.259 | CU25: =AG25 -> 0 | CV25: =AH25 -> 255.36 | CW25: =AI25 -> 11.403 | CX25: =AJ25 -> 0 | CY25: =(((S25+R25)*AT25)/100) -> 2156.1472 | CZ25: =(((S25+R25)*AU25)/100) -> 1364.4369 | DD25: )*0 | DE25: )*0,7 | DF25: )*0,7 | DG25: )*0,7 | DI25: )*0,7 | DJ25: )*0,7 | DN25: 0 | DO25: 0 | DP25: 1 | DQ25: 1 | DU25: 1013 | DV25: 100 ШТ | DW25: 100 ШТ | DX25: 1 | EE25: 26549101 | EF25: 2 | EG25: Общестроительные работы | EH25: 0 | EJ25: 1 | EK25: 27001 | EL25: Автомобильные дороги | EM25: ФЕР-27 | EO25: Поправка: МДС 81-36.2004, п.3.3.1.д | EQ25: 1024 | ER25: 7516.31 | ES25: 1707.47 | ET25: 2697.1 | EU25: 253.87 | EV25: 3111.74 | EW25: 364.8 | EX25: 16.29 | EY25: 0 | FQ25: 0 | FR25: =ROUND(IF(AND(BH25=3,BI25=3),P25,0),2) -> 0 | FS25: 0 | FT25: *0,9 | FU25: *0,85 | FX25: 127.8 | FY25: 80.75 | GD25: 0 | GF25: 209638013 | GG25: 1 | GH25: 1 | GI25: 4 | GJ25: 0 | GK25: =ROUND(R25*(S12)/100,2) -> 0 | GL25: =ROUND(IF(AND(BH25=3,BI25=3,FS25<>0),P25,0),2) -> 0 | GM25: =ROUND(O25+X25+Y25+GK25,2)+GX25 -> 6427.92 | GN25: =IF(OR(BI25=0,BI25=1),ROUND(O25+X25+Y25+GK25,2),0) -> 6427.92 | GO25: =IF(BI25=2,ROUND(O25+X25+Y25+GK25,2),0) -> 0 | GP25: =IF(BI25=4,ROUND(O25+X25+Y25+GK25,2)+GX25,0) -> 0 | GR25: 0 | GS25: 3 | GT25: 0 | GV25: =ROUND(GT25,6) -> 0 | GW25: 1 | GX25: =ROUND(GV25*GW25*I25,2) -> 0 | HA25: 0 | HB25: 0 | IK25: 0
A26: 17 | B26: 1 | C26: =ROW(SmtRes!A22) -> 22 | D26: =ROW(EtalonRes!A26) -> 26 | E26: 1 | F26: 68-14-1 | G26: Разборка бортовых камней на бетонном основании | H26: 100 м | I26: =ROUND(440/100,9) -> 4.4 | J26: 0 | O26: =ROUND(CP26,2) -> 7808.7 | P26: =ROUND(CQ26*I26,2) -> 0 | Q26: =ROUND(CR26*I26,2) -> 4694.71 | R26: =ROUND(CS26*I26,2) -> 499.28 | S26: =ROUND(CT26*I26,2) -> 3113.99 | T26: =ROUND(CU26*I26,2) -> 0 | U26: =CV26*I26 -> 360.4128 | V26: =CW26*I26 -> 49.632 | W26: =ROUND(CX26*I26,2) -> 0 | X26: =ROUND(CY26,2) -> 3757.8 | Y26: =ROUND(CZ26,2) -> 2167.96 | AA26: 26812436 | AB26: =ROUND((AC26+AD26+AF26),6) -> 1774.704 | AC26: =ROUND((ES26),6) -> 0 | AD26: =ROUND(((((ET26*1.2))-((EU26*1.2)))+AE26),6) -> 1066.98 | AE26: =ROUND(((EU26*1.2)),6) -> 113.472 | AF26: =ROUND(((EV26*1.2)),6) -> 707.724 | AG26: =ROUND((AP26),6) -> 0 | AH26: =((EW26*1.2)) -> 81.912 | AI26: =((EX26*1.2)) -> 11.28 | AJ26: =ROUND((AS26),6) -> 0 | AK26: 1478.92 | AL26: 0 | AM26: 889.15 | AN26: 94.56 | AO26: 589.77 | AP26: 0 | AQ26: 68.26 | AR26: 9.4 | AS26: 0 | AT26: 104 | AU26: 60 | AV26: 1 | AW26: 1 | AZ26: 1 | BA26: 1 | BB26: 1 | BC26: 1 | BH26: 0 | BI26: 1 | BJ26: ФЕР-2001, 68-14-1, приказ Минстроя России №1039/пр от 30.12.2016г. | BM26: 68001 | BN26: 0 | BP26: 0 | BQ26: 6 | BR26: 0 | BS26: 1 | BT26: 1 | BU26: 1 | BV26: 1 | BW26: 1 | BX26: 1 | BZ26: 104 | CA26: 60 | CF26: 0 | CG26: 0 | CM26: 0 | CN26: Поправка: Сб.№68, п.1.68.3 Наименование: Работы по ремонту дорожных оснований и покрытий в условиях непрекрекращающегося движения транспорта определяется по расценкам соответствующих таблиц | CO26: 0 | CP26: =(P26+Q26+S26) -> 7808.7 | CQ26: =AC26*BC26 -> 0 | CR26: =AD26*BB26 -> 1066.98 | CS26: =AE26*BS26 -> 113.472 | CT26: =AF26*BA26 -> 707.724 | CU26: =AG26 -> 0 | CV26: =AH26 -> 81.912 | CW26: =AI26 -> 11.28 | CX26: =AJ26 -> 0 | CY26: =(((S26+R26)*AT26)/100) -> 3757.8008 | CZ26: =(((S26+R26)*AU26)/100) -> 2167.962 | DE26: )*1,2 | DF26: )*1,2 | DG26: )*1,2 | DI26: )*1,2 | DJ26: )*1,2 | DN26: 0 | DO26: 0 | DP26: 1 | DQ26: 1 | DU26: 1003 | DV26: 100 м | DW26: 100 м | DX26: 100 | EE26: 26549186 | EF26: 6 | EG26: Ремонтно-строительные работы | EH26: 0 | EJ26: 1 | EK26: 68001 | EL26: Благоустройство | EM26: рФЕР-68 | EO26: Поправка: Сб.№68, п.1.68.3 | EQ26: 0 | ER26: 1478.92 | ES26: 0 | ET26: 889.15 | EU26: 94.56 | EV26: 589.77 | EW26: 68.26 | EX26: 9.4 | EY26: 0 | FQ26: 0 | FR26: =ROUND(IF(AND(BH26=3,BI26=3),P26,0),2) -> 0 | FS26: 0 | FX26: 104 | FY26: 60 | GD26: 0 | GF26: 882829187 | GG26: 2 | GH26: 1 | GI26: -2 | GJ26: 0 | GK26: =ROUND(R26*(R12)/100,2) -> 0 | GL26: =ROUND(IF(AND(BH26=3,BI26=3,FS26<>0),P26,0),2) -> 0 | GM26: =ROUND(O26+X26+Y26+GK26,2)+GX26 -> 13734.46 | GN26: =IF(OR(BI26=0,BI26=1),ROUND(O26+X26+Y26+GK26,2),0) -> 13734.46 | GO26: =IF(BI26=2,ROUND(O26+X26+Y26+GK26,2),0) -> 0 | GP26: =IF(BI26=4,ROUND(O26+X26+Y26+GK26,2)+GX26,0) -> 0 | GR26: 0 | GS26: 3 | GT26: 0 | GV26: =ROUND(GT26,6) -> 0 | GW26: 1 | GX26: =ROUND(GV26*GW26*I26,2) -> 0 | HA26: 0 | HB26: 0 | IK26: 0
A27: 17 | B27: 1 | C27: =ROW(SmtRes!A26) -> 26 | D27: =ROW(EtalonRes!A30) -> 30 | E27: 1 | F27: 68-14-1 | G27: Разборка бортовых камней на бетонном основании | H27: 100 м | I27: =ROUND(440/100,9) -> 4.4 | J27: 0 | O27: =ROUND(CP27,2) -> 55832.19 | P27: =ROUND(CQ27*I27,2) -> 0 | Q27: =ROUND(CR27*I27,2) -> 33567.19 | R27: =ROUND(CS27*I27,2) -> 3569.83 | S27: =ROUND(CT27*I27,2) -> 22265 | T27: =ROUND(CU27*I27,2) -> 0 | U27: =CV27*I27 -> 360.4128 | V27: =CW27*I27 -> 49.632 | W27: =ROUND(CX27*I27,2) -> 0 | X27: =ROUND(CY27,2) -> 26868.22 | Y27: =ROUND(CZ27,2) -> 15500.9 | AA27: 26812450 | AB27: =ROUND((AC27+AD27+AF27),6) -> 1774.704 | AC27: =ROUND((ES27),6) -> 0 | AD27: =ROUND(((((ET27*1.2))-((EU27*1.2)))+AE27),6) -> 1066.98 | AE27: =ROUND(((EU27*1.2)),6) -> 113.472 | AF27: =ROUND(((EV27*1.2)),6) -> 707.724 | AG27: =ROUND((AP27),6) -> 0 | AH27: =((EW27*1.2)) -> 81.912 | AI27: =((EX27*1.2)) -> 11.28 | AJ27: =ROUND((AS27),6) -> 0 | AK27: 1478.92 | AL27: 0 | AM27: 889.15 | AN27: 94.56 | AO27: 589.77 | AP27: 0 | AQ27: 68.26 | AR27: 9.4 | AS27: 0 | AT27: 104 | AU27: 60 | AV27: 1 | AW27: 1 | AZ27: 7.15 | BA27: 7.15 | BB27: 7.15 | BC27: 7.15 | BH27: 0 | BI27: 1 | BJ27: ФЕР-2001, 68-14-1, приказ Минстроя России №1039/пр от 30.12.2016г. | BM27: 68001 | BN27: 0 | BP27: 0 | BQ27: 6 | BR27: 0 | BS27: 7.15 | BT27: 1 | BU27: 1 | BV27: 1 | BW27: 1 | BX27: 1 | BZ27: 104 | CA27: 60 | CF27: 0 | CG27: 0 | CM27: 0 | CN27: Поправка: Сб.№68, п.1.68.3 Наименование: Работы по ремонту дорожных оснований и покрытий в условиях непрекрекращающегося движения транспорта определяется по расценкам соответствующих таблиц | CO27: 0 | CP27: =(P27+Q27+S27) -> 55832.19 | CQ27: =AC27*BC27 -> 0 | CR27: =AD27*BB27 -> 7628.907 | CS27: =AE27*BS27 -> 811.3248 | CT27: =AF27*BA27 -> 5060.2266 | CU27: =AG27 -> 0 | CV27: =AH27 -> 81.912 | CW27: =AI27 -> 11.28 | CX27: =AJ27 -> 0 | CY27: =(((S27+R27)*AT27)/100) -> 26868.223 | CZ27: =(((S27+R27)*AU27)/100) -> 15500.898 | DE27: )*1,2 | DF27: )*1,2 | DG27: )*1,2 | DI27: )*1,2 | DJ27: )*1,2 | DN27: 0 | DO27: 0 | DP27: 1 | DQ27: 1 | DU27: 1003 | DV27: 100 м | DW27: 100 м | DX27: 100 | EE27: 26549186 | EF27: 6 | EG27: Ремонтно-строительные работы | EH27: 0 | EJ27: 1 | EK27: 68001 | EL27: Благоустройство | EM27: рФЕР-68 | EO27: Поправка: Сб.№68, п.1.68.3 | EQ27: 0 | ER27: 1478.92 | ES27: 0 | ET27: 889.15 | EU27: 94.56 | EV27: 589.77 | EW27: 68.26 | EX27: 9.4 | EY27: 0 | FQ27: 0 | FR27: =ROUND(IF(AND(BH27=3,BI27=3),P27,0),2) -> 0 | FS27: 0 | FX27: 104 | FY27: 60 | GD27: 0 | GF27: 882829187 | GG27: 1 | GH27: 1 | GI27: 4 | GJ27: 0 | GK27: =ROUND(R27*(S12)/100,2) -> 0 | GL27: =ROUND(IF(AND(BH27=3,BI27=3,FS27<>0),P27,0),2) -> 0 | GM27: =ROUND(O27+X27+Y27+GK27,2)+GX27 -> 98201.31 | GN27: =IF(OR(BI27=0,BI27=1),ROUND(O27+X27+Y27+GK27,2),0) -> 98201.31 | GO27: =IF(BI27=2,ROUND(O27+X27+Y27+GK27,2),0) -> 0 | GP27: =IF(BI27=4,ROUND(O27+X27+Y27+GK27,2)+GX27,0) -> 0 | GR27: 0 | GS27: 3 | GT27: 0 | GV27: =ROUND(GT27,6) -> 0 | GW27: 1 | GX27: =ROUND(GV27*GW27*I27,2) -> 0 | HA27: 0 | HB27: 0 | IK27: 0
A28: 17 | B28: 1 | C28: =ROW(SmtRes!A40) -> 40 | D28: =ROW(EtalonRes!A44) -> 44 | E28: 2 | F28: 27-06-008-01 | G28: Устройство шва-стыка в асфальтобетонном покрытии | H28: 100 м | I28: =ROUND(16/100,9) -> 0.16 | J28: 0 | O28: =ROUND(CP28,2) -> 299.49 | P28: =ROUND(CQ28*I28,2) -> 20.87 | Q28: =ROUND(CR28*I28,2) -> 245.71 | R28: =ROUND(CS28*I28,2) -> 10.39 | S28: =ROUND(CT28*I28,2) -> 32.91 | T28: =ROUND(CU28*I28,2) -> 0 | U28: =CV28*I28 -> 4.02776 | V28: =CW28*I28 -> 0.904 | W28: =ROUND(CX28*I28,2) -> 0 | X28: =ROUND(CY28,2) -> 55.42 | Y28: =ROUND(CZ28,2) -> 35.07 | AA28: 26812436 | AB28: =ROUND((AC28+AD28+AF28),6) -> 1871.8185 | AC28: =ROUND((ES28),6) -> 130.44 | AD28: =ROUND(((((ET28*1.25))-((EU28*1.25)))+AE28),6) -> 1535.7125 | AE28: =ROUND(((EU28*1.25)),6) -> 64.925 | AF28: =ROUND(((EV28*1.15)),6) -> 205.666 | AG28: =ROUND((AP28),6) -> 0 | AH28: =((EW28*1.15)) -> 25.1735 | AI28: =((EX28*1.25)) -> 5.65 | AJ28: =ROUND((AS28),6) -> 0 | AK28: 1537.85 | AL28: 130.44 | AM28: 1228.57 | AN28: 51.94 | AO28: 178.84 | AP28: 0 | AQ28: 21.89 | AR28: 4.52 | AS28: 0 | AT28: 128 | AU28: 81 | AV28: 1 | AW28: 1 | AZ28: 1 | BA28: 1 | BB28: 1 | BC28: 1 | BH28: 0 | BI28: 1 | BJ28: ФЕР-2001, 27-06-008-01, приказ Минстроя России №1039/пр от 30.12.2016г. | BM28: 27001 | BN28: 0 | BP28: 0 | BQ28: 2 | BR28: 0 | BS28: 1 | BT28: 1 | BU28: 1 | BV28: 1 | BW28: 1 | BX28: 1 | BZ28: 142 | CA28: 95 | CF28: 0 | CG28: 0 | CM28: 0 | CN28: Поправка: МДС 81-35.2004, п.4.7 Наименование: Работы, выполняемые при реконструкции зданий и сооружений работы, аналогичные технологическим процессам в новом строительстве (в том числе возведение новых конструктивных элементов) стоимость которых определена по соответствующим сборникам ФЕР, кроме сборника № 46 «Работы при реконструкции зданий и сооружений» | CO28: 0 | CP28: =(P28+Q28+S28) -> 299.49 | CQ28: =AC28*BC28 -> 130.44 | CR28: =AD28*BB28 -> 1535.7125 | CS28: =AE28*BS28 -> 64.925 | CT28: =AF28*BA28 -> 205.666 | CU28: =AG28 -> 0 | CV28: =AH28 -> 25.1735 | CW28: =AI28 -> 5.65 | CX28: =AJ28 -> 0 | CY28: =(((S28+R28)*AT28)/100) -> 55.424 | CZ28: =(((S28+R28)*AU28)/100) -> 35.073 | DE28: )*1,25 | DF28: )*1,25 | DG28: )*1,15 | DI28: )*1,15 | DJ28: )*1,25 | DN28: 0 | DO28: 0 | DP28: 1 | DQ28: 1 | DU28: 1003 | DV28: 100 м | DW28: 100 м | DX28: 100 | EE28: 26549101 | EF28: 2 | EG28: Общестроительные работы | EH28: 0 | EJ28: 1 | EK28: 27001 | EL28: Автомобильные дороги | EM28: ФЕР-27 | EO28: Поправка: МДС 81-35.2004, п.4.7 | EQ28: 0 | ER28: 1537.85 | ES28: 130.44 | ET28: 1228.57 | EU28: 51.94 | EV28: 178.84 | EW28: 21.89 | EX28: 4.52 | EY28: 0 | FQ28: 0 | FR28: =ROUND(IF(AND(BH28=3,BI28=3),P28,0),2) -> 0 | FS28: 0 | FT28: *0,9 | FU28: *0,85 | FX28: 127.8 | FY28: 80.75 | GD28: 0 | GF28: -942180140 | GG28: 2 | GH28: 1 | GI28: -2 | GJ28: 0 | GK28: =ROUND(R28*(R12)/100,2) -> 0 | GL28: =ROUND(IF(AND(BH28=3,BI28=3,FS28<>0),P28,0),2) -> 0 | GM28: =ROUND(O28+X28+Y28+GK28,2)+GX28 -> 389.98 | GN28: =IF(OR(BI28=0,BI28=1),ROUND(O28+X28+Y28+GK28,2),0) -> 389.98 | GO28: =IF(BI28=2,ROUND(O28+X28+Y28+GK28,2),0) -> 0 | GP28: =IF(BI28=4,ROUND(O28+X28+Y28+GK28,2)+GX28,0) -> 0 | GR28: 0 | GS28: 3 | GT28: 0 | GV28: =ROUND(GT28,6) -> 0 | GW28: 1 | GX28: =ROUND(GV28*GW28*I28,2) -> 0 | HA28: 0 | HB28: 0 | IK28: 0
A29: 17 | B29: 1 | C29: =ROW(SmtRes!A54) -> 54 | D29: =ROW(EtalonRes!A58) -> 58 | E29: 2 | F29: 27-06-008-01 | G29: Устройство шва-стыка в асфальтобетонном покрытии | H29: 100 м | I29: =ROUND(16/100,9) -> 0.16 | J29: 0 | O29: =ROUND(CP29,2) -> 2141.36 | P29: =ROUND(CQ29*I29,2) -> 149.22 | Q29: =ROUND(CR29*I29,2) -> 1756.86 | R29: =ROUND(CS29*I29,2) -> 74.27 | S29: =ROUND(CT29*I29,2) -> 235.28 | T29: =ROUND(CU29*I29,2) -> 0 | U29: =CV29*I29 -> 4.02776 | V29: =CW29*I29 -> 0.904 | W29: =ROUND(CX29*I29,2) -> 0 | X29: =ROUND(CY29,2) -> 396.22 | Y29: =ROUND(CZ29,2) -> 250.74 | AA29: 26812450 | AB29: =ROUND((AC29+AD29+AF29),6) -> 1871.8185 | AC29: =ROUND((ES29),6) -> 130.44 | AD29: =ROUND(((((ET29*1.25))-((EU29*1.25)))+AE29),6) -> 1535.7125 | AE29: =ROUND(((EU29*1.25)),6) -> 64.925 | AF29: =ROUND(((EV29*1.15)),6) -> 205.666 | AG29: =ROUND((AP29),6) -> 0 | AH29: =((EW29*1.15)) -> 25.1735 | AI29: =((EX29*1.25)) -> 5.65 | AJ29: =ROUND((AS29),6) -> 0 | AK29: 1537.85 | AL29: 130.44 | AM29: 1228.57 | AN29: 51.94 | AO29: 178.84 | AP29: 0 | AQ29: 21.89 | AR29: 4.52 | AS29: 0 | AT29: 128 | AU29: 81 | AV29: 1 | AW29: 1 | AZ29: 7.15 | BA29: 7.15 | BB29: 7.15 | BC29: 7.15 | BH29: 0 | BI29: 1 | BJ29: ФЕР-2001, 27-06-008-01, приказ Минстроя России №1039/пр от 30.12.2016г. | BM29: 27001 | BN29: 0 | BP29: 0 | BQ29: 2 | BR29: 0 | BS29: 7.15 | BT29: 1 | BU29: 1 | BV29: 1 | BW29: 1 | BX29: 1 | BZ29: 142 | CA29: 95 | CF29: 0 | CG29: 0 | CM29: 0 | CN29: Поправка: МДС 81-35.2004, п.4.7 Наименование: Работы, выполняемые при реконструкции зданий и сооружений работы, аналогичные технологическим процессам в новом строительстве (в том числе возведение новых конструктивных элементов) стоимость которых определена по соответствующим сборникам ФЕР, кроме сборника № 46 «Работы при реконструкции зданий и сооружений» | CO29: 0 | CP29: =(P29+Q29+S29) -> 2141.36 | CQ29: =AC29*BC29 -> 932.646 | CR29: =AD29*BB29 -> 10980.344 | CS29: =AE29*BS29 -> 464.21375 | CT29: =AF29*BA29 -> 1470.5119 | CU29: =AG29 -> 0 | CV29: =AH29 -> 25.1735 | CW29: =AI29 -> 5.65 | CX29: =AJ29 -> 0 | CY29: =(((S29+R29)*AT29)/100) -> 396.224 | CZ29: =(((S29+R29)*AU29)/100) -> 250.7355 | DE29: )*1,25 | DF29: )*1,25 | DG29: )*1,15 | DI29: )*1,15 | DJ29: )*1,25 | DN29: 0 | DO29: 0 | DP29: 1 | DQ29: 1 | DU29: 1003 | DV29: 100 м | DW29: 100 м | DX29: 100 | EE29: 26549101 | EF29: 2 | EG29: Общестроительные работы | EH29: 0 | EJ29: 1 | EK29: 27001 | EL29: Автомобильные дороги | EM29: ФЕР-27 | EO29: Поправка: МДС 81-35.2004, п.4.7 | EQ29: 0 | ER29: 1537.85 | ES29: 130.44 | ET29: 1228.57 | EU29: 51.94 | EV29: 178.84 | EW29: 21.89 | EX29: 4.52 | EY29: 0 | FQ29: 0 | FR29: =ROUND(IF(AND(BH29=3,BI29=3),P29,0),2) -> 0 | FS29: 0 | FT29: *0,9 | FU29: *0,85 | FX29: 127.8 | FY29: 80.75 | GD29: 0 | GF29: -942180140 | GG29: 1 | GH29: 1 | GI29: 4 | GJ29: 0 | GK29: =ROUND(R29*(S12)/100,2) -> 0 | GL29: =ROUND(IF(AND(BH29=3,BI29=3,FS29<>0),P29,0),2) -> 0 | GM29: =ROUND(O29+X29+Y29+GK29,2)+GX29 -> 2788.32 | GN29: =IF(OR(BI29=0,BI29=1),ROUND(O29+X29+Y29+GK29,2),0) -> 2788.32 | GO29: =IF(BI29=2,ROUND(O29+X29+Y29+GK29,2),0) -> 0 | GP29: =IF(BI29=4,ROUND(O29+X29+Y29+GK29,2)+GX29,0) -> 0 | GR29: 0 | GS29: 3 | GT29: 0 | GV29: =ROUND(GT29,6) -> 0 | GW29: 1 | GX29: =ROUND(GV29*GW29*I29,2) -> 0 | HA29: 0 | HB29: 0 | IK29: 0
A30: 18 | B30: 1 | C30: 39 | E30: 2,1 | F30: 01.7.07.26-0033 | G30: Шнур полиуретановый | H30: 10 м | I30: =I28*J30 -> 1.6 | J30: 10 | O30: =ROUND(CP30,2) -> 26.88 | P30: =ROUND(CQ30*I30,2) -> 26.88 | Q30: =ROUND(CR30*I30,2) -> 0 | R30: =ROUND(CS30*I30,2) -> 0 | S30: =ROUND(CT30*I30,2) -> 0 | T30: =ROUND(CU30*I30,2) -> 0 | U30: =CV30*I30 -> 0 | V30: =CW30*I30 -> 0 | W30: =ROUND(CX30*I30,2) -> 0 | X30: =ROUND(CY30,2) -> 0 | Y30: =ROUND(CZ30,2) -> 0 | AA30: 26812436 | AB30: =ROUND((AC30+AD30+AF30),6) -> 16.8 | AC30: =ROUND((ES30),6) -> 16.8 | AD30: =ROUND((((ET30)-(EU30))+AE30),6) -> 0 | AE30: =ROUND((EU30),6) -> 0 | AF30: =ROUND((EV30),6) -> 0 | AG30: =ROUND((AP30),6) -> 0 | AH30: =(EW30) -> 0 | AI30: =(EX30) -> 0 | AJ30: =ROUND((AS30),6) -> 0 | AK30: 16.8 | AL30: 16.8 | AM30: 0 | AN30: 0 | AO30: 0 | AP30: 0 | AQ30: 0 | AR30: 0 | AS30: 0 | AT30: 128 | AU30: 81 | AV30: 1 | AW30: 1 | AZ30: 1 | BA30: 1 | BB30: 1 | BC30: 1 | BH30: 3 | BI30: 1 | BJ30: ФССЦ-2001, 01.7.07.26-0033, приказ Минстроя России №1039/пр от 30.12.2016г. | BM30: 27001 | BN30: 0 | BP30: 0 | BQ30: 2 | BR30: 0 | BS30: 1 | BT30: 1 | BU30: 1 | BV30: 1 | BW30: 1 | BX30: 1 | BZ30: 142 | CA30: 95 | CF30: 0 | CG30: 0 | CM30: 0 | CO30: 0 | CP30: =(P30+Q30+S30) -> 26.88 | CQ30: =AC30*BC30 -> 16.8 | CR30: =AD30*BB30 -> 0 | CS30: =AE30*BS30 -> 0 | CT30: =AF30*BA30 -> 0 | CU30: =AG30 -> 0 | CV30: =AH30 -> 0 | CW30: =AI30 -> 0 | CX30: =AJ30 -> 0 | CY30: =(((S30+R30)*AT30)/100) -> 0 | CZ30: =(((S30+R30)*AU30)/100) -> 0 | DN30: 0 | DO30: 0 | DP30: 1 | DQ30: 1 | DU30: 1003 | DV30: 10 м | DW30: 10 м | DX30: 10 | EE30: 26549101 | EF30: 2 | EG30: Общестроительные работы | EH30: 0 | EJ30: 1 | EK30: 27001 | EL30: Автомобильные дороги | EM30: ФЕР-27 | EQ30: 0 | ER30: 16.8 | ES30: 16.8 | ET30: 0 | EU30: 0 | EV30: 0 | EW30: 0 | EX30: 0 | FQ30: 0 | FR30: =ROUND(IF(AND(BH30=3,BI30=3),P30,0),2) -> 0 | FS30: 0 | FT30: *0,9 | FU30: *0,85 | FX30: 127.8 | FY30: 80.75 | GD30: 0 | GF30: 968193160 | GG30: 2 | GH30: 1 | GI30: -2 | GJ30: 0 | GK30: =ROUND(R30*(R12)/100,2) -> 0 | GL30: =ROUND(IF(AND(BH30=3,BI30=3,FS30<>0),P30,0),2) -> 0 | GM30: =ROUND(O30+X30+Y30+GK30,2)+GX30 -> 26.88 | GN30: =IF(OR(BI30=0,BI30=1),ROUND(O30+X30+Y30+GK30,2),0) -> 26.88 | GO30: =IF(BI30=2,ROUND(O30+X30+Y30+GK30,2),0) -> 0 | GP30: =IF(BI30=4,ROUND(O30+X30+Y30+GK30,2)+GX30,0) -> 0 | GR30: 0 | GS30: 3 | GT30: 0 | GV30: =ROUND(GT30,6) -> 0 | GW30: 1 | GX30: =ROUND(GV30*GW30*I30,2) -> 0 | HA30: 0 | HB30: 0 | IK30: 0
A31: 18 | B31: 1 | C31: 53 | E31: 2,1 | F31: 01.7.07.26-0033 | G31: Шнур полиуретановый | H31: 10 м | I31: =I29*J31 -> 1.6 | J31: 10 | O31: =ROUND(CP31,2) -> 192.19 | P31: =ROUND(CQ31*I31,2) -> 192.19 | Q31: =ROUND(CR31*I31,2) -> 0 | R31: =ROUND(CS31*I31,2) -> 0 | S31: =ROUND(CT31*I31,2) -> 0 | T31: =ROUND(CU31*I31,2) -> 0 | U31: =CV31*I31 -> 0 | V31: =CW31*I31 -> 0 | W31: =ROUND(CX31*I31,2) -> 0 | X31: =ROUND(CY31,2) -> 0 | Y31: =ROUND(CZ31,2) -> 0 | AA31: 26812450 | AB31: =ROUND((AC31+AD31+AF31),6) -> 16.8 | AC31: =ROUND((ES31),6) -> 16.8 | AD31: =ROUND((((ET31)-(EU31))+AE31),6) -> 0 | AE31: =ROUND((EU31),6) -> 0 | AF31: =ROUND((EV31),6) -> 0 | AG31: =ROUND((AP31),6) -> 0 | AH31: =(EW31) -> 0 | AI31: =(EX31) -> 0 | AJ31: =ROUND((AS31),6) -> 0 | AK31: 16.8 | AL31: 16.8 | AM31: 0 | AN31: 0 | AO31: 0 | AP31: 0 | AQ31: 0 | AR31: 0 | AS31: 0 | AT31: 128 | AU31: 81 | AV31: 1 | AW31: 1 | AZ31: 7.15 | BA31: 1 | BB31: 1 | BC31: 7.15 | BH31: 3 | BI31: 1 | BJ31: ФССЦ-2001, 01.7.07.26-0033, приказ Минстроя России №1039/пр от 30.12.2016г. | BM31: 27001 | BN31: 0 | BP31: 0 | BQ31: 2 | BR31: 0 | BS31: 1 | BT31: 1 | BU31: 1 | BV31: 1 | BW31: 1 | BX31: 1 | BZ31: 142 | CA31: 95 | CF31: 0 | CG31: 0 | CM31: 0 | CO31: 0 | CP31: =(P31+Q31+S31) -> 192.19 | CQ31: =AC31*BC31 -> 120.12 | CR31: =AD31*BB31 -> 0 | CS31: =AE31*BS31 -> 0 | CT31: =AF31*BA31 -> 0 | CU31: =AG31 -> 0 | CV31: =AH31 -> 0 | CW31: =AI31 -> 0 | CX31: =AJ31 -> 0 | CY31: =(((S31+R31)*AT31)/100) -> 0 | CZ31: =(((S31+R31)*AU31)/100) -> 0 | DN31: 0 | DO31: 0 | DP31: 1 | DQ31: 1 | DU31: 1003 | DV31: 10 м | DW31: 10 м | DX31: 10 | EE31: 26549101 | EF31: 2 | EG31: Общестроительные работы | EH31: 0 | EJ31: 1 | EK31: 27001 | EL31: Автомобильные дороги | EM31: ФЕР-27 | EQ31: 0 | ER31: 16.8 | ES31: 16.8 | ET31: 0 | EU31: 0 | EV31: 0 | EW31: 0 | EX31: 0 | FQ31: 0 | FR31: =ROUND(IF(AND(BH31=3,BI31=3),P31,0),2) -> 0 | FS31: 0 | FT31: *0,9 | FU31: *0,85 | FX31: 127.8 | FY31: 80.75 | GD31: 0 | GF31: 968193160 | GG31: 1 | GH31: 1 | GI31: 4 | GJ31: 0 | GK31: =ROUND(R31*(S12)/100,2) -> 0 | GL31: =ROUND(IF(AND(BH31=3,BI31=3,FS31<>0),P31,0),2) -> 0 | GM31: =ROUND(O31+X31+Y31+GK31,2)+GX31 -> 192.19 | GN31: =IF(OR(BI31=0,BI31=1),ROUND(O31+X31+Y31+GK31,2),0) -> 192.19 | GO31: =IF(BI31=2,ROUND(O31+X31+Y31+GK31,2),0) -> 0 | GP31: =IF(BI31=4,ROUND(O31+X31+Y31+GK31,2)+GX31,0) -> 0 | GR31: 0 | GS31: 3 | GT31: 0 | GV31: =ROUND(GT31,6) -> 0 | GW31: 1 | GX31: =ROUND(GV31*GW31*I31,2) -> 0 | HA31: 0 | HB31: 0 | IK31: 0
A32: 18 | B32: 1 | C32: 40 | E32: 2,2 | F32: 02.3.01.02-0005 | G32: Песок несортированный | H32: м3 | I32: =I28*J32 -> 0.32 | J32: 2 | O32: =ROUND(CP32,2) -> 26.72 | P32: =ROUND(CQ32*I32,2) -> 26.72 | Q32: =ROUND(CR32*I32,2) -> 0 | R32: =ROUND(CS32*I32,2) -> 0 | S32: =ROUND(CT32*I32,2) -> 0 | T32: =ROUND(CU32*I32,2) -> 0 | U32: =CV32*I32 -> 0 | V32: =CW32*I32 -> 0 | W32: =ROUND(CX32*I32,2) -> 0 | X32: =ROUND(CY32,2) -> 0 | Y32: =ROUND(CZ32,2) -> 0 | AA32: 26812436 | AB32: =ROUND((AC32+AD32+AF32),6) -> 83.49 | AC32: =ROUND((ES32),6) -> 83.49 | AD32: =ROUND((((ET32)-(EU32))+AE32),6) -> 0 | AE32: =ROUND((EU32),6) -> 0 | AF32: =ROUND((EV32),6) -> 0 | AG32: =ROUND((AP32),6) -> 0 | AH32: =(EW32) -> 0 | AI32: =(EX32) -> 0 | AJ32: =ROUND((AS32),6) -> 0 | AK32: 83.49 | AL32: 83.49 | AM32: 0 | AN32: 0 | AO32: 0 | AP32: 0 | AQ32: 0 | AR32: 0 | AS32: 0 | AT32: 128 | AU32: 81 | AV32: 1 | AW32: 1 | AZ32: 1 | BA32: 1 | BB32: 1 | BC32: 1 | BH32: 3 | BI32: 1 | BJ32: ФССЦ-2001, 02.3.01.02-0005, приказ Минстроя России №1039/пр от 30.12.2016г. | BM32: 27001 | BN32: 0 | BP32: 0 | BQ32: 2 | BR32: 0 | BS32: 1 | BT32: 1 | BU32: 1 | BV32: 1 | BW32: 1 | BX32: 1 | BZ32: 142 | CA32: 95 | CF32: 0 | CG32: 0 | CM32: 0 | CO32: 0 | CP32: =(P32+Q32+S32) -> 26.72 | CQ32: =AC32*BC32 -> 83.49 | CR32: =AD32*BB32 -> 0 | CS32: =AE32*BS32 -> 0 | CT32: =AF32*BA32 -> 0 | CU32: =AG32 -> 0 | CV32: =AH32 -> 0 | CW32: =AI32 -> 0 | CX32: =AJ32 -> 0 | CY32: =(((S32+R32)*AT32)/100) -> 0 | CZ32: =(((S32+R32)*AU32)/100) -> 0 | DN32: 0 | DO32: 0 | DP32: 1 | DQ32: 1 | DU32: 1007 | DV32: м3 | DW32: м3 | DX32: 1 | EE32: 26549101 | EF32: 2 | EG32: Общестроительные работы | EH32: 0 | EJ32: 1 | EK32: 27001 | EL32: Автомобильные дороги | EM32: ФЕР-27 | EQ32: 0 | ER32: 83.49 | ES32: 83.49 | ET32: 0 | EU32: 0 | EV32: 0 | EW32: 0 | EX32: 0 | FQ32: 0 | FR32: =ROUND(IF(AND(BH32=3,BI32=3),P32,0),2) -> 0 | FS32: 0 | FT32: *0,9 | FU32: *0,85 | FX32: 127.8 | FY32: 80.75 | GD32: 0 | GF32: 866392447 | GG32: 2 | GH32: 1 | GI32: -2 | GJ32: 0 | GK32: =ROUND(R32*(R12)/100,2) -> 0 | GL32: =ROUND(IF(AND(BH32=3,BI32=3,FS32<>0),P32,0),2) -> 0 | GM32: =ROUND(O32+X32+Y32+GK32,2)+GX32 -> 26.72 | GN32: =IF(OR(BI32=0,BI32=1),ROUND(O32+X32+Y32+GK32,2),0) -> 26.72 | GO32: =IF(BI32=2,ROUND(O32+X32+Y32+GK32,2),0) -> 0 | GP32: =IF(BI32=4,ROUND(O32+X32+Y32+GK32,2)+GX32,0) -> 0 | GR32: 0 | GS32: 3 | GT32: 0 | GV32: =ROUND(GT32,6) -> 0 | GW32: 1 | GX32: =ROUND(GV32*GW32*I32,2) -> 0 | HA32: 0 | HB32: 0 | IK32: 0
A33: 18 | B33: 1 | C33: 54 | E33: 2,2 | F33: 02.3.01.02-0005 | G33: Песок несортированный | H33: м3 | I33: =I29*J33 -> 0.32 | J33: 2 | O33: =ROUND(CP33,2) -> 191.03 | P33: =ROUND(CQ33*I33,2) -> 191.03 | Q33: =ROUND(CR33*I33,2) -> 0 | R33: =ROUND(CS33*I33,2) -> 0 | S33: =ROUND(CT33*I33,2) -> 0 | T33: =ROUND(CU33*I33,2) -> 0 | U33: =CV33*I33 -> 0 | V33: =CW33*I33 -> 0 | W33: =ROUND(CX33*I33,2) -> 0 | X33: =ROUND(CY33,2) -> 0 | Y33: =ROUND(CZ33,2) -> 0 | AA33: 26812450 | AB33: =ROUND((AC33+AD33+AF33),6) -> 83.49 | AC33: =ROUND((ES33),6) -> 83.49 | AD33: =ROUND((((ET33)-(EU33))+AE33),6) -> 0 | AE33: =ROUND((EU33),6) -> 0 | AF33: =ROUND((EV33),6) -> 0 | AG33: =ROUND((AP33),6) -> 0 | AH33: =(EW33) -> 0 | AI33: =(EX33) -> 0 | AJ33: =ROUND((AS33),6) -> 0 | AK33: 83.49 | AL33: 83.49 | AM33: 0 | AN33: 0 | AO33: 0 | AP33: 0 | AQ33: 0 | AR33: 0 | AS33: 0 | AT33: 128 | AU33: 81 | AV33: 1 | AW33: 1 | AZ33: 7.15 | BA33: 1 | BB33: 1 | BC33: 7.15 | BH33: 3 | BI33: 1 | BJ33: ФССЦ-2001, 02.3.01.02-0005, приказ Минстроя России №1039/пр от 30.12.2016г. | BM33: 27001 | BN33: 0 | BP33: 0 | BQ33: 2 | BR33: 0 | BS33: 1 | BT33: 1 | BU33: 1 | BV33: 1 | BW33: 1 | BX33: 1 | BZ33: 142 | CA33: 95 | CF33: 0 | CG33: 0 | CM33: 0 | CO33: 0 | CP33: =(P33+Q33+S33) -> 191.03 | CQ33: =AC33*BC33 -> 596.9535 | CR33: =AD33*BB33 -> 0 | CS33: =AE33*BS33 -> 0 | CT33: =AF33*BA33 -> 0 | CU33: =AG33 -> 0 | CV33: =AH33 -> 0 | CW33: =AI33 -> 0 | CX33: =AJ33 -> 0 | CY33: =(((S33+R33)*AT33)/100) -> 0 | CZ33: =(((S33+R33)*AU33)/100) -> 0 | DN33: 0 | DO33: 0 | DP33: 1 | DQ33: 1 | DU33: 1007 | DV33: м3 | DW33: м3 | DX33: 1 | EE33: 26549101 | EF33: 2 | EG33: Общестроительные работы | EH33: 0 | EJ33: 1 | EK33: 27001 | EL33: Автомобильные дороги | EM33: ФЕР-27 | EQ33: 0 | ER33: 83.49 | ES33: 83.49 | ET33: 0 | EU33: 0 | EV33: 0 | EW33: 0 | EX33: 0 | FQ33: 0 | FR33: =ROUND(IF(AND(BH33=3,BI33=3),P33,0),2) -> 0 | FS33: 0 | FT33: *0,9 | FU33: *0,85 | FX33: 127.8 | FY33: 80.75 | GD33: 0 | GF33: 866392447 | GG33: 1 | GH33: 1 | GI33: 4 | GJ33: 0 | GK33: =ROUND(R33*(S12)/100,2) -> 0 | GL33: =ROUND(IF(AND(BH33=3,BI33=3,FS33<>0),P33,0),2) -> 0 | GM33: =ROUND(O33+X33+Y33+GK33,2)+GX33 -> 191.03 | GN33: =IF(OR(BI33=0,BI33=1),ROUND(O33+X33+Y33+GK33,2),0) -> 191.03 | GO33: =IF(BI33=2,ROUND(O33+X33+Y33+GK33,2),0) -> 0 | GP33: =IF(BI33=4,ROUND(O33+X33+Y33+GK33,2)+GX33,0) -> 0 | GR33: 0 | GS33: 3 | GT33: 0 | GV33: =ROUND(GT33,6) -> 0 | GW33: 1 | GX33: =ROUND(GV33*GW33*I33,2) -> 0 | HA33: 0 | HB33: 0 | IK33: 0
A34: 17 | B34: 1 | C34: =ROW(SmtRes!A61) -> 61 | D34: =ROW(EtalonRes!A65) -> 65 | E34: 3 | F34: 68-12-12 | G34: Снятие деформированных асфальтобетонных покрытий самоходными холодными фрезами с шириной фрезерования 1500-2100 мм толщиной слоя до 50 мм | H34: 1000 м2 | I34: =ROUND(695/1000,9) -> 0.695 | J34: 0 | O34: =ROUND(CP34,2) -> 1244.25 | P34: =ROUND(CQ34*I34,2) -> 0 | Q34: =ROUND(CR34*I34,2) -> 1229.15 | R34: =ROUND(CS34*I34,2) -> 73.95 | S34: =ROUND(CT34*I34,2) -> 15.1 | T34: =ROUND(CU34*I34,2) -> 0 | U34: =CV34*I34 -> 1.93488 | V34: =CW34*I34 -> 5.421 | W34: =ROUND(CX34*I34,2) -> 0 | X34: =ROUND(CY34,2) -> 92.61 | Y34: =ROUND(CZ34,2) -> 53.43 | AA34: 26812436 | AB34: =ROUND((AC34+AD34+AF34),6) -> 1790.28 | AC34: =ROUND((ES34),6) -> 0 | AD34: =ROUND(((((ET34*1.2))-((EU34*1.2)))+AE34),6) -> 1768.56 | AE34: =ROUND(((EU34*1.2)),6) -> 106.404 | AF34: =ROUND(((EV34*1.2)),6) -> 21.72 | AG34: =ROUND((AP34),6) -> 0 | AH34: =((EW34*1.2)) -> 2.784 | AI34: =((EX34*1.2)) -> 7.8 | AJ34: =ROUND((AS34),6) -> 0 | AK34: 1491.9 | AL34: 0 | AM34: 1473.8 | AN34: 88.67 | AO34: 18.1 | AP34: 0 | AQ34: 2.32 | AR34: 6.5 | AS34: 0 | AT34: 104 | AU34: 60 | AV34: 1 | AW34: 1 | AZ34: 1 | BA34: 1 | BB34: 1 | BC34: 1 | BH34: 0 | BI34: 1 | BJ34: ФЕР-2001, 68-12-12, приказ Минстроя России №1039/пр от 30.12.2016г. | BM34: 68001 | BN34: 0 | BP34: 0 | BQ34: 6 | BR34: 0 | BS34: 1 | BT34: 1 | BU34: 1 | BV34: 1 | BW34: 1 | BX34: 1 | BZ34: 104 | CA34: 60 | CF34: 0 | CG34: 0 | CM34: 0 | CN34: Поправка: Сб.№68, п.1.68.3 Наименование: Работы по ремонту дорожных оснований и покрытий в условиях непрекрекращающегося движения транспорта определяется по расценкам соответствующих таблиц | CO34: 0 | CP34: =(P34+Q34+S34) -> 1244.25 | CQ34: =AC34*BC34 -> 0 | CR34: =AD34*BB34 -> 1768.56 | CS34: =AE34*BS34 -> 106.404 | CT34: =AF34*BA34 -> 21.72 | CU34: =AG34 -> 0 | CV34: =AH34 -> 2.784 | CW34: =AI34 -> 7.8 | CX34: =AJ34 -> 0 | CY34: =(((S34+R34)*AT34)/100) -> 92.612 | CZ34: =(((S34+R34)*AU34)/100) -> 53.43 | DE34: )*1,2 | DF34: )*1,2 | DG34: )*1,2 | DI34: )*1,2 | DJ34: )*1,2 | DN34: 0 | DO34: 0 | DP34: 1 | DQ34: 1 | DU34: 1005 | DV34: 1000 м2 | DW34: 1000 м2 | DX34: 1000 | EE34: 26549186 | EF34: 6 | EG34: Ремонтно-строительные работы | EH34: 0 | EJ34: 1 | EK34: 68001 | EL34: Благоустройство | EM34: рФЕР-68 | EO34: Поправка: Сб.№68, п.1.68.3 | EQ34: 0 | ER34: 1491.9 | ES34: 0 | ET34: 1473.8 | EU34: 88.67 | EV34: 18.1 | EW34: 2.32 | EX34: 6.5 | EY34: 0 | FQ34: 0 | FR34: =ROUND(IF(AND(BH34=3,BI34=3),P34,0),2) -> 0 | FS34: 0 | FX34: 104 | FY34: 60 | GD34: 0 | GF34: 2051310278 | GG34: 2 | GH34: 1 | GI34: -2 | GJ34: 0 | GK34: =ROUND(R34*(R12)/100,2) -> 0 | GL34: =ROUND(IF(AND(BH34=3,BI34=3,FS34<>0),P34,0),2) -> 0 | GM34: =ROUND(O34+X34+Y34+GK34,2)+GX34 -> 1390.29 | GN34: =IF(OR(BI34=0,BI34=1),ROUND(O34+X34+Y34+GK34,2),0) -> 1390.29 | GO34: =IF(BI34=2,ROUND(O34+X34+Y34+GK34,2),0) -> 0 | GP34: =IF(BI34=4,ROUND(O34+X34+Y34+GK34,2)+GX34,0) -> 0 | GR34: 0 | GS34: 3 | GT34: 0 | GV34: =ROUND(GT34,6) -> 0 | GW34: 1 | GX34: =ROUND(GV34*GW34*I34,2) -> 0 | HA34: 0 | HB34: 0 | IK34: 0
A35: 17 | B35: 1 | C35: =ROW(SmtRes!A68) -> 68 | D35: =ROW(EtalonRes!A72) -> 72 | E35: 3 | F35: 68-12-12 | G35: Снятие деформированных асфальтобетонных покрытий самоходными холодными фрезами с шириной фрезерования 1500-2100 мм толщиной слоя до 50 мм | H35: 1000 м2 | I35: =ROUND(695/1000,9) -> 0.695 | J35: 0 | O35: =ROUND(CP35,2) -> 8896.35 | P35: =ROUND(CQ35*I35,2) -> 0 | Q35: =ROUND(CR35*I35,2) -> 8788.42 | R35: =ROUND(CS35*I35,2) -> 528.75 | S35: =ROUND(CT35*I35,2) -> 107.93 | T35: =ROUND(CU35*I35,2) -> 0 | U35: =CV35*I35 -> 1.93488 | V35: =CW35*I35 -> 5.421 | W35: =ROUND(CX35*I35,2) -> 0 | X35: =ROUND(CY35,2) -> 662.15 | Y35: =ROUND(CZ35,2) -> 382.01 | AA35: 26812450 | AB35: =ROUND((AC35+AD35+AF35),6) -> 1790.28 | AC35: =ROUND((ES35),6) -> 0 | AD35: =ROUND(((((ET35*1.2))-((EU35*1.2)))+AE35),6) -> 1768.56 | AE35: =ROUND(((EU35*1.2)),6) -> 106.404 | AF35: =ROUND(((EV35*1.2)),6) -> 21.72 | AG35: =ROUND((AP35),6) -> 0 | AH35: =((EW35*1.2)) -> 2.784 | AI35: =((EX35*1.2)) -> 7.8 | AJ35: =ROUND((AS35),6) -> 0 | AK35: 1491.9 | AL35: 0 | AM35: 1473.8 | AN35: 88.67 | AO35: 18.1 | AP35: 0 | AQ35: 2.32 | AR35: 6.5 | AS35: 0 | AT35: 104 | AU35: 60 | AV35: 1 | AW35: 1 | AZ35: 7.15 | BA35: 7.15 | BB35: 7.15 | BC35: 7.15 | BH35: 0 | BI35: 1 | BJ35: ФЕР-2001, 68-12-12, приказ Минстроя России №1039/пр от 30.12.2016г. | BM35: 68001 | BN35: 0 | BP35: 0 | BQ35: 6 | BR35: 0 | BS35: 7.15 | BT35: 1 | BU35: 1 | BV35: 1 | BW35: 1 | BX35: 1 | BZ35: 104 | CA35: 60 | CF35: 0 | CG35: 0 | CM35: 0 | CN35: Поправка: Сб.№68, п.1.68.3 Наименование: Работы по ремонту дорожных оснований и покрытий в условиях непрекрекращающегося движения транспорта определяется по расценкам соответствующих таблиц | CO35: 0 | CP35: =(P35+Q35+S35) -> 8896.35 | CQ35: =AC35*BC35 -> 0 | CR35: =AD35*BB35 -> 12645.204 | CS35: =AE35*BS35 -> 760.7886 | CT35: =AF35*BA35 -> 155.298 | CU35: =AG35 -> 0 | CV35: =AH35 -> 2.784 | CW35: =AI35 -> 7.8 | CX35: =AJ35 -> 0 | CY35: =(((S35+R35)*AT35)/100) -> 662.1472 | CZ35: =(((S35+R35)*AU35)/100) -> 382.008 | DE35: )*1,2 | DF35: )*1,2 | DG35: )*1,2 | DI35: )*1,2 | DJ35: )*1,2 | DN35: 0 | DO35: 0 | DP35: 1 | DQ35: 1 | DU35: 1005 | DV35: 1000 м2 | DW35: 1000 м2 | DX35: 1000 | EE35: 26549186 | EF35: 6 | EG35: Ремонтно-строительные работы | EH35: 0 | EJ35: 1 | EK35: 68001 | EL35: Благоустройство | EM35: рФЕР-68 | EO35: Поправка: Сб.№68, п.1.68.3 | EQ35: 0 | ER35: 1491.9 | ES35: 0 | ET35: 1473.8 | EU35: 88.67 | EV35: 18.1 | EW35: 2.32 | EX35: 6.5 | EY35: 0 | FQ35: 0 | FR35: =ROUND(IF(AND(BH35=3,BI35=3),P35,0),2) -> 0 | FS35: 0 | FX35: 104 | FY35: 60 | GD35: 0 | GF35: 2051310278 | GG35: 1 | GH35: 1 | GI35: 4 | GJ35: 0 | GK35: =ROUND(R35*(S12)/100,2) -> 0 | GL35: =ROUND(IF(AND(BH35=3,BI35=3,FS35<>0),P35,0),2) -> 0 | GM35: =ROUND(O35+X35+Y35+GK35,2)+GX35 -> 9940.51 | GN35: =IF(OR(BI35=0,BI35=1),ROUND(O35+X35+Y35+GK35,2),0) -> 9940.51 | GO35: =IF(BI35=2,ROUND(O35+X35+Y35+GK35,2),0) -> 0 | GP35: =IF(BI35=4,ROUND(O35+X35+Y35+GK35,2)+GX35,0) -> 0 | GR35: 0 | GS35: 3 | GT35: 0 | GV35: =ROUND(GT35,6) -> 0 | GW35: 1 | GX35: =ROUND(GV35*GW35*I35,2) -> 0 | HA35: 0 | HB35: 0 | IK35: 0
A36: 18 | B36: 1 | C36: 61 | E36: 3,1 | F36: 01.7.13.01-0001 | G36: Лом асфальтобетона | H36: т | I36: =I34*J36 -> 68.805 | J36: 99 | O36: =ROUND(CP36,2) -> 3529.01 | P36: =ROUND(CQ36*I36,2) -> 3529.01 | Q36: =ROUND(CR36*I36,2) -> 0 | R36: =ROUND(CS36*I36,2) -> 0 | S36: =ROUND(CT36*I36,2) -> 0 | T36: =ROUND(CU36*I36,2) -> 0 | U36: =CV36*I36 -> 0 | V36: =CW36*I36 -> 0 | W36: =ROUND(CX36*I36,2) -> 0 | X36: =ROUND(CY36,2) -> 0 | Y36: =ROUND(CZ36,2) -> 0 | AA36: 26812436 | AB36: =ROUND((AC36+AD36+AF36),6) -> 51.29 | AC36: =ROUND((ES36),6) -> 51.29 | AD36: =ROUND((((ET36)-(EU36))+AE36),6) -> 0 | AE36: =ROUND((EU36),6) -> 0 | AF36: =ROUND((EV36),6) -> 0 | AG36: =ROUND((AP36),6) -> 0 | AH36: =(EW36) -> 0 | AI36: =(EX36) -> 0 | AJ36: =ROUND((AS36),6) -> 0 | AK36: 51.29 | AL36: 51.29 | AM36: 0 | AN36: 0 | AO36: 0 | AP36: 0 | AQ36: 0 | AR36: 0 | AS36: 0 | AT36: 104 | AU36: 60 | AV36: 1 | AW36: 1 | AZ36: 1 | BA36: 1 | BB36: 1 | BC36: 1 | BH36: 3 | BI36: 1 | BJ36: ФССЦ-2001, 01.7.13.01-0001, приказ Минстроя России №1039/пр от 30.12.2016г. | BM36: 68001 | BN36: 0 | BP36: 0 | BQ36: 6 | BR36: 0 | BS36: 1 | BT36: 1 | BU36: 1 | BV36: 1 | BW36: 1 | BX36: 1 | BZ36: 104 | CA36: 60 | CF36: 0 | CG36: 0 | CM36: 0 | CO36: 0 | CP36: =(P36+Q36+S36) -> 3529.01 | CQ36: =AC36*BC36 -> 51.29 | CR36: =AD36*BB36 -> 0 | CS36: =AE36*BS36 -> 0 | CT36: =AF36*BA36 -> 0 | CU36: =AG36 -> 0 | CV36: =AH36 -> 0 | CW36: =AI36 -> 0 | CX36: =AJ36 -> 0 | CY36: =(((S36+R36)*AT36)/100) -> 0 | CZ36: =(((S36+R36)*AU36)/100) -> 0 | DN36: 0 | DO36: 0 | DP36: 1 | DQ36: 1 | DU36: 1009 | DV36: т | DW36: т | DX36: 1000 | EE36: 26549186 | EF36: 6 | EG36: Ремонтно-строительные работы | EH36: 0 | EJ36: 1 | EK36: 68001 | EL36: Благоустройство | EM36: рФЕР-68 | EQ36: 0 | ER36: 51.29 | ES36: 51.29 | ET36: 0 | EU36: 0 | EV36: 0 | EW36: 0 | EX36: 0 | FQ36: 0 | FR36: =ROUND(IF(AND(BH36=3,BI36=3),P36,0),2) -> 0 | FS36: 0 | FX36: 104 | FY36: 60 | GD36: 0 | GF36: 257639785 | GG36: 2 | GH36: 1 | GI36: -2 | GJ36: 0 | GK36: =ROUND(R36*(R12)/100,2) -> 0 | GL36: =ROUND(IF(AND(BH36=3,BI36=3,FS36<>0),P36,0),2) -> 0 | GM36: =ROUND(O36+X36+Y36+GK36,2)+GX36 -> 3529.01 | GN36: =IF(OR(BI36=0,BI36=1),ROUND(O36+X36+Y36+GK36,2),0) -> 3529.01 | GO36: =IF(BI36=2,ROUND(O36+X36+Y36+GK36,2),0) -> 0 | GP36: =IF(BI36=4,ROUND(O36+X36+Y36+GK36,2)+GX36,0) -> 0 | GR36: 0 | GS36: 3 | GT36: 0 | GV36: =ROUND(GT36,6) -> 0 | GW36: 1 | GX36: =ROUND(GV36*GW36*I36,2) -> 0 | HA36: 0 | HB36: 0 | IK36: 0
A37: 18 | B37: 1 | C37: 68 | E37: 3,1 | F37: 01.7.13.01-0001 | G37: Лом асфальтобетона | H37: т | I37: =I35*J37 -> 68.805 | J37: 99 | O37: =ROUND(CP37,2) -> 25232.41 | P37: =ROUND(CQ37*I37,2) -> 25232.41 | Q37: =ROUND(CR37*I37,2) -> 0 | R37: =ROUND(CS37*I37,2) -> 0 | S37: =ROUND(CT37*I37,2) -> 0 | T37: =ROUND(CU37*I37,2) -> 0 | U37: =CV37*I37 -> 0 | V37: =CW37*I37 -> 0 | W37: =ROUND(CX37*I37,2) -> 0 | X37: =ROUND(CY37,2) -> 0 | Y37: =ROUND(CZ37,2) -> 0 | AA37: 26812450 | AB37: =ROUND((AC37+AD37+AF37),6) -> 51.29 | AC37: =ROUND((ES37),6) -> 51.29 | AD37: =ROUND((((ET37)-(EU37))+AE37),6) -> 0 | AE37: =ROUND((EU37),6) -> 0 | AF37: =ROUND((EV37),6) -> 0 | AG37: =ROUND((AP37),6) -> 0 | AH37: =(EW37) -> 0 | AI37: =(EX37) -> 0 | AJ37: =ROUND((AS37),6) -> 0 | AK37: 51.29 | AL37: 51.29 | AM37: 0 | AN37: 0 | AO37: 0 | AP37: 0 | AQ37: 0 | AR37: 0 | AS37: 0 | AT37: 104 | AU37: 60 | AV37: 1 | AW37: 1 | AZ37: 7.15 | BA37: 1 | BB37: 1 | BC37: 7.15 | BH37: 3 | BI37: 1 | BJ37: ФССЦ-2001, 01.7.13.01-0001, приказ Минстроя России №1039/пр от 30.12.2016г. | BM37: 68001 | BN37: 0 | BP37: 0 | BQ37: 6 | BR37: 0 | BS37: 1 | BT37: 1 | BU37: 1 | BV37: 1 | BW37: 1 | BX37: 1 | BZ37: 104 | CA37: 60 | CF37: 0 | CG37: 0 | CM37: 0 | CO37: 0 | CP37: =(P37+Q37+S37) -> 25232.41 | CQ37: =AC37*BC37 -> 366.7235 | CR37: =AD37*BB37 -> 0 | CS37: =AE37*BS37 -> 0 | CT37: =AF37*BA37 -> 0 | CU37: =AG37 -> 0 | CV37: =AH37 -> 0 | CW37: =AI37 -> 0 | CX37: =AJ37 -> 0 | CY37: =(((S37+R37)*AT37)/100) -> 0 | CZ37: =(((S37+R37)*AU37)/100) -> 0 | DN37: 0 | DO37: 0 | DP37: 1 | DQ37: 1 | DU37: 1009 | DV37: т | DW37: т | DX37: 1000 | EE37: 26549186 | EF37: 6 | EG37: Ремонтно-строительные работы | EH37: 0 | EJ37: 1 | EK37: 68001 | EL37: Благоустройство | EM37: рФЕР-68 | EQ37: 0 | ER37: 51.29 | ES37: 51.29 | ET37: 0 | EU37: 0 | EV37: 0 | EW37: 0 | EX37: 0 | FQ37: 0 | FR37: =ROUND(IF(AND(BH37=3,BI37=3),P37,0),2) -> 0 | FS37: 0 | FX37: 104 | FY37: 60 | GD37: 0 | GF37: 257639785 | GG37: 1 | GH37: 1 | GI37: 4 | GJ37: 0 | GK37: =ROUND(R37*(S12)/100,2) -> 0 | GL37: =ROUND(IF(AND(BH37=3,BI37=3,FS37<>0),P37,0),2) -> 0 | GM37: =ROUND(O37+X37+Y37+GK37,2)+GX37 -> 25232.41 | GN37: =IF(OR(BI37=0,BI37=1),ROUND(O37+X37+Y37+GK37,2),0) -> 25232.41 | GO37: =IF(BI37=2,ROUND(O37+X37+Y37+GK37,2),0) -> 0 | GP37: =IF(BI37=4,ROUND(O37+X37+Y37+GK37,2)+GX37,0) -> 0 | GR37: 0 | GS37: 3 | GT37: 0 | GV37: =ROUND(GT37,6) -> 0 | GW37: 1 | GX37: =ROUND(GV37*GW37*I37,2) -> 0 | HA37: 0 | HB37: 0 | IK37: 0
A38: 17 | B38: 1 | C38: =ROW(SmtRes!A69) -> 69 | D38: =ROW(EtalonRes!A73) -> 73 | E38: 4 | F38: 01-01-111-02 | G38: Планировка вручную дна и откосов выемок каналов, группа грунтов 2 | H38: 1000 м2 | I38: =ROUND(68/1000,9) -> 0.068 | J38: 0 | O38: =ROUND(CP38,2) -> 86.05 | P38: =ROUND(CQ38*I38,2) -> 0 | Q38: =ROUND(CR38*I38,2) -> 0 | R38: =ROUND(CS38*I38,2) -> 0 | S38: =ROUND(CT38*I38,2) -> 86.05 | T38: =ROUND(CU38*I38,2) -> 0 | U38: =CV38*I38 -> 10.0878 | V38: =CW38*I38 -> 0 | W38: =ROUND(CX38*I38,2) -> 0 | X38: =ROUND(CY38,2) -> 74 | Y38: =ROUND(CZ38,2) -> 37 | AA38: 26812436 | AB38: =ROUND((AC38+AD38+AF38),6) -> 1265.4255 | AC38: =ROUND((ES38),6) -> 0 | AD38: =ROUND(((((ET38*1.25))-((EU38*1.25)))+AE38),6) -> 0 | AE38: =ROUND(((EU38*1.25)),6) -> 0 | AF38: =ROUND(((EV38*1.15)),6) -> 1265.4255 | AG38: =ROUND((AP38),6) -> 0 | AH38: =((EW38*1.15)) -> 148.35 | AI38: =((EX38*1.25)) -> 0 | AJ38: =ROUND((AS38),6) -> 0 | AK38: 1100.37 | AL38: 0 | AM38: 0 | AN38: 0 | AO38: 1100.37 | AP38: 0 | AQ38: 129 | AR38: 0 | AS38: 0 | AT38: 86 | AU38: 43 | AV38: 1 | AW38: 1 | AZ38: 1 | BA38: 1 | BB38: 1 | BC38: 1 | BH38: 0 | BI38: 1 | BJ38: ФЕР-2001, 01-01-111-02, приказ Минстроя России №1039/пр от 30.12.2016г. | BM38: 1001 | BN38: 0 | BP38: 0 | BQ38: 2 | BR38: 0 | BS38: 1 | BT38: 1 | BU38: 1 | BV38: 1 | BW38: 1 | BX38: 1 | BZ38: 95 | CA38: 50 | CF38: 0 | CG38: 0 | CM38: 0 | CN38: Поправка: МДС 81-35.2004, п.4.7 Наименование: Работы, выполняемые при реконструкции зданий и сооружений работы, аналогичные технологическим процессам в новом строительстве (в том числе возведение новых конструктивных элементов) стоимость которых определена по соответствующим сборникам ФЕР, кроме сборника № 46 «Работы при реконструкции зданий и сооружений» | CO38: 0 | CP38: =(P38+Q38+S38) -> 86.05 | CQ38: =AC38*BC38 -> 0 | CR38: =AD38*BB38 -> 0 | CS38: =AE38*BS38 -> 0 | CT38: =AF38*BA38 -> 1265.4255 | CU38: =AG38 -> 0 | CV38: =AH38 -> 148.35 | CW38: =AI38 -> 0 | CX38: =AJ38 -> 0 | CY38: =(((S38+R38)*AT38)/100) -> 74.003 | CZ38: =(((S38+R38)*AU38)/100) -> 37.0015 | DE38: )*1,25 | DF38: )*1,25 | DG38: )*1,15 | DI38: )*1,15 | DJ38: )*1,25 | DN38: 0 | DO38: 0 | DP38: 1 | DQ38: 1 | DU38: 1005 | DV38: 1000 м2 | DW38: 1000 м2 | DX38: 1000 | EE38: 26549034 | EF38: 2 | EG38: Общестроительные работы | EH38: 0 | EJ38: 1 | EK38: 1001 | EL38: Земляные работы, выполняемые механизированным способом | EM38: ФЕР-01 | EO38: Поправка: МДС 81-35.2004, п.4.7 | EQ38: 0 | ER38: 1100.37 | ES38: 0 | ET38: 0 | EU38: 0 | EV38: 1100.37 | EW38: 129 | EX38: 0 | EY38: 0 | FQ38: 0 | FR38: =ROUND(IF(AND(BH38=3,BI38=3),P38,0),2) -> 0 | FS38: 0 | FT38: *0,9 | FU38: *0,85 | FX38: 85.5 | FY38: 42.5 | GD38: 0 | GF38: 606912225 | GG38: 2 | GH38: 1 | GI38: -2 | GJ38: 0 | GK38: =ROUND(R38*(R12)/100,2) -> 0 | GL38: =ROUND(IF(AND(BH38=3,BI38=3,FS38<>0),P38,0),2) -> 0 | GM38: =ROUND(O38+X38+Y38+GK38,2)+GX38 -> 197.05 | GN38: =IF(OR(BI38=0,BI38=1),ROUND(O38+X38+Y38+GK38,2),0) -> 197.05 | GO38: =IF(BI38=2,ROUND(O38+X38+Y38+GK38,2),0) -> 0 | GP38: =IF(BI38=4,ROUND(O38+X38+Y38+GK38,2)+GX38,0) -> 0 | GR38: 0 | GS38: 3 | GT38: 0 | GV38: =ROUND(GT38,6) -> 0 | GW38: 1 | GX38: =ROUND(GV38*GW38*I38,2) -> 0 | HA38: 0 | HB38: 0 | IK38: 0
A39: 17 | B39: 1 | C39: =ROW(SmtRes!A70) -> 70 | D39: =ROW(EtalonRes!A74) -> 74 | E39: 4 | F39: 01-01-111-02 | G39: Планировка вручную дна и откосов выемок каналов, группа грунтов 2 | H39: 1000 м2 | I39: =ROUND(68/1000,9) -> 0.068 | J39: 0 | O39: =ROUND(CP39,2) -> 615.25 | P39: =ROUND(CQ39*I39,2) -> 0 | Q39: =ROUND(CR39*I39,2) -> 0 | R39: =ROUND(CS39*I39,2) -> 0 | S39: =ROUND(CT39*I39,2) -> 615.25 | T39: =ROUND(CU39*I39,2) -> 0 | U39: =CV39*I39 -> 10.0878 | V39: =CW39*I39 -> 0 | W39: =ROUND(CX39*I39,2) -> 0 | X39: =ROUND(CY39,2) -> 529.12 | Y39: =ROUND(CZ39,2) -> 264.56 | AA39: 26812450 | AB39: =ROUND((AC39+AD39+AF39),6) -> 1265.4255 | AC39: =ROUND((ES39),6) -> 0 | AD39: =ROUND(((((ET39*1.25))-((EU39*1.25)))+AE39),6) -> 0 | AE39: =ROUND(((EU39*1.25)),6) -> 0 | AF39: =ROUND(((EV39*1.15)),6) -> 1265.4255 | AG39: =ROUND((AP39),6) -> 0 | AH39: =((EW39*1.15)) -> 148.35 | AI39: =((EX39*1.25)) -> 0 | AJ39: =ROUND((AS39),6) -> 0 | AK39: 1100.37 | AL39: 0 | AM39: 0 | AN39: 0 | AO39: 1100.37 | AP39: 0 | AQ39: 129 | AR39: 0 | AS39: 0 | AT39: 86 | AU39: 43 | AV39: 1 | AW39: 1 | AZ39: 7.15 | BA39: 7.15 | BB39: 7.15 | BC39: 7.15 | BH39: 0 | BI39: 1 | BJ39: ФЕР-2001, 01-01-111-02, приказ Минстроя России №1039/пр от 30.12.2016г. | BM39: 1001 | BN39: 0 | BP39: 0 | BQ39: 2 | BR39: 0 | BS39: 7.15 | BT39: 1 | BU39: 1 | BV39: 1 | BW39: 1 | BX39: 1 | BZ39: 95 | CA39: 50 | CF39: 0 | CG39: 0 | CM39: 0 | CN39: Поправка: МДС 81-35.2004, п.4.7 Наименование: Работы, выполняемые при реконструкции зданий и сооружений работы, аналогичные технологическим процессам в новом строительстве (в том числе возведение новых конструктивных элементов) стоимость которых определена по соответствующим сборникам ФЕР, кроме сборника № 46 «Работы при реконструкции зданий и сооружений» | CO39: 0 | CP39: =(P39+Q39+S39) -> 615.25 | CQ39: =AC39*BC39 -> 0 | CR39: =AD39*BB39 -> 0 | CS39: =AE39*BS39 -> 0 | CT39: =AF39*BA39 -> 9047.7923 | CU39: =AG39 -> 0 | CV39: =AH39 -> 148.35 | CW39: =AI39 -> 0 | CX39: =AJ39 -> 0 | CY39: =(((S39+R39)*AT39)/100) -> 529.115 | CZ39: =(((S39+R39)*AU39)/100) -> 264.5575 | DE39: )*1,25 | DF39: )*1,25 | DG39: )*1,15 | DI39: )*1,15 | DJ39: )*1,25 | DN39: 0 | DO39: 0 | DP39: 1 | DQ39: 1 | DU39: 1005 | DV39: 1000 м2 | DW39: 1000 м2 | DX39: 1000 | EE39: 26549034 | EF39: 2 | EG39: Общестроительные работы | EH39: 0 | EJ39: 1 | EK39: 1001 | EL39: Земляные работы, выполняемые механизированным способом | EM39: ФЕР-01 | EO39: Поправка: МДС 81-35.2004, п.4.7 | EQ39: 0 | ER39: 1100.37 | ES39: 0 | ET39: 0 | EU39: 0 | EV39: 1100.37 | EW39: 129 | EX39: 0 | EY39: 0 | FQ39: 0 | FR39: =ROUND(IF(AND(BH39=3,BI39=3),P39,0),2) -> 0 | FS39: 0 | FT39: *0,9 | FU39: *0,85 | FX39: 85.5 | FY39: 42.5 | GD39: 0 | GF39: 606912225 | GG39: 1 | GH39: 1 | GI39: 4 | GJ39: 0 | GK39: =ROUND(R39*(S12)/100,2) -> 0 | GL39: =ROUND(IF(AND(BH39=3,BI39=3,FS39<>0),P39,0),2) -> 0 | GM39: =ROUND(O39+X39+Y39+GK39,2)+GX39 -> 1408.93 | GN39: =IF(OR(BI39=0,BI39=1),ROUND(O39+X39+Y39+GK39,2),0) -> 1408.93 | GO39: =IF(BI39=2,ROUND(O39+X39+Y39+GK39,2),0) -> 0 | GP39: =IF(BI39=4,ROUND(O39+X39+Y39+GK39,2)+GX39,0) -> 0 | GR39: 0 | GS39: 3 | GT39: 0 | GV39: =ROUND(GT39,6) -> 0 | GW39: 1 | GX39: =ROUND(GV39*GW39*I39,2) -> 0 | HA39: 0 | HB39: 0 | IK39: 0
A40: 17 | B40: 1 | C40: =ROW(SmtRes!A75) -> 75 | D40: =ROW(EtalonRes!A79) -> 79 | E40: 5 | F40: 68-37-2 | G40: Регулирование высотного положения крышек колодцев с подъемом на высоту до 10 см | H40: ШТ | I40: 4 | J40: 0 | O40: =ROUND(CP40,2) -> 99.97 | P40: =ROUND(CQ40*I40,2) -> 15.92 | Q40: =ROUND(CR40*I40,2) -> 15.79 | R40: =ROUND(CS40*I40,2) -> 2.78 | S40: =ROUND(CT40*I40,2) -> 68.26 | T40: =ROUND(CU40*I40,2) -> 0 | U40: =CV40*I40 -> 8.352 | V40: =CW40*I40 -> 0.24 | W40: =ROUND(CX40*I40,2) -> 0 | X40: =ROUND(CY40,2) -> 73.88 | Y40: =ROUND(CZ40,2) -> 42.62 | AA40: 26812436 | AB40: =ROUND((AC40+AD40+AF40),6) -> 24.992 | AC40: =ROUND((ES40),6) -> 3.98 | AD40: =ROUND(((((ET40*1.2))-((EU40*1.2)))+AE40),6) -> 3.948 | AE40: =ROUND(((EU40*1.2)),6) -> 0.696 | AF40: =ROUND(((EV40*1.2)),6) -> 17.064 | AG40: =ROUND((AP40),6) -> 0 | AH40: =((EW40*1.2)) -> 2.088 | AI40: =((EX40*1.2)) -> 0.06 | AJ40: =ROUND((AS40),6) -> 0 | AK40: 21.49 | AL40: 3.98 | AM40: 3.29 | AN40: 0.58 | AO40: 14.22 | AP40: 0 | AQ40: 1.74 | AR40: 0.05 | AS40: 0 | AT40: 104 | AU40: 60 | AV40: 1 | AW40: 1 | AZ40: 1 | BA40: 1 | BB40: 1 | BC40: 1 | BH40: 0 | BI40: 1 | BJ40: ФЕР-2001, 68-37-2, приказ Минстроя России №1039/пр от 30.12.2016г. | BM40: 68001 | BN40: 0 | BP40: 0 | BQ40: 6 | BR40: 0 | BS40: 1 | BT40: 1 | BU40: 1 | BV40: 1 | BW40: 1 | BX40: 1 | BZ40: 104 | CA40: 60 | CF40: 0 | CG40: 0 | CM40: 0 | CN40: Поправка: Сб.№68, п.1.68.3 Наименование: Работы по ремонту дорожных оснований и покрытий в условиях непрекрекращающегося движения транспорта определяется по расценкам соответствующих таблиц | CO40: 0 | CP40: =(P40+Q40+S40) -> 99.97 | CQ40: =AC40*BC40 -> 3.98 | CR40: =AD40*BB40 -> 3.948 | CS40: =AE40*BS40 -> 0.696 | CT40: =AF40*BA40 -> 17.064 | CU40: =AG40 -> 0 | CV40: =AH40 -> 2.088 | CW40: =AI40 -> 0.06 | CX40: =AJ40 -> 0 | CY40: =(((S40+R40)*AT40)/100) -> 73.8816 | CZ40: =(((S40+R40)*AU40)/100) -> 42.624 | DE40: )*1,2 | DF40: )*1,2 | DG40: )*1,2 | DI40: )*1,2 | DJ40: )*1,2 | DN40: 0 | DO40: 0 | DP40: 1 | DQ40: 1 | DU40: 1013 | DV40: ШТ | DW40: ШТ | DX40: 1 | EE40: 26549186 | EF40: 6 | EG40: Ремонтно-строительные работы | EH40: 0 | EJ40: 1 | EK40: 68001 | EL40: Благоустройство | EM40: рФЕР-68 | EO40: Поправка: Сб.№68, п.1.68.3 | EQ40: 0 | ER40: 21.49 | ES40: 3.98 | ET40: 3.29 | EU40: 0.58 | EV40: 14.22 | EW40: 1.74 | EX40: 0.05 | EY40: 0 | FQ40: 0 | FR40: =ROUND(IF(AND(BH40=3,BI40=3),P40,0),2) -> 0 | FS40: 0 | FX40: 104 | FY40: 60 | GD40: 0 | GF40: -1837813612 | GG40: 2 | GH40: 1 | GI40: -2 | GJ40: 0 | GK40: =ROUND(R40*(R12)/100,2) -> 0 | GL40: =ROUND(IF(AND(BH40=3,BI40=3,FS40<>0),P40,0),2) -> 0 | GM40: =ROUND(O40+X40+Y40+GK40,2)+GX40 -> 216.47 | GN40: =IF(OR(BI40=0,BI40=1),ROUND(O40+X40+Y40+GK40,2),0) -> 216.47 | GO40: =IF(BI40=2,ROUND(O40+X40+Y40+GK40,2),0) -> 0 | GP40: =IF(BI40=4,ROUND(O40+X40+Y40+GK40,2)+GX40,0) -> 0 | GR40: 0 | GS40: 3 | GT40: 0 | GV40: =ROUND(GT40,6) -> 0 | GW40: 1 | GX40: =ROUND(GV40*GW40*I40,2) -> 0 | HA40: 0 | HB40: 0 | IK40: 0
A41: 17 | B41: 1 | C41: =ROW(SmtRes!A80) -> 80 | D41: =ROW(EtalonRes!A84) -> 84 | E41: 5 | F41: 68-37-2 | G41: Регулирование высотного положения крышек колодцев с подъемом на высоту до 10 см | H41: ШТ | I41: 4 | J41: 0 | O41: =ROUND(CP41,2) -> 714.77 | P41: =ROUND(CQ41*I41,2) -> 113.83 | Q41: =ROUND(CR41*I41,2) -> 112.91 | R41: =ROUND(CS41*I41,2) -> 19.91 | S41: =ROUND(CT41*I41,2) -> 488.03 | T41: =ROUND(CU41*I41,2) -> 0 | U41: =CV41*I41 -> 8.352 | V41: =CW41*I41 -> 0.24 | W41: =ROUND(CX41*I41,2) -> 0 | X41: =ROUND(CY41,2) -> 528.26 | Y41: =ROUND(CZ41,2) -> 304.76 | AA41: 26812450 | AB41: =ROUND((AC41+AD41+AF41),6) -> 24.992 | AC41: =ROUND((ES41),6) -> 3.98 | AD41: =ROUND(((((ET41*1.2))-((EU41*1.2)))+AE41),6) -> 3.948 | AE41: =ROUND(((EU41*1.2)),6) -> 0.696 | AF41: =ROUND(((EV41*1.2)),6) -> 17.064 | AG41: =ROUND((AP41),6) -> 0 | AH41: =((EW41*1.2)) -> 2.088 | AI41: =((EX41*1.2)) -> 0.06 | AJ41: =ROUND((AS41),6) -> 0 | AK41: 21.49 | AL41: 3.98 | AM41: 3.29 | AN41: 0.58 | AO41: 14.22 | AP41: 0 | AQ41: 1.74 | AR41: 0.05 | AS41: 0 | AT41: 104 | AU41: 60 | AV41: 1 | AW41: 1 | AZ41: 7.15 | BA41: 7.15 | BB41: 7.15 | BC41: 7.15 | BH41: 0 | BI41: 1 | BJ41: ФЕР-2001, 68-37-2, приказ Минстроя России №1039/пр от 30.12.2016г. | BM41: 68001 | BN41: 0 | BP41: 0 | BQ41: 6 | BR41: 0 | BS41: 7.15 | BT41: 1 | BU41: 1 | BV41: 1 | BW41: 1 | BX41: 1 | BZ41: 104 | CA41: 60 | CF41: 0 | CG41: 0 | CM41: 0 | CN41: Поправка: Сб.№68, п.1.68.3 Наименование: Работы по ремонту дорожных оснований и покрытий в условиях непрекрекращающегося движения транспорта определяется по расценкам соответствующих таблиц | CO41: 0 | CP41: =(P41+Q41+S41) -> 714.77 | CQ41: =AC41*BC41 -> 28.457 | CR41: =AD41*BB41 -> 28.2282 | CS41: =AE41*BS41 -> 4.9764 | CT41: =AF41*BA41 -> 122.0076 | CU41: =AG41 -> 0 | CV41: =AH41 -> 2.088 | CW41: =AI41 -> 0.06 | CX41: =AJ41 -> 0 | CY41: =(((S41+R41)*AT41)/100) -> 528.2576 | CZ41: =(((S41+R41)*AU41)/100) -> 304.764 | DE41: )*1,2 | DF41: )*1,2 | DG41: )*1,2 | DI41: )*1,2 | DJ41: )*1,2 | DN41: 0 | DO41: 0 | DP41: 1 | DQ41: 1 | DU41: 1013 | DV41: ШТ | DW41: ШТ | DX41: 1 | EE41: 26549186 | EF41: 6 | EG41: Ремонтно-строительные работы | EH41: 0 | EJ41: 1 | EK41: 68001 | EL41: Благоустройство | EM41: рФЕР-68 | EO41: Поправка: Сб.№68, п.1.68.3 | EQ41: 0 | ER41: 21.49 | ES41: 3.98 | ET41: 3.29 | EU41: 0.58 | EV41: 14.22 | EW41: 1.74 | EX41: 0.05 | EY41: 0 | FQ41: 0 | FR41: =ROUND(IF(AND(BH41=3,BI41=3),P41,0),2) -> 0 | FS41: 0 | FX41: 104 | FY41: 60 | GD41: 0 | GF41: -1837813612 | GG41: 1 | GH41: 1 | GI41: 4 | GJ41: 0 | GK41: =ROUND(R41*(S12)/100,2) -> 0 | GL41: =ROUND(IF(AND(BH41=3,BI41=3,FS41<>0),P41,0),2) -> 0 | GM41: =ROUND(O41+X41+Y41+GK41,2)+GX41 -> 1547.79 | GN41: =IF(OR(BI41=0,BI41=1),ROUND(O41+X41+Y41+GK41,2),0) -> 1547.79 | GO41: =IF(BI41=2,ROUND(O41+X41+Y41+GK41,2),0) -> 0 | GP41: =IF(BI41=4,ROUND(O41+X41+Y41+GK41,2)+GX41,0) -> 0 | GR41: 0 | GS41: 3 | GT41: 0 | GV41: =ROUND(GT41,6) -> 0 | GW41: 1 | GX41: =ROUND(GV41*GW41*I41,2) -> 0 | HA41: 0 | HB41: 0 | IK41: 0
A42: 18 | B42: 1 | C42: 75 | E42: 5,1 | F42: 06.1.01.05-0036 | G42: Кирпич керамический одинарный, размером 250х120х65 мм, марка 125 | H42: 1000 шт. | I42: =I40*J42 -> 0.237 | J42: 0.05925 | O42: =ROUND(CP42,2) -> 441.62 | P42: =ROUND(CQ42*I42,2) -> 441.62 | Q42: =ROUND(CR42*I42,2) -> 0 | R42: =ROUND(CS42*I42,2) -> 0 | S42: =ROUND(CT42*I42,2) -> 0 | T42: =ROUND(CU42*I42,2) -> 0 | U42: =CV42*I42 -> 0 | V42: =CW42*I42 -> 0 | W42: =ROUND(CX42*I42,2) -> 0 | X42: =ROUND(CY42,2) -> 0 | Y42: =ROUND(CZ42,2) -> 0 | AA42: 26812436 | AB42: =ROUND((AC42+AD42+AF42),6) -> 1863.37 | AC42: =ROUND((ES42),6) -> 1863.37 | AD42: =ROUND((((ET42)-(EU42))+AE42),6) -> 0 | AE42: =ROUND((EU42),6) -> 0 | AF42: =ROUND((EV42),6) -> 0 | AG42: =ROUND((AP42),6) -> 0 | AH42: =(EW42) -> 0 | AI42: =(EX42) -> 0 | AJ42: =ROUND((AS42),6) -> 0 | AK42: 1863.37 | AL42: 1863.37 | AM42: 0 | AN42: 0 | AO42: 0 | AP42: 0 | AQ42: 0 | AR42: 0 | AS42: 0 | AT42: 104 | AU42: 60 | AV42: 1 | AW42: 1 | AZ42: 1 | BA42: 1 | BB42: 1 | BC42: 1 | BH42: 3 | BI42: 1 | BJ42: ФССЦ-2001, 06.1.01.05-0036, приказ Минстроя России №1039/пр от 30.12.2016г. | BM42: 68001 | BN42: 0 | BP42: 0 | BQ42: 6 | BR42: 0 | BS42: 1 | BT42: 1 | BU42: 1 | BV42: 1 | BW42: 1 | BX42: 1 | BZ42: 104 | CA42: 60 | CF42: 0 | CG42: 0 | CM42: 0 | CO42: 0 | CP42: =(P42+Q42+S42) -> 441.62 | CQ42: =AC42*BC42 -> 1863.37 | CR42: =AD42*BB42 -> 0 | CS42: =AE42*BS42 -> 0 | CT42: =AF42*BA42 -> 0 | CU42: =AG42 -> 0 | CV42: =AH42 -> 0 | CW42: =AI42 -> 0 | CX42: =AJ42 -> 0 | CY42: =(((S42+R42)*AT42)/100) -> 0 | CZ42: =(((S42+R42)*AU42)/100) -> 0 | DN42: 0 | DO42: 0 | DP42: 1 | DQ42: 1 | DU42: 1010 | DV42: 1000 шт. | DW42: 1000 шт. | DX42: 1000 | EE42: 26549186 | EF42: 6 | EG42: Ремонтно-строительные работы | EH42: 0 | EJ42: 1 | EK42: 68001 | EL42: Благоустройство | EM42: рФЕР-68 | EQ42: 0 | ER42: 1863.37 | ES42: 1863.37 | ET42: 0 | EU42: 0 | EV42: 0 | EW42: 0 | EX42: 0 | FQ42: 0 | FR42: =ROUND(IF(AND(BH42=3,BI42=3),P42,0),2) -> 0 | FS42: 0 | FX42: 104 | FY42: 60 | GD42: 0 | GF42: 1875282309 | GG42: 2 | GH42: 1 | GI42: -2 | GJ42: 0 | GK42: =ROUND(R42*(R12)/100,2) -> 0 | GL42: =ROUND(IF(AND(BH42=3,BI42=3,FS42<>0),P42,0),2) -> 0 | GM42: =ROUND(O42+X42+Y42+GK42,2)+GX42 -> 441.62 | GN42: =IF(OR(BI42=0,BI42=1),ROUND(O42+X42+Y42+GK42,2),0) -> 441.62 | GO42: =IF(BI42=2,ROUND(O42+X42+Y42+GK42,2),0) -> 0 | GP42: =IF(BI42=4,ROUND(O42+X42+Y42+GK42,2)+GX42,0) -> 0 | GR42: 0 | GS42: 3 | GT42: 0 | GV42: =ROUND(GT42,6) -> 0 | GW42: 1 | GX42: =ROUND(GV42*GW42*I42,2) -> 0 | HA42: 0 | HB42: 0 | IK42: 0
A43: 18 | B43: 1 | C43: 80 | E43: 5,1 | F43: 06.1.01.05-0036 | G43: Кирпич керамический одинарный, размером 250х120х65 мм, марка 125 | H43: 1000 шт. | I43: =I41*J43 -> 0.237 | J43: 0.05925 | O43: =ROUND(CP43,2) -> 3157.57 | P43: =ROUND(CQ43*I43,2) -> 3157.57 | Q43: =ROUND(CR43*I43,2) -> 0 | R43: =ROUND(CS43*I43,2) -> 0 | S43: =ROUND(CT43*I43,2) -> 0 | T43: =ROUND(CU43*I43,2) -> 0 | U43: =CV43*I43 -> 0 | V43: =CW43*I43 -> 0 | W43: =ROUND(CX43*I43,2) -> 0 | X43: =ROUND(CY43,2) -> 0 | Y43: =ROUND(CZ43,2) -> 0 | AA43: 26812450 | AB43: =ROUND((AC43+AD43+AF43),6) -> 1863.37 | AC43: =ROUND((ES43),6) -> 1863.37 | AD43: =ROUND((((ET43)-(EU43))+AE43),6) -> 0 | AE43: =ROUND((EU43),6) -> 0 | AF43: =ROUND((EV43),6) -> 0 | AG43: =ROUND((AP43),6) -> 0 | AH43: =(EW43) -> 0 | AI43: =(EX43) -> 0 | AJ43: =ROUND((AS43),6) -> 0 | AK43: 1863.37 | AL43: 1863.37 | AM43: 0 | AN43: 0 | AO43: 0 | AP43: 0 | AQ43: 0 | AR43: 0 | AS43: 0 | AT43: 104 | AU43: 60 | AV43: 1 | AW43: 1 | AZ43: 7.15 | BA43: 1 | BB43: 1 | BC43: 7.15 | BH43: 3 | BI43: 1 | BJ43: ФССЦ-2001, 06.1.01.05-0036, приказ Минстроя России №1039/пр от 30.12.2016г. | BM43: 68001 | BN43: 0 | BP43: 0 | BQ43: 6 | BR43: 0 | BS43: 1 | BT43: 1 | BU43: 1 | BV43: 1 | BW43: 1 | BX43: 1 | BZ43: 104 | CA43: 60 | CF43: 0 | CG43: 0 | CM43: 0 | CO43: 0 | CP43: =(P43+Q43+S43) -> 3157.57 | CQ43: =AC43*BC43 -> 13323.095 | CR43: =AD43*BB43 -> 0 | CS43: =AE43*BS43 -> 0 | CT43: =AF43*BA43 -> 0 | CU43: =AG43 -> 0 | CV43: =AH43 -> 0 | CW43: =AI43 -> 0 | CX43: =AJ43 -> 0 | CY43: =(((S43+R43)*AT43)/100) -> 0 | CZ43: =(((S43+R43)*AU43)/100) -> 0 | DN43: 0 | DO43: 0 | DP43: 1 | DQ43: 1 | DU43: 1010 | DV43: 1000 шт. | DW43: 1000 шт. | DX43: 1000 | EE43: 26549186 | EF43: 6 | EG43: Ремонтно-строительные работы | EH43: 0 | EJ43: 1 | EK43: 68001 | EL43: Благоустройство | EM43: рФЕР-68 | EQ43: 0 | ER43: 1863.37 | ES43: 1863.37 | ET43: 0 | EU43: 0 | EV43: 0 | EW43: 0 | EX43: 0 | FQ43: 0 | FR43: =ROUND(IF(AND(BH43=3,BI43=3),P43,0),2) -> 0 | FS43: 0 | FX43: 104 | FY43: 60 | GD43: 0 | GF43: 1875282309 | GG43: 1 | GH43: 1 | GI43: 4 | GJ43: 0 | GK43: =ROUND(R43*(S12)/100,2) -> 0 | GL43: =ROUND(IF(AND(BH43=3,BI43=3,FS43<>0),P43,0),2) -> 0 | GM43: =ROUND(O43+X43+Y43+GK43,2)+GX43 -> 3157.57 | GN43: =IF(OR(BI43=0,BI43=1),ROUND(O43+X43+Y43+GK43,2),0) -> 3157.57 | GO43: =IF(BI43=2,ROUND(O43+X43+Y43+GK43,2),0) -> 0 | GP43: =IF(BI43=4,ROUND(O43+X43+Y43+GK43,2)+GX43,0) -> 0 | GR43: 0 | GS43: 3 | GT43: 0 | GV43: =ROUND(GT43,6) -> 0 | GW43: 1 | GX43: =ROUND(GV43*GW43*I43,2) -> 0 | HA43: 0 | HB43: 0 | IK43: 0
A44: 17 | B44: 1 | C44: =ROW(SmtRes!A90) -> 90 | D44: =ROW(EtalonRes!A93) -> 93 | E44: 6 | F44: 27-02-010-02 | G44: Установка бортовых камней бетонных при других видах покрытий | H44: 100 м | I44: =ROUND((190+340)/100,9) -> 5.3 | J44: 0 | O44: =ROUND(CP44,2) -> 24002.18 | P44: =ROUND(CQ44*I44,2) -> 19557.27 | Q44: =ROUND(CR44*I44,2) -> 521.92 | R44: =ROUND(CS44*I44,2) -> 63.87 | S44: =ROUND(CT44*I44,2) -> 3922.99 | T44: =ROUND(CU44*I44,2) -> 0 | U44: =CV44*I44 -> 463.7076 | V44: =CW44*I44 -> 4.77 | W44: =ROUND(CX44*I44,2) -> 0 | X44: =ROUND(CY44,2) -> 5103.18 | Y44: =ROUND(CZ44,2) -> 3229.36 | AA44: 26812436 | AB44: =ROUND((AC44+AD44+AF44),6) -> 4528.711 | AC44: =ROUND((ES44),6) -> 3690.05 | AD44: =ROUND(((((ET44*1.25))-((EU44*1.25)))+AE44),6) -> 98.475 | AE44: =ROUND(((EU44*1.25)),6) -> 12.05 | AF44: =ROUND(((EV44*1.15)),6) -> 740.186 | AG44: =ROUND((AP44),6) -> 0 | AH44: =((EW44*1.15)) -> 87.492 | AI44: =((EX44*1.25)) -> 0.9 | AJ44: =ROUND((AS44),6) -> 0 | AK44: 4412.47 | AL44: 3690.05 | AM44: 78.78 | AN44: 9.64 | AO44: 643.64 | AP44: 0 | AQ44: 76.08 | AR44: 0.72 | AS44: 0 | AT44: 128 | AU44: 81 | AV44: 1 | AW44: 1 | AZ44: 1 | BA44: 1 | BB44: 1 | BC44: 1 | BH44: 0 | BI44: 1 | BJ44: ФЕР-2001, 27-02-010-02, приказ Минстроя России №1039/пр от 30.12.2016г. | BM44: 27001 | BN44: 0 | BP44: 0 | BQ44: 2 | BR44: 0 | BS44: 1 | BT44: 1 | BU44: 1 | BV44: 1 | BW44: 1 | BX44: 1 | BZ44: 142 | CA44: 95 | CF44: 0 | CG44: 0 | CM44: 0 | CN44: Поправка: МДС 81-35.2004, п.4.7 Наименование: Работы, выполняемые при реконструкции зданий и сооружений работы, аналогичные технологическим процессам в новом строительстве (в том числе возведение новых конструктивных элементов) стоимость которых определена по соответствующим сборникам ФЕР, кроме сборника № 46 «Работы при реконструкции зданий и сооружений» | CO44: 0 | CP44: =(P44+Q44+S44) -> 24002.18 | CQ44: =AC44*BC44 -> 3690.05 | CR44: =AD44*BB44 -> 98.475 | CS44: =AE44*BS44 -> 12.05 | CT44: =AF44*BA44 -> 740.186 | CU44: =AG44 -> 0 | CV44: =AH44 -> 87.492 | CW44: =AI44 -> 0.9 | CX44: =AJ44 -> 0 | CY44: =(((S44+R44)*AT44)/100) -> 5103.1808 | CZ44: =(((S44+R44)*AU44)/100) -> 3229.3566 | DE44: )*1,25 | DF44: )*1,25 | DG44: )*1,15 | DI44: )*1,15 | DJ44: )*1,25 | DN44: 0 | DO44: 0 | DP44: 1 | DQ44: 1 | DU44: 1003 | DV44: 100 м | DW44: 100 м | DX44: 100 | EE44: 26549101 | EF44: 2 | EG44: Общестроительные работы | EH44: 0 | EJ44: 1 | EK44: 27001 | EL44: Автомобильные дороги | EM44: ФЕР-27 | EO44: Поправка: МДС 81-35.2004, п.4.7 | EQ44: 0 | ER44: 4412.47 | ES44: 3690.05 | ET44: 78.78 | EU44: 9.64 | EV44: 643.64 | EW44: 76.08 | EX44: 0.72 | EY44: 0 | FQ44: 0 | FR44: =ROUND(IF(AND(BH44=3,BI44=3),P44,0),2) -> 0 | FS44: 0 | FT44: *0,9 | FU44: *0,85 | FX44: 127.8 | FY44: 80.75 | GD44: 0 | GF44: -1554983997 | GG44: 2 | GH44: 1 | GI44: -2 | GJ44: 0 | GK44: =ROUND(R44*(R12)/100,2) -> 0 | GL44: =ROUND(IF(AND(BH44=3,BI44=3,FS44<>0),P44,0),2) -> 0 | GM44: =ROUND(O44+X44+Y44+GK44,2)+GX44 -> 32334.72 | GN44: =IF(OR(BI44=0,BI44=1),ROUND(O44+X44+Y44+GK44,2),0) -> 32334.72 | GO44: =IF(BI44=2,ROUND(O44+X44+Y44+GK44,2),0) -> 0 | GP44: =IF(BI44=4,ROUND(O44+X44+Y44+GK44,2)+GX44,0) -> 0 | GR44: 0 | GS44: 3 | GT44: 0 | GV44: =ROUND(GT44,6) -> 0 | GW44: 1 | GX44: =ROUND(GV44*GW44*I44,2) -> 0 | HA44: 0 | HB44: 0 | IK44: 0
A45: 17 | B45: 1 | C45: =ROW(SmtRes!A100) -> 100 | D45: =ROW(EtalonRes!A102) -> 102 | E45: 6 | F45: 27-02-010-02 | G45: Установка бортовых камней бетонных при других видах покрытий | H45: 100 м | I45: =ROUND((190+340)/100,9) -> 5.3 | J45: 0 | O45: =ROUND(CP45,2) -> 171615.5 | P45: =ROUND(CQ45*I45,2) -> 139834.44 | Q45: =ROUND(CR45*I45,2) -> 3731.71 | R45: =ROUND(CS45*I45,2) -> 456.63 | S45: =ROUND(CT45*I45,2) -> 28049.35 | T45: =ROUND(CU45*I45,2) -> 0 | U45: =CV45*I45 -> 463.7076 | V45: =CW45*I45 -> 4.77 | W45: =ROUND(CX45*I45,2) -> 0 | X45: =ROUND(CY45,2) -> 36487.65 | Y45: =ROUND(CZ45,2) -> 23089.84 | AA45: 26812450 | AB45: =ROUND((AC45+AD45+AF45),6) -> 4528.711 | AC45: =ROUND((ES45),6) -> 3690.05 | AD45: =ROUND(((((ET45*1.25))-((EU45*1.25)))+AE45),6) -> 98.475 | AE45: =ROUND(((EU45*1.25)),6) -> 12.05 | AF45: =ROUND(((EV45*1.15)),6) -> 740.186 | AG45: =ROUND((AP45),6) -> 0 | AH45: =((EW45*1.15)) -> 87.492 | AI45: =((EX45*1.25)) -> 0.9 | AJ45: =ROUND((AS45),6) -> 0 | AK45: 4412.47 | AL45: 3690.05 | AM45: 78.78 | AN45: 9.64 | AO45: 643.64 | AP45: 0 | AQ45: 76.08 | AR45: 0.72 | AS45: 0 | AT45: 128 | AU45: 81 | AV45: 1 | AW45: 1 | AZ45: 7.15 | BA45: 7.15 | BB45: 7.15 | BC45: 7.15 | BH45: 0 | BI45: 1 | BJ45: ФЕР-2001, 27-02-010-02, приказ Минстроя России №1039/пр от 30.12.2016г. | BM45: 27001 | BN45: 0 | BP45: 0 | BQ45: 2 | BR45: 0 | BS45: 7.15 | BT45: 1 | BU45: 1 | BV45: 1 | BW45: 1 | BX45: 1 | BZ45: 142 | CA45: 95 | CF45: 0 | CG45: 0 | CM45: 0 | CN45: Поправка: МДС 81-35.2004, п.4.7 Наименование: Работы, выполняемые при реконструкции зданий и сооружений работы, аналогичные технологическим процессам в новом строительстве (в том числе возведение новых конструктивных элементов) стоимость которых определена по соответствующим сборникам ФЕР, кроме сборника № 46 «Работы при реконструкции зданий и сооружений» | CO45: 0 | CP45: =(P45+Q45+S45) -> 171615.5 | CQ45: =AC45*BC45 -> 26383.858 | CR45: =AD45*BB45 -> 704.09625 | CS45: =AE45*BS45 -> 86.1575 | CT45: =AF45*BA45 -> 5292.3299 | CU45: =AG45 -> 0 | CV45: =AH45 -> 87.492 | CW45: =AI45 -> 0.9 | CX45: =AJ45 -> 0 | CY45: =(((S45+R45)*AT45)/100) -> 36487.654 | CZ45: =(((S45+R45)*AU45)/100) -> 23089.844 | DE45: )*1,25 | DF45: )*1,25 | DG45: )*1,15 | DI45: )*1,15 | DJ45: )*1,25 | DN45: 0 | DO45: 0 | DP45: 1 | DQ45: 1 | DU45: 1003 | DV45: 100 м | DW45: 100 м | DX45: 100 | EE45: 26549101 | EF45: 2 | EG45: Общестроительные работы | EH45: 0 | EJ45: 1 | EK45: 27001 | EL45: Автомобильные дороги | EM45: ФЕР-27 | EO45: Поправка: МДС 81-35.2004, п.4.7 | EQ45: 0 | ER45: 4412.47 | ES45: 3690.05 | ET45: 78.78 | EU45: 9.64 | EV45: 643.64 | EW45: 76.08 | EX45: 0.72 | EY45: 0 | FQ45: 0 | FR45: =ROUND(IF(AND(BH45=3,BI45=3),P45,0),2) -> 0 | FS45: 0 | FT45: *0,9 | FU45: *0,85 | FX45: 127.8 | FY45: 80.75 | GD45: 0 | GF45: -1554983997 | GG45: 1 | GH45: 1 | GI45: 4 | GJ45: 0 | GK45: =ROUND(R45*(S12)/100,2) -> 0 | GL45: =ROUND(IF(AND(BH45=3,BI45=3,FS45<>0),P45,0),2) -> 0 | GM45: =ROUND(O45+X45+Y45+GK45,2)+GX45 -> 231192.99 | GN45: =IF(OR(BI45=0,BI45=1),ROUND(O45+X45+Y45+GK45,2),0) -> 231192.99 | GO45: =IF(BI45=2,ROUND(O45+X45+Y45+GK45,2),0) -> 0 | GP45: =IF(BI45=4,ROUND(O45+X45+Y45+GK45,2)+GX45,0) -> 0 | GR45: 0 | GS45: 3 | GT45: 0 | GV45: =ROUND(GT45,6) -> 0 | GW45: 1 | GX45: =ROUND(GV45*GW45*I45,2) -> 0 | HA45: 0 | HB45: 0 | IK45: 0
A46: 18 | B46: 1 | C46: 89 | E46: 6,1 | F46: 05.2.03.04-0008 | G46: Камни бортовые вибропрессованные "FARBSTEIN" тротуарные, размер 1000х200х80 мм, серые | H46: шт. | I46: =I44*J46 -> 340 | J46: 64.150943 | O46: =ROUND(CP46,2) -> 23545 | P46: =ROUND(CQ46*I46,2) -> 23545 | Q46: =ROUND(CR46*I46,2) -> 0 | R46: =ROUND(CS46*I46,2) -> 0 | S46: =ROUND(CT46*I46,2) -> 0 | T46: =ROUND(CU46*I46,2) -> 0 | U46: =CV46*I46 -> 0 | V46: =CW46*I46 -> 0 | W46: =ROUND(CX46*I46,2) -> 0 | X46: =ROUND(CY46,2) -> 0 | Y46: =ROUND(CZ46,2) -> 0 | AA46: 26812436 | AB46: =ROUND((AC46+AD46+AF46),6) -> 69.25 | AC46: =ROUND((ES46),6) -> 69.25 | AD46: =ROUND((((ET46)-(EU46))+AE46),6) -> 0 | AE46: =ROUND((EU46),6) -> 0 | AF46: =ROUND((EV46),6) -> 0 | AG46: =ROUND((AP46),6) -> 0 | AH46: =(EW46) -> 0 | AI46: =(EX46) -> 0 | AJ46: =ROUND((AS46),6) -> 0 | AK46: 69.25 | AL46: 69.25 | AM46: 0 | AN46: 0 | AO46: 0 | AP46: 0 | AQ46: 0 | AR46: 0 | AS46: 0 | AT46: 128 | AU46: 81 | AV46: 1 | AW46: 1 | AZ46: 1 | BA46: 1 | BB46: 1 | BC46: 1 | BH46: 3 | BI46: 1 | BJ46: ФССЦ-2001, 05.2.03.04-0008, приказ Минстроя России №1039/пр от 30.12.2016г. | BM46: 27001 | BN46: 0 | BP46: 0 | BQ46: 2 | BR46: 0 | BS46: 1 | BT46: 1 | BU46: 1 | BV46: 1 | BW46: 1 | BX46: 1 | BZ46: 142 | CA46: 95 | CF46: 0 | CG46: 0 | CM46: 0 | CO46: 0 | CP46: =(P46+Q46+S46) -> 23545 | CQ46: =AC46*BC46 -> 69.25 | CR46: =AD46*BB46 -> 0 | CS46: =AE46*BS46 -> 0 | CT46: =AF46*BA46 -> 0 | CU46: =AG46 -> 0 | CV46: =AH46 -> 0 | CW46: =AI46 -> 0 | CX46: =AJ46 -> 0 | CY46: =(((S46+R46)*AT46)/100) -> 0 | CZ46: =(((S46+R46)*AU46)/100) -> 0 | DN46: 0 | DO46: 0 | DP46: 1 | DQ46: 1 | DU46: 1010 | DV46: шт. | DW46: шт. | DX46: 1 | EE46: 26549101 | EF46: 2 | EG46: Общестроительные работы | EH46: 0 | EJ46: 1 | EK46: 27001 | EL46: Автомобильные дороги | EM46: ФЕР-27 | EQ46: 0 | ER46: 69.25 | ES46: 69.25 | ET46: 0 | EU46: 0 | EV46: 0 | EW46: 0 | EX46: 0 | FQ46: 0 | FR46: =ROUND(IF(AND(BH46=3,BI46=3),P46,0),2) -> 0 | FS46: 0 | FT46: *0,9 | FU46: *0,85 | FX46: 127.8 | FY46: 80.75 | GD46: 0 | GF46: -1095119655 | GG46: 2 | GH46: 1 | GI46: -2 | GJ46: 0 | GK46: =ROUND(R46*(R12)/100,2) -> 0 | GL46: =ROUND(IF(AND(BH46=3,BI46=3,FS46<>0),P46,0),2) -> 0 | GM46: =ROUND(O46+X46+Y46+GK46,2)+GX46 -> 23545 | GN46: =IF(OR(BI46=0,BI46=1),ROUND(O46+X46+Y46+GK46,2),0) -> 23545 | GO46: =IF(BI46=2,ROUND(O46+X46+Y46+GK46,2),0) -> 0 | GP46: =IF(BI46=4,ROUND(O46+X46+Y46+GK46,2)+GX46,0) -> 0 | GR46: 0 | GS46: 3 | GT46: 0 | GV46: =ROUND(GT46,6) -> 0 | GW46: 1 | GX46: =ROUND(GV46*GW46*I46,2) -> 0 | HA46: 0 | HB46: 0 | IK46: 0
A47: 18 | B47: 1 | C47: 99 | E47: 6,1 | F47: 05.2.03.04-0008 | G47: Камни бортовые вибропрессованные "FARBSTEIN" тротуарные, размер 1000х200х80 мм, серые | H47: шт. | I47: =I45*J47 -> 340 | J47: 64.150943 | O47: =ROUND(CP47,2) -> 168346.75 | P47: =ROUND(CQ47*I47,2) -> 168346.75 | Q47: =ROUND(CR47*I47,2) -> 0 | R47: =ROUND(CS47*I47,2) -> 0 | S47: =ROUND(CT47*I47,2) -> 0 | T47: =ROUND(CU47*I47,2) -> 0 | U47: =CV47*I47 -> 0 | V47: =CW47*I47 -> 0 | W47: =ROUND(CX47*I47,2) -> 0 | X47: =ROUND(CY47,2) -> 0 | Y47: =ROUND(CZ47,2) -> 0 | AA47: 26812450 | AB47: =ROUND((AC47+AD47+AF47),6) -> 69.25 | AC47: =ROUND((ES47),6) -> 69.25 | AD47: =ROUND((((ET47)-(EU47))+AE47),6) -> 0 | AE47: =ROUND((EU47),6) -> 0 | AF47: =ROUND((EV47),6) -> 0 | AG47: =ROUND((AP47),6) -> 0 | AH47: =(EW47) -> 0 | AI47: =(EX47) -> 0 | AJ47: =ROUND((AS47),6) -> 0 | AK47: 69.25 | AL47: 69.25 | AM47: 0 | AN47: 0 | AO47: 0 | AP47: 0 | AQ47: 0 | AR47: 0 | AS47: 0 | AT47: 128 | AU47: 81 | AV47: 1 | AW47: 1 | AZ47: 7.15 | BA47: 1 | BB47: 1 | BC47: 7.15 | BH47: 3 | BI47: 1 | BJ47: ФССЦ-2001, 05.2.03.04-0008, приказ Минстроя России №1039/пр от 30.12.2016г. | BM47: 27001 | BN47: 0 | BP47: 0 | BQ47: 2 | BR47: 0 | BS47: 1 | BT47: 1 | BU47: 1 | BV47: 1 | BW47: 1 | BX47: 1 | BZ47: 142 | CA47: 95 | CF47: 0 | CG47: 0 | CM47: 0 | CO47: 0 | CP47: =(P47+Q47+S47) -> 168346.75 | CQ47: =AC47*BC47 -> 495.1375 | CR47: =AD47*BB47 -> 0 | CS47: =AE47*BS47 -> 0 | CT47: =AF47*BA47 -> 0 | CU47: =AG47 -> 0 | CV47: =AH47 -> 0 | CW47: =AI47 -> 0 | CX47: =AJ47 -> 0 | CY47: =(((S47+R47)*AT47)/100) -> 0 | CZ47: =(((S47+R47)*AU47)/100) -> 0 | DN47: 0 | DO47: 0 | DP47: 1 | DQ47: 1 | DU47: 1010 | DV47: шт. | DW47: шт. | DX47: 1 | EE47: 26549101 | EF47: 2 | EG47: Общестроительные работы | EH47: 0 | EJ47: 1 | EK47: 27001 | EL47: Автомобильные дороги | EM47: ФЕР-27 | EQ47: 0 | ER47: 69.25 | ES47: 69.25 | ET47: 0 | EU47: 0 | EV47: 0 | EW47: 0 | EX47: 0 | FQ47: 0 | FR47: =ROUND(IF(AND(BH47=3,BI47=3),P47,0),2) -> 0 | FS47: 0 | FT47: *0,9 | FU47: *0,85 | FX47: 127.8 | FY47: 80.75 | GD47: 0 | GF47: -1095119655 | GG47: 1 | GH47: 1 | GI47: 4 | GJ47: 0 | GK47: =ROUND(R47*(S12)/100,2) -> 0 | GL47: =ROUND(IF(AND(BH47=3,BI47=3,FS47<>0),P47,0),2) -> 0 | GM47: =ROUND(O47+X47+Y47+GK47,2)+GX47 -> 168346.75 | GN47: =IF(OR(BI47=0,BI47=1),ROUND(O47+X47+Y47+GK47,2),0) -> 168346.75 | GO47: =IF(BI47=2,ROUND(O47+X47+Y47+GK47,2),0) -> 0 | GP47: =IF(BI47=4,ROUND(O47+X47+Y47+GK47,2)+GX47,0) -> 0 | GR47: 0 | GS47: 3 | GT47: 0 | GV47: =ROUND(GT47,6) -> 0 | GW47: 1 | GX47: =ROUND(GV47*GW47*I47,2) -> 0 | HA47: 0 | HB47: 0 | IK47: 0
A48: 18 | B48: 1 | C48: 88 | E48: 6,2 | F48: 05.2.03.04-0002 | G48: Камни бортовые вибропрессованные "FARBSTEIN" дорожные, размер 1000х300х150 мм, серые | H48: шт. | I48: =I44*J48 -> 190 | J48: 35.849057 | O48: =ROUND(CP48,2) -> 21006.4 | P48: =ROUND(CQ48*I48,2) -> 21006.4 | Q48: =ROUND(CR48*I48,2) -> 0 | R48: =ROUND(CS48*I48,2) -> 0 | S48: =ROUND(CT48*I48,2) -> 0 | T48: =ROUND(CU48*I48,2) -> 0 | U48: =CV48*I48 -> 0 | V48: =CW48*I48 -> 0 | W48: =ROUND(CX48*I48,2) -> 0 | X48: =ROUND(CY48,2) -> 0 | Y48: =ROUND(CZ48,2) -> 0 | AA48: 26812436 | AB48: =ROUND((AC48+AD48+AF48),6) -> 110.56 | AC48: =ROUND((ES48),6) -> 110.56 | AD48: =ROUND((((ET48)-(EU48))+AE48),6) -> 0 | AE48: =ROUND((EU48),6) -> 0 | AF48: =ROUND((EV48),6) -> 0 | AG48: =ROUND((AP48),6) -> 0 | AH48: =(EW48) -> 0 | AI48: =(EX48) -> 0 | AJ48: =ROUND((AS48),6) -> 0 | AK48: 110.56 | AL48: 110.56 | AM48: 0 | AN48: 0 | AO48: 0 | AP48: 0 | AQ48: 0 | AR48: 0 | AS48: 0 | AT48: 128 | AU48: 81 | AV48: 1 | AW48: 1 | AZ48: 1 | BA48: 1 | BB48: 1 | BC48: 1 | BH48: 3 | BI48: 1 | BJ48: ФССЦ-2001, 05.2.03.04-0002, приказ Минстроя России №1039/пр от 30.12.2016г. | BM48: 27001 | BN48: 0 | BP48: 0 | BQ48: 2 | BR48: 0 | BS48: 1 | BT48: 1 | BU48: 1 | BV48: 1 | BW48: 1 | BX48: 1 | BZ48: 142 | CA48: 95 | CF48: 0 | CG48: 0 | CM48: 0 | CO48: 0 | CP48: =(P48+Q48+S48) -> 21006.4 | CQ48: =AC48*BC48 -> 110.56 | CR48: =AD48*BB48 -> 0 | CS48: =AE48*BS48 -> 0 | CT48: =AF48*BA48 -> 0 | CU48: =AG48 -> 0 | CV48: =AH48 -> 0 | CW48: =AI48 -> 0 | CX48: =AJ48 -> 0 | CY48: =(((S48+R48)*AT48)/100) -> 0 | CZ48: =(((S48+R48)*AU48)/100) -> 0 | DN48: 0 | DO48: 0 | DP48: 1 | DQ48: 1 | DU48: 1010 | DV48: шт. | DW48: шт. | DX48: 1 | EE48: 26549101 | EF48: 2 | EG48: Общестроительные работы | EH48: 0 | EJ48: 1 | EK48: 27001 | EL48: Автомобильные дороги | EM48: ФЕР-27 | EQ48: 0 | ER48: 110.56 | ES48: 110.56 | ET48: 0 | EU48: 0 | EV48: 0 | EW48: 0 | EX48: 0 | FQ48: 0 | FR48: =ROUND(IF(AND(BH48=3,BI48=3),P48,0),2) -> 0 | FS48: 0 | FT48: *0,9 | FU48: *0,85 | FX48: 127.8 | FY48: 80.75 | GD48: 0 | GF48: -153568271 | GG48: 2 | GH48: 1 | GI48: -2 | GJ48: 0 | GK48: =ROUND(R48*(R12)/100,2) -> 0 | GL48: =ROUND(IF(AND(BH48=3,BI48=3,FS48<>0),P48,0),2) -> 0 | GM48: =ROUND(O48+X48+Y48+GK48,2)+GX48 -> 21006.4 | GN48: =IF(OR(BI48=0,BI48=1),ROUND(O48+X48+Y48+GK48,2),0) -> 21006.4 | GO48: =IF(BI48=2,ROUND(O48+X48+Y48+GK48,2),0) -> 0 | GP48: =IF(BI48=4,ROUND(O48+X48+Y48+GK48,2)+GX48,0) -> 0 | GR48: 0 | GS48: 3 | GT48: 0 | GV48: =ROUND(GT48,6) -> 0 | GW48: 1 | GX48: =ROUND(GV48*GW48*I48,2) -> 0 | HA48: 0 | HB48: 0 | IK48: 0
A49: 18 | B49: 1 | C49: 98 | E49: 6,2 | F49: 05.2.03.04-0002 | G49: Камни бортовые вибропрессованные "FARBSTEIN" дорожные, размер 1000х300х150 мм, серые | H49: шт. | I49: =I45*J49 -> 190 | J49: 35.849057 | O49: =ROUND(CP49,2) -> 150195.76 | P49: =ROUND(CQ49*I49,2) -> 150195.76 | Q49: =ROUND(CR49*I49,2) -> 0 | R49: =ROUND(CS49*I49,2) -> 0 | S49: =ROUND(CT49*I49,2) -> 0 | T49: =ROUND(CU49*I49,2) -> 0 | U49: =CV49*I49 -> 0 | V49: =CW49*I49 -> 0 | W49: =ROUND(CX49*I49,2) -> 0 | X49: =ROUND(CY49,2) -> 0 | Y49: =ROUND(CZ49,2) -> 0 | AA49: 26812450 | AB49: =ROUND((AC49+AD49+AF49),6) -> 110.56 | AC49: =ROUND((ES49),6) -> 110.56 | AD49: =ROUND((((ET49)-(EU49))+AE49),6) -> 0 | AE49: =ROUND((EU49),6) -> 0 | AF49: =ROUND((EV49),6) -> 0 | AG49: =ROUND((AP49),6) -> 0 | AH49: =(EW49) -> 0 | AI49: =(EX49) -> 0 | AJ49: =ROUND((AS49),6) -> 0 | AK49: 110.56 | AL49: 110.56 | AM49: 0 | AN49: 0 | AO49: 0 | AP49: 0 | AQ49: 0 | AR49: 0 | AS49: 0 | AT49: 128 | AU49: 81 | AV49: 1 | AW49: 1 | AZ49: 7.15 | BA49: 1 | BB49: 1 | BC49: 7.15 | BH49: 3 | BI49: 1 | BJ49: ФССЦ-2001, 05.2.03.04-0002, приказ Минстроя России №1039/пр от 30.12.2016г. | BM49: 27001 | BN49: 0 | BP49: 0 | BQ49: 2 | BR49: 0 | BS49: 1 | BT49: 1 | BU49: 1 | BV49: 1 | BW49: 1 | BX49: 1 | BZ49: 142 | CA49: 95 | CF49: 0 | CG49: 0 | CM49: 0 | CO49: 0 | CP49: =(P49+Q49+S49) -> 150195.76 | CQ49: =AC49*BC49 -> 790.504 | CR49: =AD49*BB49 -> 0 | CS49: =AE49*BS49 -> 0 | CT49: =AF49*BA49 -> 0 | CU49: =AG49 -> 0 | CV49: =AH49 -> 0 | CW49: =AI49 -> 0 | CX49: =AJ49 -> 0 | CY49: =(((S49+R49)*AT49)/100) -> 0 | CZ49: =(((S49+R49)*AU49)/100) -> 0 | DN49: 0 | DO49: 0 | DP49: 1 | DQ49: 1 | DU49: 1010 | DV49: шт. | DW49: шт. | DX49: 1 | EE49: 26549101 | EF49: 2 | EG49: Общестроительные работы | EH49: 0 | EJ49: 1 | EK49: 27001 | EL49: Автомобильные дороги | EM49: ФЕР-27 | EQ49: 0 | ER49: 110.56 | ES49: 110.56 | ET49: 0 | EU49: 0 | EV49: 0 | EW49: 0 | EX49: 0 | FQ49: 0 | FR49: =ROUND(IF(AND(BH49=3,BI49=3),P49,0),2) -> 0 | FS49: 0 | FT49: *0,9 | FU49: *0,85 | FX49: 127.8 | FY49: 80.75 | GD49: 0 | GF49: -153568271 | GG49: 1 | GH49: 1 | GI49: 4 | GJ49: 0 | GK49: =ROUND(R49*(S12)/100,2) -> 0 | GL49: =ROUND(IF(AND(BH49=3,BI49=3,FS49<>0),P49,0),2) -> 0 | GM49: =ROUND(O49+X49+Y49+GK49,2)+GX49 -> 150195.76 | GN49: =IF(OR(BI49=0,BI49=1),ROUND(O49+X49+Y49+GK49,2),0) -> 150195.76 | GO49: =IF(BI49=2,ROUND(O49+X49+Y49+GK49,2),0) -> 0 | GP49: =IF(BI49=4,ROUND(O49+X49+Y49+GK49,2)+GX49,0) -> 0 | GR49: 0 | GS49: 3 | GT49: 0 | GV49: =ROUND(GT49,6) -> 0 | GW49: 1 | GX49: =ROUND(GV49*GW49*I49,2) -> 0 | HA49: 0 | HB49: 0 | IK49: 0
A50: 17 | B50: 1 | C50: =ROW(SmtRes!A110) -> 110 | D50: =ROW(EtalonRes!A112) -> 112 | E50: 7 | F50: 68-15-5 | G50: Ремонт асфальтобетонного покрытия дорог однослойного толщиной 80 мм площадью ремонта до 5 м2 | H50: 100 м2 | I50: =ROUND(12/100,9) -> 0.12 | J50: 0 | O50: =ROUND(CP50,2) -> 352.28 | P50: =ROUND(CQ50*I50,2) -> 0 | Q50: =ROUND(CR50*I50,2) -> 145.38 | R50: =ROUND(CS50*I50,2) -> 18.52 | S50: =ROUND(CT50*I50,2) -> 206.9 | T50: =ROUND(CU50*I50,2) -> 0 | U50: =CV50*I50 -> 24.8976 | V50: =CW50*I50 -> 1.68624 | W50: =ROUND(CX50*I50,2) -> 0 | X50: =ROUND(CY50,2) -> 234.44 | Y50: =ROUND(CZ50,2) -> 135.25 | AA50: 26812436 | AB50: =ROUND((AC50+AD50+AF50),6) -> 2935.62 | AC50: =ROUND((ES50),6) -> 0 | AD50: =ROUND(((((ET50*1.2))-((EU50*1.2)))+AE50),6) -> 1211.46 | AE50: =ROUND(((EU50*1.2)),6) -> 154.308 | AF50: =ROUND(((EV50*1.2)),6) -> 1724.16 | AG50: =ROUND((AP50),6) -> 0 | AH50: =((EW50*1.2)) -> 207.48 | AI50: =((EX50*1.2)) -> 14.052 | AJ50: =ROUND((AS50),6) -> 0 | AK50: 2446.35 | AL50: 0 | AM50: 1009.55 | AN50: 128.59 | AO50: 1436.8 | AP50: 0 | AQ50: 172.9 | AR50: 11.71 | AS50: 0 | AT50: 104 | AU50: 60 | AV50: 1 | AW50: 1 | AZ50: 1 | BA50: 1 | BB50: 1 | BC50: 1 | BH50: 0 | BI50: 1 | BJ50: ФЕР-2001, 68-15-5, приказ Минстроя России №1039/пр от 30.12.2016г. | BM50: 68001 | BN50: 0 | BP50: 0 | BQ50: 6 | BR50: 0 | BS50: 1 | BT50: 1 | BU50: 1 | BV50: 1 | BW50: 1 | BX50: 1 | BZ50: 104 | CA50: 60 | CF50: 0 | CG50: 0 | CM50: 0 | CN50: Поправка: Сб.№68, п.1.68.3 Наименование: Работы по ремонту дорожных оснований и покрытий в условиях непрекрекращающегося движения транспорта определяется по расценкам соответствующих таблиц | CO50: 0 | CP50: =(P50+Q50+S50) -> 352.28 | CQ50: =AC50*BC50 -> 0 | CR50: =AD50*BB50 -> 1211.46 | CS50: =AE50*BS50 -> 154.308 | CT50: =AF50*BA50 -> 1724.16 | CU50: =AG50 -> 0 | CV50: =AH50 -> 207.48 | CW50: =AI50 -> 14.052 | CX50: =AJ50 -> 0 | CY50: =(((S50+R50)*AT50)/100) -> 234.4368 | CZ50: =(((S50+R50)*AU50)/100) -> 135.252 | DE50: )*1,2 | DF50: )*1,2 | DG50: )*1,2 | DI50: )*1,2 | DJ50: )*1,2 | DN50: 0 | DO50: 0 | DP50: 1 | DQ50: 1 | DU50: 1005 | DV50: 100 м2 | DW50: 100 м2 | DX50: 100 | EE50: 26549186 | EF50: 6 | EG50: Ремонтно-строительные работы | EH50: 0 | EJ50: 1 | EK50: 68001 | EL50: Благоустройство | EM50: рФЕР-68 | EO50: Поправка: Сб.№68, п.1.68.3 | EQ50: 0 | ER50: 2446.35 | ES50: 0 | ET50: 1009.55 | EU50: 128.59 | EV50: 1436.8 | EW50: 172.9 | EX50: 11.71 | EY50: 0 | FQ50: 0 | FR50: =ROUND(IF(AND(BH50=3,BI50=3),P50,0),2) -> 0 | FS50: 0 | FX50: 104 | FY50: 60 | GD50: 0 | GF50: 776775175 | GG50: 2 | GH50: 1 | GI50: -2 | GJ50: 0 | GK50: =ROUND(R50*(R12)/100,2) -> 0 | GL50: =ROUND(IF(AND(BH50=3,BI50=3,FS50<>0),P50,0),2) -> 0 | GM50: =ROUND(O50+X50+Y50+GK50,2)+GX50 -> 721.97 | GN50: =IF(OR(BI50=0,BI50=1),ROUND(O50+X50+Y50+GK50,2),0) -> 721.97 | GO50: =IF(BI50=2,ROUND(O50+X50+Y50+GK50,2),0) -> 0 | GP50: =IF(BI50=4,ROUND(O50+X50+Y50+GK50,2)+GX50,0) -> 0 | GR50: 0 | GS50: 3 | GT50: 0 | GV50: =ROUND(GT50,6) -> 0 | GW50: 1 | GX50: =ROUND(GV50*GW50*I50,2) -> 0 | HA50: 0 | HB50: 0 | IK50: 0
A51: 17 | B51: 1 | C51: =ROW(SmtRes!A120) -> 120 | D51: =ROW(EtalonRes!A122) -> 122 | E51: 7 | F51: 68-15-5 | G51: Ремонт асфальтобетонного покрытия дорог однослойного толщиной 80 мм площадью ремонта до 5 м2 | H51: 100 м2 | I51: =ROUND(12/100,9) -> 0.12 | J51: 0 | O51: =ROUND(CP51,2) -> 2518.76 | P51: =ROUND(CQ51*I51,2) -> 0 | Q51: =ROUND(CR51*I51,2) -> 1039.43 | R51: =ROUND(CS51*I51,2) -> 132.4 | S51: =ROUND(CT51*I51,2) -> 1479.33 | T51: =ROUND(CU51*I51,2) -> 0 | U51: =CV51*I51 -> 24.8976 | V51: =CW51*I51 -> 1.68624 | W51: =ROUND(CX51*I51,2) -> 0 | X51: =ROUND(CY51,2) -> 1676.2 | Y51: =ROUND(CZ51,2) -> 967.04 | AA51: 26812450 | AB51: =ROUND((AC51+AD51+AF51),6) -> 2935.62 | AC51: =ROUND((ES51),6) -> 0 | AD51: =ROUND(((((ET51*1.2))-((EU51*1.2)))+AE51),6) -> 1211.46 | AE51: =ROUND(((EU51*1.2)),6) -> 154.308 | AF51: =ROUND(((EV51*1.2)),6) -> 1724.16 | AG51: =ROUND((AP51),6) -> 0 | AH51: =((EW51*1.2)) -> 207.48 | AI51: =((EX51*1.2)) -> 14.052 | AJ51: =ROUND((AS51),6) -> 0 | AK51: 2446.35 | AL51: 0 | AM51: 1009.55 | AN51: 128.59 | AO51: 1436.8 | AP51: 0 | AQ51: 172.9 | AR51: 11.71 | AS51: 0 | AT51: 104 | AU51: 60 | AV51: 1 | AW51: 1 | AZ51: 7.15 | BA51: 7.15 | BB51: 7.15 | BC51: 7.15 | BH51: 0 | BI51: 1 | BJ51: ФЕР-2001, 68-15-5, приказ Минстроя России №1039/пр от 30.12.2016г. | BM51: 68001 | BN51: 0 | BP51: 0 | BQ51: 6 | BR51: 0 | BS51: 7.15 | BT51: 1 | BU51: 1 | BV51: 1 | BW51: 1 | BX51: 1 | BZ51: 104 | CA51: 60 | CF51: 0 | CG51: 0 | CM51: 0 | CN51: Поправка: Сб.№68, п.1.68.3 Наименование: Работы по ремонту дорожных оснований и покрытий в условиях непрекрекращающегося движения транспорта определяется по расценкам соответствующих таблиц | CO51: 0 | CP51: =(P51+Q51+S51) -> 2518.76 | CQ51: =AC51*BC51 -> 0 | CR51: =AD51*BB51 -> 8661.939 | CS51: =AE51*BS51 -> 1103.3022 | CT51: =AF51*BA51 -> 12327.744 | CU51: =AG51 -> 0 | CV51: =AH51 -> 207.48 | CW51: =AI51 -> 14.052 | CX51: =AJ51 -> 0 | CY51: =(((S51+R51)*AT51)/100) -> 1676.1992 | CZ51: =(((S51+R51)*AU51)/100) -> 967.038 | DE51: )*1,2 | DF51: )*1,2 | DG51: )*1,2 | DI51: )*1,2 | DJ51: )*1,2 | DN51: 0 | DO51: 0 | DP51: 1 | DQ51: 1 | DU51: 1005 | DV51: 100 м2 | DW51: 100 м2 | DX51: 100 | EE51: 26549186 | EF51: 6 | EG51: Ремонтно-строительные работы | EH51: 0 | EJ51: 1 | EK51: 68001 | EL51: Благоустройство | EM51: рФЕР-68 | EO51: Поправка: Сб.№68, п.1.68.3 | EQ51: 0 | ER51: 2446.35 | ES51: 0 | ET51: 1009.55 | EU51: 128.59 | EV51: 1436.8 | EW51: 172.9 | EX51: 11.71 | EY51: 0 | FQ51: 0 | FR51: =ROUND(IF(AND(BH51=3,BI51=3),P51,0),2) -> 0 | FS51: 0 | FX51: 104 | FY51: 60 | GD51: 0 | GF51: 776775175 | GG51: 1 | GH51: 1 | GI51: 4 | GJ51: 0 | GK51: =ROUND(R51*(S12)/100,2) -> 0 | GL51: =ROUND(IF(AND(BH51=3,BI51=3,FS51<>0),P51,0),2) -> 0 | GM51: =ROUND(O51+X51+Y51+GK51,2)+GX51 -> 5162 | GN51: =IF(OR(BI51=0,BI51=1),ROUND(O51+X51+Y51+GK51,2),0) -> 5162 | GO51: =IF(BI51=2,ROUND(O51+X51+Y51+GK51,2),0) -> 0 | GP51: =IF(BI51=4,ROUND(O51+X51+Y51+GK51,2)+GX51,0) -> 0 | GR51: 0 | GS51: 3 | GT51: 0 | GV51: =ROUND(GT51,6) -> 0 | GW51: 1 | GX51: =ROUND(GV51*GW51*I51,2) -> 0 | HA51: 0 | HB51: 0 | IK51: 0
A52: 18 | B52: 1 | C52: 108 | E52: 7,1 | F52: 01.2.01.01-0012 | G52: Битумы нефтяные дорожные марки БДУ-70/100, улучшенные | H52: т | I52: =I50*J52 -> 0.0144 | J52: 0.12 | O52: =ROUND(CP52,2) -> 31.57 | P52: =ROUND(CQ52*I52,2) -> 31.57 | Q52: =ROUND(CR52*I52,2) -> 0 | R52: =ROUND(CS52*I52,2) -> 0 | S52: =ROUND(CT52*I52,2) -> 0 | T52: =ROUND(CU52*I52,2) -> 0 | U52: =CV52*I52 -> 0 | V52: =CW52*I52 -> 0 | W52: =ROUND(CX52*I52,2) -> 0 | X52: =ROUND(CY52,2) -> 0 | Y52: =ROUND(CZ52,2) -> 0 | AA52: 26812436 | AB52: =ROUND((AC52+AD52+AF52),6) -> 2192.47 | AC52: =ROUND((ES52),6) -> 2192.47 | AD52: =ROUND((((ET52)-(EU52))+AE52),6) -> 0 | AE52: =ROUND((EU52),6) -> 0 | AF52: =ROUND((EV52),6) -> 0 | AG52: =ROUND((AP52),6) -> 0 | AH52: =(EW52) -> 0 | AI52: =(EX52) -> 0 | AJ52: =ROUND((AS52),6) -> 0 | AK52: 2192.47 | AL52: 2192.47 | AM52: 0 | AN52: 0 | AO52: 0 | AP52: 0 | AQ52: 0 | AR52: 0 | AS52: 0 | AT52: 128 | AU52: 81 | AV52: 1 | AW52: 1 | AZ52: 1 | BA52: 1 | BB52: 1 | BC52: 1 | BH52: 3 | BI52: 1 | BJ52: ФССЦ-2001, 01.2.01.01-0012, приказ Минстроя России №1039/пр от 30.12.2016г. | BM52: 27001 | BN52: 0 | BP52: 0 | BQ52: 2 | BR52: 0 | BS52: 1 | BT52: 1 | BU52: 1 | BV52: 1 | BW52: 1 | BX52: 1 | BZ52: 142 | CA52: 95 | CF52: 0 | CG52: 0 | CM52: 0 | CO52: 0 | CP52: =(P52+Q52+S52) -> 31.57 | CQ52: =AC52*BC52 -> 2192.47 | CR52: =AD52*BB52 -> 0 | CS52: =AE52*BS52 -> 0 | CT52: =AF52*BA52 -> 0 | CU52: =AG52 -> 0 | CV52: =AH52 -> 0 | CW52: =AI52 -> 0 | CX52: =AJ52 -> 0 | CY52: =(((S52+R52)*AT52)/100) -> 0 | CZ52: =(((S52+R52)*AU52)/100) -> 0 | DN52: 0 | DO52: 0 | DP52: 1 | DQ52: 1 | DU52: 1009 | DV52: т | DW52: т | DX52: 1000 | EE52: 26549101 | EF52: 2 | EG52: Общестроительные работы | EH52: 0 | EJ52: 1 | EK52: 27001 | EL52: Автомобильные дороги | EM52: ФЕР-27 | EQ52: 0 | ER52: 2192.47 | ES52: 2192.47 | ET52: 0 | EU52: 0 | EV52: 0 | EW52: 0 | EX52: 0 | FQ52: 0 | FR52: =ROUND(IF(AND(BH52=3,BI52=3),P52,0),2) -> 0 | FS52: 0 | FT52: *0,9 | FU52: *0,85 | FX52: 127.8 | FY52: 80.75 | GD52: 0 | GF52: -998642674 | GG52: 2 | GH52: 1 | GI52: -2 | GJ52: 0 | GK52: =ROUND(R52*(R12)/100,2) -> 0 | GL52: =ROUND(IF(AND(BH52=3,BI52=3,FS52<>0),P52,0),2) -> 0 | GM52: =ROUND(O52+X52+Y52+GK52,2)+GX52 -> 31.57 | GN52: =IF(OR(BI52=0,BI52=1),ROUND(O52+X52+Y52+GK52,2),0) -> 31.57 | GO52: =IF(BI52=2,ROUND(O52+X52+Y52+GK52,2),0) -> 0 | GP52: =IF(BI52=4,ROUND(O52+X52+Y52+GK52,2)+GX52,0) -> 0 | GR52: 0 | GS52: 3 | GT52: 0 | GV52: =ROUND(GT52,6) -> 0 | GW52: 1 | GX52: =ROUND(GV52*GW52*I52,2) -> 0 | HA52: 0 | HB52: 0 | IK52: 0
A53: 18 | B53: 1 | C53: 118 | E53: 7,1 | F53: 01.2.01.01-0012 | G53: Битумы нефтяные дорожные марки БДУ-70/100, улучшенные | H53: т | I53: =I51*J53 -> 0.0144 | J53: 0.12 | O53: =ROUND(CP53,2) -> 225.74 | P53: =ROUND(CQ53*I53,2) -> 225.74 | Q53: =ROUND(CR53*I53,2) -> 0 | R53: =ROUND(CS53*I53,2) -> 0 | S53: =ROUND(CT53*I53,2) -> 0 | T53: =ROUND(CU53*I53,2) -> 0 | U53: =CV53*I53 -> 0 | V53: =CW53*I53 -> 0 | W53: =ROUND(CX53*I53,2) -> 0 | X53: =ROUND(CY53,2) -> 0 | Y53: =ROUND(CZ53,2) -> 0 | AA53: 26812450 | AB53: =ROUND((AC53+AD53+AF53),6) -> 2192.47 | AC53: =ROUND((ES53),6) -> 2192.47 | AD53: =ROUND((((ET53)-(EU53))+AE53),6) -> 0 | AE53: =ROUND((EU53),6) -> 0 | AF53: =ROUND((EV53),6) -> 0 | AG53: =ROUND((AP53),6) -> 0 | AH53: =(EW53) -> 0 | AI53: =(EX53) -> 0 | AJ53: =ROUND((AS53),6) -> 0 | AK53: 2192.47 | AL53: 2192.47 | AM53: 0 | AN53: 0 | AO53: 0 | AP53: 0 | AQ53: 0 | AR53: 0 | AS53: 0 | AT53: 128 | AU53: 81 | AV53: 1 | AW53: 1 | AZ53: 7.15 | BA53: 1 | BB53: 1 | BC53: 7.15 | BH53: 3 | BI53: 1 | BJ53: ФССЦ-2001, 01.2.01.01-0012, приказ Минстроя России №1039/пр от 30.12.2016г. | BM53: 27001 | BN53: 0 | BP53: 0 | BQ53: 2 | BR53: 0 | BS53: 1 | BT53: 1 | BU53: 1 | BV53: 1 | BW53: 1 | BX53: 1 | BZ53: 142 | CA53: 95 | CF53: 0 | CG53: 0 | CM53: 0 | CO53: 0 | CP53: =(P53+Q53+S53) -> 225.74 | CQ53: =AC53*BC53 -> 15676.16 | CR53: =AD53*BB53 -> 0 | CS53: =AE53*BS53 -> 0 | CT53: =AF53*BA53 -> 0 | CU53: =AG53 -> 0 | CV53: =AH53 -> 0 | CW53: =AI53 -> 0 | CX53: =AJ53 -> 0 | CY53: =(((S53+R53)*AT53)/100) -> 0 | CZ53: =(((S53+R53)*AU53)/100) -> 0 | DN53: 0 | DO53: 0 | DP53: 1 | DQ53: 1 | DU53: 1009 | DV53: т | DW53: т | DX53: 1000 | EE53: 26549101 | EF53: 2 | EG53: Общестроительные работы | EH53: 0 | EJ53: 1 | EK53: 27001 | EL53: Автомобильные дороги | EM53: ФЕР-27 | EQ53: 0 | ER53: 2192.47 | ES53: 2192.47 | ET53: 0 | EU53: 0 | EV53: 0 | EW53: 0 | EX53: 0 | FQ53: 0 | FR53: =ROUND(IF(AND(BH53=3,BI53=3),P53,0),2) -> 0 | FS53: 0 | FT53: *0,9 | FU53: *0,85 | FX53: 127.8 | FY53: 80.75 | GD53: 0 | GF53: -998642674 | GG53: 1 | GH53: 1 | GI53: 4 | GJ53: 0 | GK53: =ROUND(R53*(S12)/100,2) -> 0 | GL53: =ROUND(IF(AND(BH53=3,BI53=3,FS53<>0),P53,0),2) -> 0 | GM53: =ROUND(O53+X53+Y53+GK53,2)+GX53 -> 225.74 | GN53: =IF(OR(BI53=0,BI53=1),ROUND(O53+X53+Y53+GK53,2),0) -> 225.74 | GO53: =IF(BI53=2,ROUND(O53+X53+Y53+GK53,2),0) -> 0 | GP53: =IF(BI53=4,ROUND(O53+X53+Y53+GK53,2)+GX53,0) -> 0 | GR53: 0 | GS53: 3 | GT53: 0 | GV53: =ROUND(GT53,6) -> 0 | GW53: 1 | GX53: =ROUND(GV53*GW53*I53,2) -> 0 | HA53: 0 | HB53: 0 | IK53: 0
A54: 18 | B54: 1 | C54: 109 | E54: 7,2 | F54: 01.7.07.07 | G54: Строительный мусор | H54: т | I54: =I50*J54 -> 1.716 | J54: 14.3 | O54: =ROUND(CP54,2) -> 0 | P54: =ROUND(CQ54*I54,2) -> 0 | Q54: =ROUND(CR54*I54,2) -> 0 | R54: =ROUND(CS54*I54,2) -> 0 | S54: =ROUND(CT54*I54,2) -> 0 | T54: =ROUND(CU54*I54,2) -> 0 | U54: =CV54*I54 -> 0 | V54: =CW54*I54 -> 0 | W54: =ROUND(CX54*I54,2) -> 0 | X54: =ROUND(CY54,2) -> 0 | Y54: =ROUND(CZ54,2) -> 0 | AA54: 26812436 | AB54: =ROUND((AC54+AD54+AF54),6) -> 0 | AC54: =ROUND((ES54),6) -> 0 | AD54: =ROUND((((ET54)-(EU54))+AE54),6) -> 0 | AE54: =ROUND((EU54),6) -> 0 | AF54: =ROUND((EV54),6) -> 0 | AG54: =ROUND((AP54),6) -> 0 | AH54: =(EW54) -> 0 | AI54: =(EX54) -> 0 | AJ54: =ROUND((AS54),6) -> 0 | AK54: 0 | AL54: 0 | AM54: 0 | AN54: 0 | AO54: 0 | AP54: 0 | AQ54: 0 | AR54: 0 | AS54: 0 | AT54: 104 | AU54: 60 | AV54: 1 | AW54: 1 | AZ54: 1 | BA54: 1 | BB54: 1 | BC54: 1 | BH54: 3 | BI54: 1 | BM54: 68001 | BN54: 0 | BP54: 0 | BQ54: 6 | BR54: 0 | BS54: 1 | BT54: 1 | BU54: 1 | BV54: 1 | BW54: 1 | BX54: 1 | BZ54: 104 | CA54: 60 | CF54: 0 | CG54: 0 | CM54: 0 | CO54: 0 | CP54: =(P54+Q54+S54) -> 0 | CQ54: =AC54*BC54 -> 0 | CR54: =AD54*BB54 -> 0 | CS54: =AE54*BS54 -> 0 | CT54: =AF54*BA54 -> 0 | CU54: =AG54 -> 0 | CV54: =AH54 -> 0 | CW54: =AI54 -> 0 | CX54: =AJ54 -> 0 | CY54: =(((S54+R54)*AT54)/100) -> 0 | CZ54: =(((S54+R54)*AU54)/100) -> 0 | DN54: 0 | DO54: 0 | DP54: 1 | DQ54: 1 | DU54: 1009 | DV54: т | DW54: т | DX54: 1000 | EE54: 26549186 | EF54: 6 | EG54: Ремонтно-строительные работы | EH54: 0 | EJ54: 1 | EK54: 68001 | EL54: Благоустройство | EM54: рФЕР-68 | EQ54: 0 | ER54: 0 | ES54: 0 | ET54: 0 | EU54: 0 | EV54: 0 | EW54: 0 | EX54: 0 | FQ54: 0 | FR54: =ROUND(IF(AND(BH54=3,BI54=3),P54,0),2) -> 0 | FS54: 0 | FX54: 104 | FY54: 60 | GA54: занесена вручную | GD54: 0 | GF54: -179832266 | GG54: 2 | GH54: 1 | GI54: -2 | GJ54: 0 | GK54: =ROUND(R54*(R12)/100,2) -> 0 | GL54: =ROUND(IF(AND(BH54=3,BI54=3,FS54<>0),P54,0),2) -> 0 | GM54: =ROUND(O54+X54+Y54+GK54,2)+GX54 -> 0 | GN54: =IF(OR(BI54=0,BI54=1),ROUND(O54+X54+Y54+GK54,2),0) -> 0 | GO54: =IF(BI54=2,ROUND(O54+X54+Y54+GK54,2),0) -> 0 | GP54: =IF(BI54=4,ROUND(O54+X54+Y54+GK54,2)+GX54,0) -> 0 | GR54: 0 | GS54: 4 | GT54: 0 | GV54: =ROUND(GT54,6) -> 0 | GW54: 1 | GX54: =ROUND(GV54*GW54*I54,2) -> 0 | HA54: 0 | HB54: 0 | IK54: 0
A55: 18 | B55: 1 | C55: 119 | E55: 7,2 | F55: 01.7.07.07 | G55: Строительный мусор | H55: т | I55: =I51*J55 -> 1.716 | J55: 14.3 | O55: =ROUND(CP55,2) -> 0 | P55: =ROUND(CQ55*I55,2) -> 0 | Q55: =ROUND(CR55*I55,2) -> 0 | R55: =ROUND(CS55*I55,2) -> 0 | S55: =ROUND(CT55*I55,2) -> 0 | T55: =ROUND(CU55*I55,2) -> 0 | U55: =CV55*I55 -> 0 | V55: =CW55*I55 -> 0 | W55: =ROUND(CX55*I55,2) -> 0 | X55: =ROUND(CY55,2) -> 0 | Y55: =ROUND(CZ55,2) -> 0 | AA55: 26812450 | AB55: =ROUND((AC55+AD55+AF55),6) -> 0 | AC55: =ROUND((ES55),6) -> 0 | AD55: =ROUND((((ET55)-(EU55))+AE55),6) -> 0 | AE55: =ROUND((EU55),6) -> 0 | AF55: =ROUND((EV55),6) -> 0 | AG55: =ROUND((AP55),6) -> 0 | AH55: =(EW55) -> 0 | AI55: =(EX55) -> 0 | AJ55: =ROUND((AS55),6) -> 0 | AK55: 0 | AL55: 0 | AM55: 0 | AN55: 0 | AO55: 0 | AP55: 0 | AQ55: 0 | AR55: 0 | AS55: 0 | AT55: 104 | AU55: 60 | AV55: 1 | AW55: 1 | AZ55: 7.15 | BA55: 1 | BB55: 1 | BC55: 7.15 | BH55: 3 | BI55: 1 | BM55: 68001 | BN55: 0 | BP55: 0 | BQ55: 6 | BR55: 0 | BS55: 1 | BT55: 1 | BU55: 1 | BV55: 1 | BW55: 1 | BX55: 1 | BZ55: 104 | CA55: 60 | CF55: 0 | CG55: 0 | CM55: 0 | CO55: 0 | CP55: =(P55+Q55+S55) -> 0 | CQ55: =AC55*BC55 -> 0 | CR55: =AD55*BB55 -> 0 | CS55: =AE55*BS55 -> 0 | CT55: =AF55*BA55 -> 0 | CU55: =AG55 -> 0 | CV55: =AH55 -> 0 | CW55: =AI55 -> 0 | CX55: =AJ55 -> 0 | CY55: =(((S55+R55)*AT55)/100) -> 0 | CZ55: =(((S55+R55)*AU55)/100) -> 0 | DN55: 0 | DO55: 0 | DP55: 1 | DQ55: 1 | DU55: 1009 | DV55: т | DW55: т | DX55: 1000 | EE55: 26549186 | EF55: 6 | EG55: Ремонтно-строительные работы | EH55: 0 | EJ55: 1 | EK55: 68001 | EL55: Благоустройство | EM55: рФЕР-68 | EQ55: 0 | ER55: 0 | ES55: 0 | ET55: 0 | EU55: 0 | EV55: 0 | EW55: 0 | EX55: 0 | FQ55: 0 | FR55: =ROUND(IF(AND(BH55=3,BI55=3),P55,0),2) -> 0 | FS55: 0 | FX55: 104 | FY55: 60 | GA55: занесена вручную | GD55: 0 | GF55: -179832266 | GG55: 1 | GH55: 1 | GI55: 4 | GJ55: 0 | GK55: =ROUND(R55*(S12)/100,2) -> 0 | GL55: =ROUND(IF(AND(BH55=3,BI55=3,FS55<>0),P55,0),2) -> 0 | GM55: =ROUND(O55+X55+Y55+GK55,2)+GX55 -> 0 | GN55: =IF(OR(BI55=0,BI55=1),ROUND(O55+X55+Y55+GK55,2),0) -> 0 | GO55: =IF(BI55=2,ROUND(O55+X55+Y55+GK55,2),0) -> 0 | GP55: =IF(BI55=4,ROUND(O55+X55+Y55+GK55,2)+GX55,0) -> 0 | GR55: 0 | GS55: 4 | GT55: 0 | GV55: =ROUND(GT55,6) -> 0 | GW55: 1 | GX55: =ROUND(GV55*GW55*I55,2) -> 0 | HA55: 0 | HB55: 0 | IK55: 0
A56: 18 | B56: 1 | C56: 110 | E56: 7,3 | F56: 04.2.01.04-0001 | G56: Смеси асфальтобетонные дорожные мелкозернистые щебеночные типа Б марки 1 | H56: т | I56: =I50*J56 -> 2.28 | J56: 19 | O56: =ROUND(CP56,2) -> 1048.8 | P56: =ROUND(CQ56*I56,2) -> 1048.8 | Q56: =ROUND(CR56*I56,2) -> 0 | R56: =ROUND(CS56*I56,2) -> 0 | S56: =ROUND(CT56*I56,2) -> 0 | T56: =ROUND(CU56*I56,2) -> 0 | U56: =CV56*I56 -> 0 | V56: =CW56*I56 -> 0 | W56: =ROUND(CX56*I56,2) -> 0 | X56: =ROUND(CY56,2) -> 0 | Y56: =ROUND(CZ56,2) -> 0 | AA56: 26812436 | AB56: =ROUND((AC56+AD56+AF56),6) -> 460 | AC56: =ROUND((ES56),6) -> 460 | AD56: =ROUND((((ET56)-(EU56))+AE56),6) -> 0 | AE56: =ROUND((EU56),6) -> 0 | AF56: =ROUND((EV56),6) -> 0 | AG56: =ROUND((AP56),6) -> 0 | AH56: =(EW56) -> 0 | AI56: =(EX56) -> 0 | AJ56: =ROUND((AS56),6) -> 0 | AK56: 460 | AL56: 460 | AM56: 0 | AN56: 0 | AO56: 0 | AP56: 0 | AQ56: 0 | AR56: 0 | AS56: 0 | AT56: 104 | AU56: 60 | AV56: 1 | AW56: 1 | AZ56: 1 | BA56: 1 | BB56: 1 | BC56: 1 | BH56: 3 | BI56: 1 | BJ56: ФССЦ-2001, 04.2.01.04-0001, приказ Минстроя России №1039/пр от 30.12.2016г. | BM56: 68001 | BN56: 0 | BP56: 0 | BQ56: 6 | BR56: 0 | BS56: 1 | BT56: 1 | BU56: 1 | BV56: 1 | BW56: 1 | BX56: 1 | BZ56: 104 | CA56: 60 | CF56: 0 | CG56: 0 | CM56: 0 | CO56: 0 | CP56: =(P56+Q56+S56) -> 1048.8 | CQ56: =AC56*BC56 -> 460 | CR56: =AD56*BB56 -> 0 | CS56: =AE56*BS56 -> 0 | CT56: =AF56*BA56 -> 0 | CU56: =AG56 -> 0 | CV56: =AH56 -> 0 | CW56: =AI56 -> 0 | CX56: =AJ56 -> 0 | CY56: =(((S56+R56)*AT56)/100) -> 0 | CZ56: =(((S56+R56)*AU56)/100) -> 0 | DN56: 0 | DO56: 0 | DP56: 1 | DQ56: 1 | DU56: 1009 | DV56: т | DW56: т | DX56: 1000 | EE56: 26549186 | EF56: 6 | EG56: Ремонтно-строительные работы | EH56: 0 | EJ56: 1 | EK56: 68001 | EL56: Благоустройство | EM56: рФЕР-68 | EQ56: 0 | ER56: 460 | ES56: 460 | ET56: 0 | EU56: 0 | EV56: 0 | EW56: 0 | EX56: 0 | FQ56: 0 | FR56: =ROUND(IF(AND(BH56=3,BI56=3),P56,0),2) -> 0 | FS56: 0 | FX56: 104 | FY56: 60 | GD56: 0 | GF56: 569053623 | GG56: 2 | GH56: 1 | GI56: -2 | GJ56: 0 | GK56: =ROUND(R56*(R12)/100,2) -> 0 | GL56: =ROUND(IF(AND(BH56=3,BI56=3,FS56<>0),P56,0),2) -> 0 | GM56: =ROUND(O56+X56+Y56+GK56,2)+GX56 -> 1048.8 | GN56: =IF(OR(BI56=0,BI56=1),ROUND(O56+X56+Y56+GK56,2),0) -> 1048.8 | GO56: =IF(BI56=2,ROUND(O56+X56+Y56+GK56,2),0) -> 0 | GP56: =IF(BI56=4,ROUND(O56+X56+Y56+GK56,2)+GX56,0) -> 0 | GR56: 0 | GS56: 3 | GT56: 0 | GV56: =ROUND(GT56,6) -> 0 | GW56: 1 | GX56: =ROUND(GV56*GW56*I56,2) -> 0 | HA56: 0 | HB56: 0 | IK56: 0
A57: 18 | B57: 1 | C57: 120 | E57: 7,3 | F57: 04.2.01.04-0001 | G57: Смеси асфальтобетонные дорожные мелкозернистые щебеночные типа Б марки 1 | H57: т | I57: =I51*J57 -> 2.28 | J57: 19 | O57: =ROUND(CP57,2) -> 7498.92 | P57: =ROUND(CQ57*I57,2) -> 7498.92 | Q57: =ROUND(CR57*I57,2) -> 0 | R57: =ROUND(CS57*I57,2) -> 0 | S57: =ROUND(CT57*I57,2) -> 0 | T57: =ROUND(CU57*I57,2) -> 0 | U57: =CV57*I57 -> 0 | V57: =CW57*I57 -> 0 | W57: =ROUND(CX57*I57,2) -> 0 | X57: =ROUND(CY57,2) -> 0 | Y57: =ROUND(CZ57,2) -> 0 | AA57: 26812450 | AB57: =ROUND((AC57+AD57+AF57),6) -> 460 | AC57: =ROUND((ES57),6) -> 460 | AD57: =ROUND((((ET57)-(EU57))+AE57),6) -> 0 | AE57: =ROUND((EU57),6) -> 0 | AF57: =ROUND((EV57),6) -> 0 | AG57: =ROUND((AP57),6) -> 0 | AH57: =(EW57) -> 0 | AI57: =(EX57) -> 0 | AJ57: =ROUND((AS57),6) -> 0 | AK57: 460 | AL57: 460 | AM57: 0 | AN57: 0 | AO57: 0 | AP57: 0 | AQ57: 0 | AR57: 0 | AS57: 0 | AT57: 104 | AU57: 60 | AV57: 1 | AW57: 1 | AZ57: 7.15 | BA57: 1 | BB57: 1 | BC57: 7.15 | BH57: 3 | BI57: 1 | BJ57: ФССЦ-2001, 04.2.01.04-0001, приказ Минстроя России №1039/пр от 30.12.2016г. | BM57: 68001 | BN57: 0 | BP57: 0 | BQ57: 6 | BR57: 0 | BS57: 1 | BT57: 1 | BU57: 1 | BV57: 1 | BW57: 1 | BX57: 1 | BZ57: 104 | CA57: 60 | CF57: 0 | CG57: 0 | CM57: 0 | CO57: 0 | CP57: =(P57+Q57+S57) -> 7498.92 | CQ57: =AC57*BC57 -> 3289 | CR57: =AD57*BB57 -> 0 | CS57: =AE57*BS57 -> 0 | CT57: =AF57*BA57 -> 0 | CU57: =AG57 -> 0 | CV57: =AH57 -> 0 | CW57: =AI57 -> 0 | CX57: =AJ57 -> 0 | CY57: =(((S57+R57)*AT57)/100) -> 0 | CZ57: =(((S57+R57)*AU57)/100) -> 0 | DN57: 0 | DO57: 0 | DP57: 1 | DQ57: 1 | DU57: 1009 | DV57: т | DW57: т | DX57: 1000 | EE57: 26549186 | EF57: 6 | EG57: Ремонтно-строительные работы | EH57: 0 | EJ57: 1 | EK57: 68001 | EL57: Благоустройство | EM57: рФЕР-68 | EQ57: 0 | ER57: 460 | ES57: 460 | ET57: 0 | EU57: 0 | EV57: 0 | EW57: 0 | EX57: 0 | FQ57: 0 | FR57: =ROUND(IF(AND(BH57=3,BI57=3),P57,0),2) -> 0 | FS57: 0 | FX57: 104 | FY57: 60 | GD57: 0 | GF57: 569053623 | GG57: 1 | GH57: 1 | GI57: 4 | GJ57: 0 | GK57: =ROUND(R57*(S12)/100,2) -> 0 | GL57: =ROUND(IF(AND(BH57=3,BI57=3,FS57<>0),P57,0),2) -> 0 | GM57: =ROUND(O57+X57+Y57+GK57,2)+GX57 -> 7498.92 | GN57: =IF(OR(BI57=0,BI57=1),ROUND(O57+X57+Y57+GK57,2),0) -> 7498.92 | GO57: =IF(BI57=2,ROUND(O57+X57+Y57+GK57,2),0) -> 0 | GP57: =IF(BI57=4,ROUND(O57+X57+Y57+GK57,2)+GX57,0) -> 0 | GR57: 0 | GS57: 3 | GT57: 0 | GV57: =ROUND(GT57,6) -> 0 | GW57: 1 | GX57: =ROUND(GV57*GW57*I57,2) -> 0 | HA57: 0 | HB57: 0 | IK57: 0
A58: 17 | B58: 1 | C58: =ROW(SmtRes!A128) -> 128 | D58: =ROW(EtalonRes!A130) -> 130 | E58: 8 | F58: 27-04-001-01 | G58: Устройство подстилающих и выравнивающих слоев оснований из песка | H58: 100 м3 | I58: =ROUND(21/100,9) -> 0.21 | J58: 0 | O58: =ROUND(CP58,2) -> 595.74 | P58: =ROUND(CQ58*I58,2) -> 2.56 | Q58: =ROUND(CR58*I58,2) -> 562.73 | R58: =ROUND(CS58*I58,2) -> 46.62 | S58: =ROUND(CT58*I58,2) -> 30.45 | T58: =ROUND(CU58*I58,2) -> 0 | U58: =CV58*I58 -> 3.79638 | V58: =CW58*I58 -> 3.6435 | W58: =ROUND(CX58*I58,2) -> 0 | X58: =ROUND(CY58,2) -> 98.65 | Y58: =ROUND(CZ58,2) -> 62.43 | AA58: 26812436 | AB58: =ROUND((AC58+AD58+AF58),6) -> 2836.8305 | AC58: =ROUND((ES58),6) -> 12.2 | AD58: =ROUND(((((ET58*1.25))-((EU58*1.25)))+AE58),6) -> 2679.65 | AE58: =ROUND(((EU58*1.25)),6) -> 221.9875 | AF58: =ROUND(((EV58*1.15)),6) -> 144.9805 | AG58: =ROUND((AP58),6) -> 0 | AH58: =((EW58*1.15)) -> 18.078 | AI58: =((EX58*1.25)) -> 17.35 | AJ58: =ROUND((AS58),6) -> 0 | AK58: 2281.99 | AL58: 12.2 | AM58: 2143.72 | AN58: 177.59 | AO58: 126.07 | AP58: 0 | AQ58: 15.72 | AR58: 13.88 | AS58: 0 | AT58: 128 | AU58: 81 | AV58: 1 | AW58: 1 | AZ58: 1 | BA58: 1 | BB58: 1 | BC58: 1 | BH58: 0 | BI58: 1 | BJ58: ФЕР-2001, 27-04-001-01, приказ Минстроя России №1039/пр от 30.12.2016г. | BM58: 27001 | BN58: 0 | BP58: 0 | BQ58: 2 | BR58: 0 | BS58: 1 | BT58: 1 | BU58: 1 | BV58: 1 | BW58: 1 | BX58: 1 | BZ58: 142 | CA58: 95 | CF58: 0 | CG58: 0 | CM58: 0 | CN58: Поправка: МДС 81-35.2004, п.4.7 Наименование: Работы, выполняемые при реконструкции зданий и сооружений работы, аналогичные технологическим процессам в новом строительстве (в том числе возведение новых конструктивных элементов) стоимость которых определена по соответствующим сборникам ФЕР, кроме сборника № 46 «Работы при реконструкции зданий и сооружений» | CO58: 0 | CP58: =(P58+Q58+S58) -> 595.74 | CQ58: =AC58*BC58 -> 12.2 | CR58: =AD58*BB58 -> 2679.65 | CS58: =AE58*BS58 -> 221.9875 | CT58: =AF58*BA58 -> 144.9805 | CU58: =AG58 -> 0 | CV58: =AH58 -> 18.078 | CW58: =AI58 -> 17.35 | CX58: =AJ58 -> 0 | CY58: =(((S58+R58)*AT58)/100) -> 98.6496 | CZ58: =(((S58+R58)*AU58)/100) -> 62.4267 | DE58: )*1,25 | DF58: )*1,25 | DG58: )*1,15 | DI58: )*1,15 | DJ58: )*1,25 | DN58: 0 | DO58: 0 | DP58: 1 | DQ58: 1 | DU58: 1007 | DV58: 100 м3 | DW58: 100 м3 | DX58: 100 | EE58: 26549101 | EF58: 2 | EG58: Общестроительные работы | EH58: 0 | EJ58: 1 | EK58: 27001 | EL58: Автомобильные дороги | EM58: ФЕР-27 | EO58: Поправка: МДС 81-35.2004, п.4.7 | EQ58: 0 | ER58: 2281.99 | ES58: 12.2 | ET58: 2143.72 | EU58: 177.59 | EV58: 126.07 | EW58: 15.72 | EX58: 13.88 | EY58: 0 | FQ58: 0 | FR58: =ROUND(IF(AND(BH58=3,BI58=3),P58,0),2) -> 0 | FS58: 0 | FT58: *0,9 | FU58: *0,85 | FX58: 127.8 | FY58: 80.75 | GD58: 0 | GF58: 684086074 | GG58: 2 | GH58: 1 | GI58: -2 | GJ58: 0 | GK58: =ROUND(R58*(R12)/100,2) -> 0 | GL58: =ROUND(IF(AND(BH58=3,BI58=3,FS58<>0),P58,0),2) -> 0 | GM58: =ROUND(O58+X58+Y58+GK58,2)+GX58 -> 756.82 | GN58: =IF(OR(BI58=0,BI58=1),ROUND(O58+X58+Y58+GK58,2),0) -> 756.82 | GO58: =IF(BI58=2,ROUND(O58+X58+Y58+GK58,2),0) -> 0 | GP58: =IF(BI58=4,ROUND(O58+X58+Y58+GK58,2)+GX58,0) -> 0 | GR58: 0 | GS58: 3 | GT58: 0 | GV58: =ROUND(GT58,6) -> 0 | GW58: 1 | GX58: =ROUND(GV58*GW58*I58,2) -> 0 | HA58: 0 | HB58: 0 | IK58: 0
A59: 17 | B59: 1 | C59: =ROW(SmtRes!A136) -> 136 | D59: =ROW(EtalonRes!A138) -> 138 | E59: 8 | F59: 27-04-001-01 | G59: Устройство подстилающих и выравнивающих слоев оснований из песка | H59: 100 м3 | I59: =ROUND(21/100,9) -> 0.21 | J59: 0 | O59: =ROUND(CP59,2) -> 4259.5 | P59: =ROUND(CQ59*I59,2) -> 18.32 | Q59: =ROUND(CR59*I59,2) -> 4023.49 | R59: =ROUND(CS59*I59,2) -> 333.31 | S59: =ROUND(CT59*I59,2) -> 217.69 | T59: =ROUND(CU59*I59,2) -> 0 | U59: =CV59*I59 -> 3.79638 | V59: =CW59*I59 -> 3.6435 | W59: =ROUND(CX59*I59,2) -> 0 | X59: =ROUND(CY59,2) -> 705.28 | Y59: =ROUND(CZ59,2) -> 446.31 | AA59: 26812450 | AB59: =ROUND((AC59+AD59+AF59),6) -> 2836.8305 | AC59: =ROUND((ES59),6) -> 12.2 | AD59: =ROUND(((((ET59*1.25))-((EU59*1.25)))+AE59),6) -> 2679.65 | AE59: =ROUND(((EU59*1.25)),6) -> 221.9875 | AF59: =ROUND(((EV59*1.15)),6) -> 144.9805 | AG59: =ROUND((AP59),6) -> 0 | AH59: =((EW59*1.15)) -> 18.078 | AI59: =((EX59*1.25)) -> 17.35 | AJ59: =ROUND((AS59),6) -> 0 | AK59: 2281.99 | AL59: 12.2 | AM59: 2143.72 | AN59: 177.59 | AO59: 126.07 | AP59: 0 | AQ59: 15.72 | AR59: 13.88 | AS59: 0 | AT59: 128 | AU59: 81 | AV59: 1 | AW59: 1 | AZ59: 7.15 | BA59: 7.15 | BB59: 7.15 | BC59: 7.15 | BH59: 0 | BI59: 1 | BJ59: ФЕР-2001, 27-04-001-01, приказ Минстроя России №1039/пр от 30.12.2016г. | BM59: 27001 | BN59: 0 | BP59: 0 | BQ59: 2 | BR59: 0 | BS59: 7.15 | BT59: 1 | BU59: 1 | BV59: 1 | BW59: 1 | BX59: 1 | BZ59: 142 | CA59: 95 | CF59: 0 | CG59: 0 | CM59: 0 | CN59: Поправка: МДС 81-35.2004, п.4.7 Наименование: Работы, выполняемые при реконструкции зданий и сооружений работы, аналогичные технологическим процессам в новом строительстве (в том числе возведение новых конструктивных элементов) стоимость которых определена по соответствующим сборникам ФЕР, кроме сборника № 46 «Работы при реконструкции зданий и сооружений» | CO59: 0 | CP59: =(P59+Q59+S59) -> 4259.5 | CQ59: =AC59*BC59 -> 87.23 | CR59: =AD59*BB59 -> 19159.498 | CS59: =AE59*BS59 -> 1587.2106 | CT59: =AF59*BA59 -> 1036.6106 | CU59: =AG59 -> 0 | CV59: =AH59 -> 18.078 | CW59: =AI59 -> 17.35 | CX59: =AJ59 -> 0 | CY59: =(((S59+R59)*AT59)/100) -> 705.28 | CZ59: =(((S59+R59)*AU59)/100) -> 446.31 | DE59: )*1,25 | DF59: )*1,25 | DG59: )*1,15 | DI59: )*1,15 | DJ59: )*1,25 | DN59: 0 | DO59: 0 | DP59: 1 | DQ59: 1 | DU59: 1007 | DV59: 100 м3 | DW59: 100 м3 | DX59: 100 | EE59: 26549101 | EF59: 2 | EG59: Общестроительные работы | EH59: 0 | EJ59: 1 | EK59: 27001 | EL59: Автомобильные дороги | EM59: ФЕР-27 | EO59: Поправка: МДС 81-35.2004, п.4.7 | EQ59: 0 | ER59: 2281.99 | ES59: 12.2 | ET59: 2143.72 | EU59: 177.59 | EV59: 126.07 | EW59: 15.72 | EX59: 13.88 | EY59: 0 | FQ59: 0 | FR59: =ROUND(IF(AND(BH59=3,BI59=3),P59,0),2) -> 0 | FS59: 0 | FT59: *0,9 | FU59: *0,85 | FX59: 127.8 | FY59: 80.75 | GD59: 0 | GF59: 684086074 | GG59: 1 | GH59: 1 | GI59: 4 | GJ59: 0 | GK59: =ROUND(R59*(S12)/100,2) -> 0 | GL59: =ROUND(IF(AND(BH59=3,BI59=3,FS59<>0),P59,0),2) -> 0 | GM59: =ROUND(O59+X59+Y59+GK59,2)+GX59 -> 5411.09 | GN59: =IF(OR(BI59=0,BI59=1),ROUND(O59+X59+Y59+GK59,2),0) -> 5411.09 | GO59: =IF(BI59=2,ROUND(O59+X59+Y59+GK59,2),0) -> 0 | GP59: =IF(BI59=4,ROUND(O59+X59+Y59+GK59,2)+GX59,0) -> 0 | GR59: 0 | GS59: 3 | GT59: 0 | GV59: =ROUND(GT59,6) -> 0 | GW59: 1 | GX59: =ROUND(GV59*GW59*I59,2) -> 0 | HA59: 0 | HB59: 0 | IK59: 0
A60: 18 | B60: 1 | C60: 128 | E60: 8,1 | F60: 02.3.01.02-0002 | G60: Песок для строительных работ | H60: м3 | I60: =I58*J60 -> 21 | J60: 100 | O60: =ROUND(CP60,2) -> 2493.96 | P60: =ROUND(CQ60*I60,2) -> 2493.96 | Q60: =ROUND(CR60*I60,2) -> 0 | R60: =ROUND(CS60*I60,2) -> 0 | S60: =ROUND(CT60*I60,2) -> 0 | T60: =ROUND(CU60*I60,2) -> 0 | U60: =CV60*I60 -> 0 | V60: =CW60*I60 -> 0 | W60: =ROUND(CX60*I60,2) -> 0 | X60: =ROUND(CY60,2) -> 0 | Y60: =ROUND(CZ60,2) -> 0 | AA60: 26812436 | AB60: =ROUND((AC60+AD60+AF60),6) -> 118.76 | AC60: =ROUND((ES60),6) -> 118.76 | AD60: =ROUND((((ET60)-(EU60))+AE60),6) -> 0 | AE60: =ROUND((EU60),6) -> 0 | AF60: =ROUND((EV60),6) -> 0 | AG60: =ROUND((AP60),6) -> 0 | AH60: =(EW60) -> 0 | AI60: =(EX60) -> 0 | AJ60: =ROUND((AS60),6) -> 0 | AK60: 118.76 | AL60: 118.76 | AM60: 0 | AN60: 0 | AO60: 0 | AP60: 0 | AQ60: 0 | AR60: 0 | AS60: 0 | AT60: 128 | AU60: 81 | AV60: 1 | AW60: 1 | AZ60: 1 | BA60: 1 | BB60: 1 | BC60: 1 | BH60: 3 | BI60: 1 | BJ60: ФССЦ-2001, 02.3.01.02-0002, приказ Минстроя России №1039/пр от 30.12.2016г. | BM60: 27001 | BN60: 0 | BP60: 0 | BQ60: 2 | BR60: 0 | BS60: 1 | BT60: 1 | BU60: 1 | BV60: 1 | BW60: 1 | BX60: 1 | BZ60: 142 | CA60: 95 | CF60: 0 | CG60: 0 | CM60: 0 | CO60: 0 | CP60: =(P60+Q60+S60) -> 2493.96 | CQ60: =AC60*BC60 -> 118.76 | CR60: =AD60*BB60 -> 0 | CS60: =AE60*BS60 -> 0 | CT60: =AF60*BA60 -> 0 | CU60: =AG60 -> 0 | CV60: =AH60 -> 0 | CW60: =AI60 -> 0 | CX60: =AJ60 -> 0 | CY60: =(((S60+R60)*AT60)/100) -> 0 | CZ60: =(((S60+R60)*AU60)/100) -> 0 | DN60: 0 | DO60: 0 | DP60: 1 | DQ60: 1 | DU60: 1007 | DV60: м3 | DW60: м3 | DX60: 1 | EE60: 26549101 | EF60: 2 | EG60: Общестроительные работы | EH60: 0 | EJ60: 1 | EK60: 27001 | EL60: Автомобильные дороги | EM60: ФЕР-27 | EQ60: 0 | ER60: 118.76 | ES60: 118.76 | ET60: 0 | EU60: 0 | EV60: 0 | EW60: 0 | EX60: 0 | FQ60: 0 | FR60: =ROUND(IF(AND(BH60=3,BI60=3),P60,0),2) -> 0 | FS60: 0 | FT60: *0,9 | FU60: *0,85 | FX60: 127.8 | FY60: 80.75 | GD60: 0 | GF60: -190031125 | GG60: 2 | GH60: 1 | GI60: -2 | GJ60: 0 | GK60: =ROUND(R60*(R12)/100,2) -> 0 | GL60: =ROUND(IF(AND(BH60=3,BI60=3,FS60<>0),P60,0),2) -> 0 | GM60: =ROUND(O60+X60+Y60+GK60,2)+GX60 -> 2493.96 | GN60: =IF(OR(BI60=0,BI60=1),ROUND(O60+X60+Y60+GK60,2),0) -> 2493.96 | GO60: =IF(BI60=2,ROUND(O60+X60+Y60+GK60,2),0) -> 0 | GP60: =IF(BI60=4,ROUND(O60+X60+Y60+GK60,2)+GX60,0) -> 0 | GR60: 0 | GS60: 3 | GT60: 0 | GV60: =ROUND(GT60,6) -> 0 | GW60: 1 | GX60: =ROUND(GV60*GW60*I60,2) -> 0 | HA60: 0 | HB60: 0 | IK60: 0
A61: 18 | B61: 1 | C61: 136 | E61: 8,1 | F61: 02.3.01.02-0002 | G61: Песок для строительных работ | H61: м3 | I61: =I59*J61 -> 21 | J61: 100 | O61: =ROUND(CP61,2) -> 17831.81 | P61: =ROUND(CQ61*I61,2) -> 17831.81 | Q61: =ROUND(CR61*I61,2) -> 0 | R61: =ROUND(CS61*I61,2) -> 0 | S61: =ROUND(CT61*I61,2) -> 0 | T61: =ROUND(CU61*I61,2) -> 0 | U61: =CV61*I61 -> 0 | V61: =CW61*I61 -> 0 | W61: =ROUND(CX61*I61,2) -> 0 | X61: =ROUND(CY61,2) -> 0 | Y61: =ROUND(CZ61,2) -> 0 | AA61: 26812450 | AB61: =ROUND((AC61+AD61+AF61),6) -> 118.76 | AC61: =ROUND((ES61),6) -> 118.76 | AD61: =ROUND((((ET61)-(EU61))+AE61),6) -> 0 | AE61: =ROUND((EU61),6) -> 0 | AF61: =ROUND((EV61),6) -> 0 | AG61: =ROUND((AP61),6) -> 0 | AH61: =(EW61) -> 0 | AI61: =(EX61) -> 0 | AJ61: =ROUND((AS61),6) -> 0 | AK61: 118.76 | AL61: 118.76 | AM61: 0 | AN61: 0 | AO61: 0 | AP61: 0 | AQ61: 0 | AR61: 0 | AS61: 0 | AT61: 128 | AU61: 81 | AV61: 1 | AW61: 1 | AZ61: 7.15 | BA61: 1 | BB61: 1 | BC61: 7.15 | BH61: 3 | BI61: 1 | BJ61: ФССЦ-2001, 02.3.01.02-0002, приказ Минстроя России №1039/пр от 30.12.2016г. | BM61: 27001 | BN61: 0 | BP61: 0 | BQ61: 2 | BR61: 0 | BS61: 1 | BT61: 1 | BU61: 1 | BV61: 1 | BW61: 1 | BX61: 1 | BZ61: 142 | CA61: 95 | CF61: 0 | CG61: 0 | CM61: 0 | CO61: 0 | CP61: =(P61+Q61+S61) -> 17831.81 | CQ61: =AC61*BC61 -> 849.134 | CR61: =AD61*BB61 -> 0 | CS61: =AE61*BS61 -> 0 | CT61: =AF61*BA61 -> 0 | CU61: =AG61 -> 0 | CV61: =AH61 -> 0 | CW61: =AI61 -> 0 | CX61: =AJ61 -> 0 | CY61: =(((S61+R61)*AT61)/100) -> 0 | CZ61: =(((S61+R61)*AU61)/100) -> 0 | DN61: 0 | DO61: 0 | DP61: 1 | DQ61: 1 | DU61: 1007 | DV61: м3 | DW61: м3 | DX61: 1 | EE61: 26549101 | EF61: 2 | EG61: Общестроительные работы | EH61: 0 | EJ61: 1 | EK61: 27001 | EL61: Автомобильные дороги | EM61: ФЕР-27 | EQ61: 0 | ER61: 118.76 | ES61: 118.76 | ET61: 0 | EU61: 0 | EV61: 0 | EW61: 0 | EX61: 0 | FQ61: 0 | FR61: =ROUND(IF(AND(BH61=3,BI61=3),P61,0),2) -> 0 | FS61: 0 | FT61: *0,9 | FU61: *0,85 | FX61: 127.8 | FY61: 80.75 | GD61: 0 | GF61: -190031125 | GG61: 1 | GH61: 1 | GI61: 4 | GJ61: 0 | GK61: =ROUND(R61*(S12)/100,2) -> 0 | GL61: =ROUND(IF(AND(BH61=3,BI61=3,FS61<>0),P61,0),2) -> 0 | GM61: =ROUND(O61+X61+Y61+GK61,2)+GX61 -> 17831.81 | GN61: =IF(OR(BI61=0,BI61=1),ROUND(O61+X61+Y61+GK61,2),0) -> 17831.81 | GO61: =IF(BI61=2,ROUND(O61+X61+Y61+GK61,2),0) -> 0 | GP61: =IF(BI61=4,ROUND(O61+X61+Y61+GK61,2)+GX61,0) -> 0 | GR61: 0 | GS61: 3 | GT61: 0 | GV61: =ROUND(GT61,6) -> 0 | GW61: 1 | GX61: =ROUND(GV61*GW61*I61,2) -> 0 | HA61: 0 | HB61: 0 | IK61: 0
A62: 17 | B62: 1 | C62: =ROW(SmtRes!A143) -> 143 | D62: =ROW(EtalonRes!A145) -> 145 | E62: 9 | F62: 27-07-002-01 | G62: Устройство оснований толщиной 12 см под тротуары из кирпичного или известнякового щебня | H62: 100 м2 | I62: =ROUND(70/100,9) -> 0.7 | J62: 0 | O62: =ROUND(CP62,2) -> 421.77 | P62: =ROUND(CQ62*I62,2) -> 3.42 | Q62: =ROUND(CR62*I62,2) -> 239.65 | R62: =ROUND(CS62*I62,2) -> 30.63 | S62: =ROUND(CT62*I62,2) -> 178.7 | T62: =ROUND(CU62*I62,2) -> 0 | U62: =CV62*I62 -> 21.1232 | V62: =CW62*I62 -> 2.77375 | W62: =ROUND(CX62*I62,2) -> 0 | X62: =ROUND(CY62,2) -> 267.94 | Y62: =ROUND(CZ62,2) -> 169.56 | AA62: 26812436 | AB62: =ROUND((AC62+AD62+AF62),6) -> 602.531 | AC62: =ROUND((ES62),6) -> 4.88 | AD62: =ROUND(((((ET62*1.25))-((EU62*1.25)))+AE62),6) -> 342.3625 | AE62: =ROUND(((EU62*1.25)),6) -> 43.75 | AF62: =ROUND(((EV62*1.15)),6) -> 255.2885 | AG62: =ROUND((AP62),6) -> 0 | AH62: =((EW62*1.15)) -> 30.176 | AI62: =((EX62*1.25)) -> 3.9625 | AJ62: =ROUND((AS62),6) -> 0 | AK62: 500.76 | AL62: 4.88 | AM62: 273.89 | AN62: 35 | AO62: 221.99 | AP62: 0 | AQ62: 26.24 | AR62: 3.17 | AS62: 0 | AT62: 128 | AU62: 81 | AV62: 1 | AW62: 1 | AZ62: 1 | BA62: 1 | BB62: 1 | BC62: 1 | BH62: 0 | BI62: 1 | BJ62: ФЕР-2001, 27-07-002-01, приказ Минстроя России №1039/пр от 30.12.2016г. | BM62: 27001 | BN62: 0 | BP62: 0 | BQ62: 2 | BR62: 0 | BS62: 1 | BT62: 1 | BU62: 1 | BV62: 1 | BW62: 1 | BX62: 1 | BZ62: 142 | CA62: 95 | CF62: 0 | CG62: 0 | CM62: 0 | CN62: Поправка: МДС 81-35.2004, п.4.7 Наименование: Работы, выполняемые при реконструкции зданий и сооружений работы, аналогичные технологическим процессам в новом строительстве (в том числе возведение новых конструктивных элементов) стоимость которых определена по соответствующим сборникам ФЕР, кроме сборника № 46 «Работы при реконструкции зданий и сооружений» | CO62: 0 | CP62: =(P62+Q62+S62) -> 421.77 | CQ62: =AC62*BC62 -> 4.88 | CR62: =AD62*BB62 -> 342.3625 | CS62: =AE62*BS62 -> 43.75 | CT62: =AF62*BA62 -> 255.2885 | CU62: =AG62 -> 0 | CV62: =AH62 -> 30.176 | CW62: =AI62 -> 3.9625 | CX62: =AJ62 -> 0 | CY62: =(((S62+R62)*AT62)/100) -> 267.9424 | CZ62: =(((S62+R62)*AU62)/100) -> 169.5573 | DE62: )*1,25 | DF62: )*1,25 | DG62: )*1,15 | DI62: )*1,15 | DJ62: )*1,25 | DN62: 0 | DO62: 0 | DP62: 1 | DQ62: 1 | DU62: 1005 | DV62: 100 м2 | DW62: 100 м2 | DX62: 100 | EE62: 26549101 | EF62: 2 | EG62: Общестроительные работы | EH62: 0 | EJ62: 1 | EK62: 27001 | EL62: Автомобильные дороги | EM62: ФЕР-27 | EO62: Поправка: МДС 81-35.2004, п.4.7 | EQ62: 0 | ER62: 500.76 | ES62: 4.88 | ET62: 273.89 | EU62: 35 | EV62: 221.99 | EW62: 26.24 | EX62: 3.17 | EY62: 0 | FQ62: 0 | FR62: =ROUND(IF(AND(BH62=3,BI62=3),P62,0),2) -> 0 | FS62: 0 | FT62: *0,9 | FU62: *0,85 | FX62: 127.8 | FY62: 80.75 | GD62: 0 | GF62: 1556152965 | GG62: 2 | GH62: 1 | GI62: -2 | GJ62: 0 | GK62: =ROUND(R62*(R12)/100,2) -> 0 | GL62: =ROUND(IF(AND(BH62=3,BI62=3,FS62<>0),P62,0),2) -> 0 | GM62: =ROUND(O62+X62+Y62+GK62,2)+GX62 -> 859.27 | GN62: =IF(OR(BI62=0,BI62=1),ROUND(O62+X62+Y62+GK62,2),0) -> 859.27 | GO62: =IF(BI62=2,ROUND(O62+X62+Y62+GK62,2),0) -> 0 | GP62: =IF(BI62=4,ROUND(O62+X62+Y62+GK62,2)+GX62,0) -> 0 | GR62: 0 | GS62: 3 | GT62: 0 | GV62: =ROUND(GT62,6) -> 0 | GW62: 1 | GX62: =ROUND(GV62*GW62*I62,2) -> 0 | HA62: 0 | HB62: 0 | IK62: 0
A63: 17 | B63: 1 | C63: =ROW(SmtRes!A150) -> 150 | D63: =ROW(EtalonRes!A152) -> 152 | E63: 9 | F63: 27-07-002-01 | G63: Устройство оснований толщиной 12 см под тротуары из кирпичного или известнякового щебня | H63: 100 м2 | I63: =ROUND(70/100,9) -> 0.7 | J63: 0 | O63: =ROUND(CP63,2) -> 3015.66 | P63: =ROUND(CQ63*I63,2) -> 24.42 | Q63: =ROUND(CR63*I63,2) -> 1713.52 | R63: =ROUND(CS63*I63,2) -> 218.97 | S63: =ROUND(CT63*I63,2) -> 1277.72 | T63: =ROUND(CU63*I63,2) -> 0 | U63: =CV63*I63 -> 21.1232 | V63: =CW63*I63 -> 2.77375 | W63: =ROUND(CX63*I63,2) -> 0 | X63: =ROUND(CY63,2) -> 1915.76 | Y63: =ROUND(CZ63,2) -> 1212.32 | AA63: 26812450 | AB63: =ROUND((AC63+AD63+AF63),6) -> 602.531 | AC63: =ROUND((ES63),6) -> 4.88 | AD63: =ROUND(((((ET63*1.25))-((EU63*1.25)))+AE63),6) -> 342.3625 | AE63: =ROUND(((EU63*1.25)),6) -> 43.75 | AF63: =ROUND(((EV63*1.15)),6) -> 255.2885 | AG63: =ROUND((AP63),6) -> 0 | AH63: =((EW63*1.15)) -> 30.176 | AI63: =((EX63*1.25)) -> 3.9625 | AJ63: =ROUND((AS63),6) -> 0 | AK63: 500.76 | AL63: 4.88 | AM63: 273.89 | AN63: 35 | AO63: 221.99 | AP63: 0 | AQ63: 26.24 | AR63: 3.17 | AS63: 0 | AT63: 128 | AU63: 81 | AV63: 1 | AW63: 1 | AZ63: 7.15 | BA63: 7.15 | BB63: 7.15 | BC63: 7.15 | BH63: 0 | BI63: 1 | BJ63: ФЕР-2001, 27-07-002-01, приказ Минстроя России №1039/пр от 30.12.2016г. | BM63: 27001 | BN63: 0 | BP63: 0 | BQ63: 2 | BR63: 0 | BS63: 7.15 | BT63: 1 | BU63: 1 | BV63: 1 | BW63: 1 | BX63: 1 | BZ63: 142 | CA63: 95 | CF63: 0 | CG63: 0 | CM63: 0 | CN63: Поправка: МДС 81-35.2004, п.4.7 Наименование: Работы, выполняемые при реконструкции зданий и сооружений работы, аналогичные технологическим процессам в новом строительстве (в том числе возведение новых конструктивных элементов) стоимость которых определена по соответствующим сборникам ФЕР, кроме сборника № 46 «Работы при реконструкции зданий и сооружений» | CO63: 0 | CP63: =(P63+Q63+S63) -> 3015.66 | CQ63: =AC63*BC63 -> 34.892 | CR63: =AD63*BB63 -> 2447.8919 | CS63: =AE63*BS63 -> 312.8125 | CT63: =AF63*BA63 -> 1825.3128 | CU63: =AG63 -> 0 | CV63: =AH63 -> 30.176 | CW63: =AI63 -> 3.9625 | CX63: =AJ63 -> 0 | CY63: =(((S63+R63)*AT63)/100) -> 1915.7632 | CZ63: =(((S63+R63)*AU63)/100) -> 1212.3189 | DE63: )*1,25 | DF63: )*1,25 | DG63: )*1,15 | DI63: )*1,15 | DJ63: )*1,25 | DN63: 0 | DO63: 0 | DP63: 1 | DQ63: 1 | DU63: 1005 | DV63: 100 м2 | DW63: 100 м2 | DX63: 100 | EE63: 26549101 | EF63: 2 | EG63: Общестроительные работы | EH63: 0 | EJ63: 1 | EK63: 27001 | EL63: Автомобильные дороги | EM63: ФЕР-27 | EO63: Поправка: МДС 81-35.2004, п.4.7 | EQ63: 0 | ER63: 500.76 | ES63: 4.88 | ET63: 273.89 | EU63: 35 | EV63: 221.99 | EW63: 26.24 | EX63: 3.17 | EY63: 0 | FQ63: 0 | FR63: =ROUND(IF(AND(BH63=3,BI63=3),P63,0),2) -> 0 | FS63: 0 | FT63: *0,9 | FU63: *0,85 | FX63: 127.8 | FY63: 80.75 | GD63: 0 | GF63: 1556152965 | GG63: 1 | GH63: 1 | GI63: 4 | GJ63: 0 | GK63: =ROUND(R63*(S12)/100,2) -> 0 | GL63: =ROUND(IF(AND(BH63=3,BI63=3,FS63<>0),P63,0),2) -> 0 | GM63: =ROUND(O63+X63+Y63+GK63,2)+GX63 -> 6143.74 | GN63: =IF(OR(BI63=0,BI63=1),ROUND(O63+X63+Y63+GK63,2),0) -> 6143.74 | GO63: =IF(BI63=2,ROUND(O63+X63+Y63+GK63,2),0) -> 0 | GP63: =IF(BI63=4,ROUND(O63+X63+Y63+GK63,2)+GX63,0) -> 0 | GR63: 0 | GS63: 3 | GT63: 0 | GV63: =ROUND(GT63,6) -> 0 | GW63: 1 | GX63: =ROUND(GV63*GW63*I63,2) -> 0 | HA63: 0 | HB63: 0 | IK63: 0
A64: 18 | B64: 1 | C64: 143 | E64: 9,1 | F64: 02.2.05.04-0054 | G64: Щебень из гравия для строительных работ марка 1000, фракция 10-20 мм | H64: м3 | I64: =I62*J64 -> 12.18 | J64: 17.4 | O64: =ROUND(CP64,2) -> 2420.53 | P64: =ROUND(CQ64*I64,2) -> 2420.53 | Q64: =ROUND(CR64*I64,2) -> 0 | R64: =ROUND(CS64*I64,2) -> 0 | S64: =ROUND(CT64*I64,2) -> 0 | T64: =ROUND(CU64*I64,2) -> 0 | U64: =CV64*I64 -> 0 | V64: =CW64*I64 -> 0 | W64: =ROUND(CX64*I64,2) -> 0 | X64: =ROUND(CY64,2) -> 0 | Y64: =ROUND(CZ64,2) -> 0 | AA64: 26812436 | AB64: =ROUND((AC64+AD64+AF64),6) -> 198.73 | AC64: =ROUND((ES64),6) -> 198.73 | AD64: =ROUND((((ET64)-(EU64))+AE64),6) -> 0 | AE64: =ROUND((EU64),6) -> 0 | AF64: =ROUND((EV64),6) -> 0 | AG64: =ROUND((AP64),6) -> 0 | AH64: =(EW64) -> 0 | AI64: =(EX64) -> 0 | AJ64: =ROUND((AS64),6) -> 0 | AK64: 198.73 | AL64: 198.73 | AM64: 0 | AN64: 0 | AO64: 0 | AP64: 0 | AQ64: 0 | AR64: 0 | AS64: 0 | AT64: 128 | AU64: 81 | AV64: 1 | AW64: 1 | AZ64: 1 | BA64: 1 | BB64: 1 | BC64: 1 | BH64: 3 | BI64: 1 | BJ64: ФССЦ-2001, 02.2.05.04-0054, приказ Минстроя России №1039/пр от 30.12.2016г. | BM64: 27001 | BN64: 0 | BP64: 0 | BQ64: 2 | BR64: 0 | BS64: 1 | BT64: 1 | BU64: 1 | BV64: 1 | BW64: 1 | BX64: 1 | BZ64: 142 | CA64: 95 | CF64: 0 | CG64: 0 | CM64: 0 | CO64: 0 | CP64: =(P64+Q64+S64) -> 2420.53 | CQ64: =AC64*BC64 -> 198.73 | CR64: =AD64*BB64 -> 0 | CS64: =AE64*BS64 -> 0 | CT64: =AF64*BA64 -> 0 | CU64: =AG64 -> 0 | CV64: =AH64 -> 0 | CW64: =AI64 -> 0 | CX64: =AJ64 -> 0 | CY64: =(((S64+R64)*AT64)/100) -> 0 | CZ64: =(((S64+R64)*AU64)/100) -> 0 | DN64: 0 | DO64: 0 | DP64: 1 | DQ64: 1 | DU64: 1007 | DV64: м3 | DW64: м3 | DX64: 1 | EE64: 26549101 | EF64: 2 | EG64: Общестроительные работы | EH64: 0 | EJ64: 1 | EK64: 27001 | EL64: Автомобильные дороги | EM64: ФЕР-27 | EQ64: 0 | ER64: 198.73 | ES64: 198.73 | ET64: 0 | EU64: 0 | EV64: 0 | EW64: 0 | EX64: 0 | FQ64: 0 | FR64: =ROUND(IF(AND(BH64=3,BI64=3),P64,0),2) -> 0 | FS64: 0 | FT64: *0,9 | FU64: *0,85 | FX64: 127.8 | FY64: 80.75 | GD64: 0 | GF64: 408640666 | GG64: 2 | GH64: 1 | GI64: -2 | GJ64: 0 | GK64: =ROUND(R64*(R12)/100,2) -> 0 | GL64: =ROUND(IF(AND(BH64=3,BI64=3,FS64<>0),P64,0),2) -> 0 | GM64: =ROUND(O64+X64+Y64+GK64,2)+GX64 -> 2420.53 | GN64: =IF(OR(BI64=0,BI64=1),ROUND(O64+X64+Y64+GK64,2),0) -> 2420.53 | GO64: =IF(BI64=2,ROUND(O64+X64+Y64+GK64,2),0) -> 0 | GP64: =IF(BI64=4,ROUND(O64+X64+Y64+GK64,2)+GX64,0) -> 0 | GR64: 0 | GS64: 3 | GT64: 0 | GV64: =ROUND(GT64,6) -> 0 | GW64: 1 | GX64: =ROUND(GV64*GW64*I64,2) -> 0 | HA64: 0 | HB64: 0 | IK64: 0
A65: 18 | B65: 1 | C65: 150 | E65: 9,1 | F65: 02.2.05.04-0054 | G65: Щебень из гравия для строительных работ марка 1000, фракция 10-20 мм | H65: м3 | I65: =I63*J65 -> 12.18 | J65: 17.4 | O65: =ROUND(CP65,2) -> 17306.8 | P65: =ROUND(CQ65*I65,2) -> 17306.8 | Q65: =ROUND(CR65*I65,2) -> 0 | R65: =ROUND(CS65*I65,2) -> 0 | S65: =ROUND(CT65*I65,2) -> 0 | T65: =ROUND(CU65*I65,2) -> 0 | U65: =CV65*I65 -> 0 | V65: =CW65*I65 -> 0 | W65: =ROUND(CX65*I65,2) -> 0 | X65: =ROUND(CY65,2) -> 0 | Y65: =ROUND(CZ65,2) -> 0 | AA65: 26812450 | AB65: =ROUND((AC65+AD65+AF65),6) -> 198.73 | AC65: =ROUND((ES65),6) -> 198.73 | AD65: =ROUND((((ET65)-(EU65))+AE65),6) -> 0 | AE65: =ROUND((EU65),6) -> 0 | AF65: =ROUND((EV65),6) -> 0 | AG65: =ROUND((AP65),6) -> 0 | AH65: =(EW65) -> 0 | AI65: =(EX65) -> 0 | AJ65: =ROUND((AS65),6) -> 0 | AK65: 198.73 | AL65: 198.73 | AM65: 0 | AN65: 0 | AO65: 0 | AP65: 0 | AQ65: 0 | AR65: 0 | AS65: 0 | AT65: 128 | AU65: 81 | AV65: 1 | AW65: 1 | AZ65: 7.15 | BA65: 1 | BB65: 1 | BC65: 7.15 | BH65: 3 | BI65: 1 | BJ65: ФССЦ-2001, 02.2.05.04-0054, приказ Минстроя России №1039/пр от 30.12.2016г. | BM65: 27001 | BN65: 0 | BP65: 0 | BQ65: 2 | BR65: 0 | BS65: 1 | BT65: 1 | BU65: 1 | BV65: 1 | BW65: 1 | BX65: 1 | BZ65: 142 | CA65: 95 | CF65: 0 | CG65: 0 | CM65: 0 | CO65: 0 | CP65: =(P65+Q65+S65) -> 17306.8 | CQ65: =AC65*BC65 -> 1420.9195 | CR65: =AD65*BB65 -> 0 | CS65: =AE65*BS65 -> 0 | CT65: =AF65*BA65 -> 0 | CU65: =AG65 -> 0 | CV65: =AH65 -> 0 | CW65: =AI65 -> 0 | CX65: =AJ65 -> 0 | CY65: =(((S65+R65)*AT65)/100) -> 0 | CZ65: =(((S65+R65)*AU65)/100) -> 0 | DN65: 0 | DO65: 0 | DP65: 1 | DQ65: 1 | DU65: 1007 | DV65: м3 | DW65: м3 | DX65: 1 | EE65: 26549101 | EF65: 2 | EG65: Общестроительные работы | EH65: 0 | EJ65: 1 | EK65: 27001 | EL65: Автомобильные дороги | EM65: ФЕР-27 | EQ65: 0 | ER65: 198.73 | ES65: 198.73 | ET65: 0 | EU65: 0 | EV65: 0 | EW65: 0 | EX65: 0 | FQ65: 0 | FR65: =ROUND(IF(AND(BH65=3,BI65=3),P65,0),2) -> 0 | FS65: 0 | FT65: *0,9 | FU65: *0,85 | FX65: 127.8 | FY65: 80.75 | GD65: 0 | GF65: 408640666 | GG65: 1 | GH65: 1 | GI65: 4 | GJ65: 0 | GK65: =ROUND(R65*(S12)/100,2) -> 0 | GL65: =ROUND(IF(AND(BH65=3,BI65=3,FS65<>0),P65,0),2) -> 0 | GM65: =ROUND(O65+X65+Y65+GK65,2)+GX65 -> 17306.8 | GN65: =IF(OR(BI65=0,BI65=1),ROUND(O65+X65+Y65+GK65,2),0) -> 17306.8 | GO65: =IF(BI65=2,ROUND(O65+X65+Y65+GK65,2),0) -> 0 | GP65: =IF(BI65=4,ROUND(O65+X65+Y65+GK65,2)+GX65,0) -> 0 | GR65: 0 | GS65: 3 | GT65: 0 | GV65: =ROUND(GT65,6) -> 0 | GW65: 1 | GX65: =ROUND(GV65*GW65*I65,2) -> 0 | HA65: 0 | HB65: 0 | IK65: 0
A66: 17 | B66: 1 | C66: =ROW(SmtRes!A159) -> 159 | D66: =ROW(EtalonRes!A161) -> 161 | E66: 10 | F66: 68-16-1 | G66: Ремонт тротуаров из литого асфальта | H66: 100 м2 | I66: =ROUND(194/100,9) -> 1.94 | J66: 0 | O66: =ROUND(CP66,2) -> 3334.81 | P66: =ROUND(CQ66*I66,2) -> 0 | Q66: =ROUND(CR66*I66,2) -> 1187.79 | R66: =ROUND(CS66*I66,2) -> 131.16 | S66: =ROUND(CT66*I66,2) -> 2147.02 | T66: =ROUND(CU66*I66,2) -> 0 | U66: =CV66*I66 -> 265.392 | V66: =CW66*I66 -> 13.0368 | W66: =ROUND(CX66*I66,2) -> 0 | X66: =ROUND(CY66,2) -> 2369.31 | Y66: =ROUND(CZ66,2) -> 1366.91 | AA66: 26812436 | AB66: =ROUND((AC66+AD66+AF66),6) -> 1718.976 | AC66: =ROUND((ES66),6) -> 0 | AD66: =ROUND(((((ET66*1.2))-((EU66*1.2)))+AE66),6) -> 612.264 | AE66: =ROUND(((EU66*1.2)),6) -> 67.608 | AF66: =ROUND(((EV66*1.2)),6) -> 1106.712 | AG66: =ROUND((AP66),6) -> 0 | AH66: =((EW66*1.2)) -> 136.8 | AI66: =((EX66*1.2)) -> 6.72 | AJ66: =ROUND((AS66),6) -> 0 | AK66: 1432.48 | AL66: 0 | AM66: 510.22 | AN66: 56.34 | AO66: 922.26 | AP66: 0 | AQ66: 114 | AR66: 5.6 | AS66: 0 | AT66: 104 | AU66: 60 | AV66: 1 | AW66: 1 | AZ66: 1 | BA66: 1 | BB66: 1 | BC66: 1 | BH66: 0 | BI66: 1 | BJ66: ФЕР-2001, 68-16-1, приказ Минстроя России №1039/пр от 30.12.2016г. | BM66: 68001 | BN66: 0 | BP66: 0 | BQ66: 6 | BR66: 0 | BS66: 1 | BT66: 1 | BU66: 1 | BV66: 1 | BW66: 1 | BX66: 1 | BZ66: 104 | CA66: 60 | CF66: 0 | CG66: 0 | CM66: 0 | CN66: Поправка: Сб.№68, п.1.68.3 Наименование: Работы по ремонту дорожных оснований и покрытий в условиях непрекрекращающегося движения транспорта определяется по расценкам соответствующих таблиц | CO66: 0 | CP66: =(P66+Q66+S66) -> 3334.81 | CQ66: =AC66*BC66 -> 0 | CR66: =AD66*BB66 -> 612.264 | CS66: =AE66*BS66 -> 67.608 | CT66: =AF66*BA66 -> 1106.712 | CU66: =AG66 -> 0 | CV66: =AH66 -> 136.8 | CW66: =AI66 -> 6.72 | CX66: =AJ66 -> 0 | CY66: =(((S66+R66)*AT66)/100) -> 2369.3072 | CZ66: =(((S66+R66)*AU66)/100) -> 1366.908 | DE66: )*1,2 | DF66: )*1,2 | DG66: )*1,2 | DI66: )*1,2 | DJ66: )*1,2 | DN66: 0 | DO66: 0 | DP66: 1 | DQ66: 1 | DU66: 1005 | DV66: 100 м2 | DW66: 100 м2 | DX66: 100 | EE66: 26549186 | EF66: 6 | EG66: Ремонтно-строительные работы | EH66: 0 | EJ66: 1 | EK66: 68001 | EL66: Благоустройство | EM66: рФЕР-68 | EO66: Поправка: Сб.№68, п.1.68.3 | EQ66: 0 | ER66: 1432.48 | ES66: 0 | ET66: 510.22 | EU66: 56.34 | EV66: 922.26 | EW66: 114 | EX66: 5.6 | EY66: 0 | FQ66: 0 | FR66: =ROUND(IF(AND(BH66=3,BI66=3),P66,0),2) -> 0 | FS66: 0 | FX66: 104 | FY66: 60 | GD66: 0 | GF66: -416142882 | GG66: 2 | GH66: 1 | GI66: -2 | GJ66: 0 | GK66: =ROUND(R66*(R12)/100,2) -> 0 | GL66: =ROUND(IF(AND(BH66=3,BI66=3,FS66<>0),P66,0),2) -> 0 | GM66: =ROUND(O66+X66+Y66+GK66,2)+GX66 -> 7071.03 | GN66: =IF(OR(BI66=0,BI66=1),ROUND(O66+X66+Y66+GK66,2),0) -> 7071.03 | GO66: =IF(BI66=2,ROUND(O66+X66+Y66+GK66,2),0) -> 0 | GP66: =IF(BI66=4,ROUND(O66+X66+Y66+GK66,2)+GX66,0) -> 0 | GR66: 0 | GS66: 3 | GT66: 0 | GV66: =ROUND(GT66,6) -> 0 | GW66: 1 | GX66: =ROUND(GV66*GW66*I66,2) -> 0 | HA66: 0 | HB66: 0 | IK66: 0
A67: 17 | B67: 1 | C67: =ROW(SmtRes!A168) -> 168 | D67: =ROW(EtalonRes!A170) -> 170 | E67: 10 | F67: 68-16-1 | G67: Ремонт тротуаров из литого асфальта | H67: 100 м2 | I67: =ROUND(194/100,9) -> 1.94 | J67: 0 | O67: =ROUND(CP67,2) -> 23843.91 | P67: =ROUND(CQ67*I67,2) -> 0 | Q67: =ROUND(CR67*I67,2) -> 8492.71 | R67: =ROUND(CS67*I67,2) -> 937.79 | S67: =ROUND(CT67*I67,2) -> 15351.2 | T67: =ROUND(CU67*I67,2) -> 0 | U67: =CV67*I67 -> 265.392 | V67: =CW67*I67 -> 13.0368 | W67: =ROUND(CX67*I67,2) -> 0 | X67: =ROUND(CY67,2) -> 16940.55 | Y67: =ROUND(CZ67,2) -> 9773.39 | AA67: 26812450 | AB67: =ROUND((AC67+AD67+AF67),6) -> 1718.976 | AC67: =ROUND((ES67),6) -> 0 | AD67: =ROUND(((((ET67*1.2))-((EU67*1.2)))+AE67),6) -> 612.264 | AE67: =ROUND(((EU67*1.2)),6) -> 67.608 | AF67: =ROUND(((EV67*1.2)),6) -> 1106.712 | AG67: =ROUND((AP67),6) -> 0 | AH67: =((EW67*1.2)) -> 136.8 | AI67: =((EX67*1.2)) -> 6.72 | AJ67: =ROUND((AS67),6) -> 0 | AK67: 1432.48 | AL67: 0 | AM67: 510.22 | AN67: 56.34 | AO67: 922.26 | AP67: 0 | AQ67: 114 | AR67: 5.6 | AS67: 0 | AT67: 104 | AU67: 60 | AV67: 1 | AW67: 1 | AZ67: 7.15 | BA67: 7.15 | BB67: 7.15 | BC67: 7.15 | BH67: 0 | BI67: 1 | BJ67: ФЕР-2001, 68-16-1, приказ Минстроя России №1039/пр от 30.12.2016г. | BM67: 68001 | BN67: 0 | BP67: 0 | BQ67: 6 | BR67: 0 | BS67: 7.15 | BT67: 1 | BU67: 1 | BV67: 1 | BW67: 1 | BX67: 1 | BZ67: 104 | CA67: 60 | CF67: 0 | CG67: 0 | CM67: 0 | CN67: Поправка: Сб.№68, п.1.68.3 Наименование: Работы по ремонту дорожных оснований и покрытий в условиях непрекрекращающегося движения транспорта определяется по расценкам соответствующих таблиц | CO67: 0 | CP67: =(P67+Q67+S67) -> 23843.91 | CQ67: =AC67*BC67 -> 0 | CR67: =AD67*BB67 -> 4377.6876 | CS67: =AE67*BS67 -> 483.3972 | CT67: =AF67*BA67 -> 7912.9908 | CU67: =AG67 -> 0 | CV67: =AH67 -> 136.8 | CW67: =AI67 -> 6.72 | CX67: =AJ67 -> 0 | CY67: =(((S67+R67)*AT67)/100) -> 16940.55 | CZ67: =(((S67+R67)*AU67)/100) -> 9773.394 | DE67: )*1,2 | DF67: )*1,2 | DG67: )*1,2 | DI67: )*1,2 | DJ67: )*1,2 | DN67: 0 | DO67: 0 | DP67: 1 | DQ67: 1 | DU67: 1005 | DV67: 100 м2 | DW67: 100 м2 | DX67: 100 | EE67: 26549186 | EF67: 6 | EG67: Ремонтно-строительные работы | EH67: 0 | EJ67: 1 | EK67: 68001 | EL67: Благоустройство | EM67: рФЕР-68 | EO67: Поправка: Сб.№68, п.1.68.3 | EQ67: 0 | ER67: 1432.48 | ES67: 0 | ET67: 510.22 | EU67: 56.34 | EV67: 922.26 | EW67: 114 | EX67: 5.6 | EY67: 0 | FQ67: 0 | FR67: =ROUND(IF(AND(BH67=3,BI67=3),P67,0),2) -> 0 | FS67: 0 | FX67: 104 | FY67: 60 | GD67: 0 | GF67: -416142882 | GG67: 1 | GH67: 1 | GI67: 4 | GJ67: 0 | GK67: =ROUND(R67*(S12)/100,2) -> 0 | GL67: =ROUND(IF(AND(BH67=3,BI67=3,FS67<>0),P67,0),2) -> 0 | GM67: =ROUND(O67+X67+Y67+GK67,2)+GX67 -> 50557.85 | GN67: =IF(OR(BI67=0,BI67=1),ROUND(O67+X67+Y67+GK67,2),0) -> 50557.85 | GO67: =IF(BI67=2,ROUND(O67+X67+Y67+GK67,2),0) -> 0 | GP67: =IF(BI67=4,ROUND(O67+X67+Y67+GK67,2)+GX67,0) -> 0 | GR67: 0 | GS67: 3 | GT67: 0 | GV67: =ROUND(GT67,6) -> 0 | GW67: 1 | GX67: =ROUND(GV67*GW67*I67,2) -> 0 | HA67: 0 | HB67: 0 | IK67: 0
A68: 18 | B68: 1 | C68: 156 | E68: 10,1 | F68: 01.7.07.07 | G68: Строительный мусор | H68: т | I68: =I66*J68 -> 31.1564 | J68: 16.06 | O68: =ROUND(CP68,2) -> 0 | P68: =ROUND(CQ68*I68,2) -> 0 | Q68: =ROUND(CR68*I68,2) -> 0 | R68: =ROUND(CS68*I68,2) -> 0 | S68: =ROUND(CT68*I68,2) -> 0 | T68: =ROUND(CU68*I68,2) -> 0 | U68: =CV68*I68 -> 0 | V68: =CW68*I68 -> 0 | W68: =ROUND(CX68*I68,2) -> 0 | X68: =ROUND(CY68,2) -> 0 | Y68: =ROUND(CZ68,2) -> 0 | AA68: 26812436 | AB68: =ROUND((AC68+AD68+AF68),6) -> 0 | AC68: =ROUND((ES68),6) -> 0 | AD68: =ROUND((((ET68)-(EU68))+AE68),6) -> 0 | AE68: =ROUND((EU68),6) -> 0 | AF68: =ROUND((EV68),6) -> 0 | AG68: =ROUND((AP68),6) -> 0 | AH68: =(EW68) -> 0 | AI68: =(EX68) -> 0 | AJ68: =ROUND((AS68),6) -> 0 | AK68: 0 | AL68: 0 | AM68: 0 | AN68: 0 | AO68: 0 | AP68: 0 | AQ68: 0 | AR68: 0 | AS68: 0 | AT68: 104 | AU68: 60 | AV68: 1 | AW68: 1 | AZ68: 1 | BA68: 1 | BB68: 1 | BC68: 1 | BH68: 3 | BI68: 1 | BM68: 68001 | BN68: 0 | BP68: 0 | BQ68: 6 | BR68: 0 | BS68: 1 | BT68: 1 | BU68: 1 | BV68: 1 | BW68: 1 | BX68: 1 | BZ68: 104 | CA68: 60 | CF68: 0 | CG68: 0 | CM68: 0 | CO68: 0 | CP68: =(P68+Q68+S68) -> 0 | CQ68: =AC68*BC68 -> 0 | CR68: =AD68*BB68 -> 0 | CS68: =AE68*BS68 -> 0 | CT68: =AF68*BA68 -> 0 | CU68: =AG68 -> 0 | CV68: =AH68 -> 0 | CW68: =AI68 -> 0 | CX68: =AJ68 -> 0 | CY68: =(((S68+R68)*AT68)/100) -> 0 | CZ68: =(((S68+R68)*AU68)/100) -> 0 | DN68: 0 | DO68: 0 | DP68: 1 | DQ68: 1 | DU68: 1009 | DV68: т | DW68: т | DX68: 1000 | EE68: 26549186 | EF68: 6 | EG68: Ремонтно-строительные работы | EH68: 0 | EJ68: 1 | EK68: 68001 | EL68: Благоустройство | EM68: рФЕР-68 | EQ68: 0 | ER68: 0 | ES68: 0 | ET68: 0 | EU68: 0 | EV68: 0 | EW68: 0 | EX68: 0 | FQ68: 0 | FR68: =ROUND(IF(AND(BH68=3,BI68=3),P68,0),2) -> 0 | FS68: 0 | FX68: 104 | FY68: 60 | GA68: занесена вручную | GD68: 0 | GF68: -179832266 | GG68: 2 | GH68: 1 | GI68: -2 | GJ68: 0 | GK68: =ROUND(R68*(R12)/100,2) -> 0 | GL68: =ROUND(IF(AND(BH68=3,BI68=3,FS68<>0),P68,0),2) -> 0 | GM68: =ROUND(O68+X68+Y68+GK68,2)+GX68 -> 0 | GN68: =IF(OR(BI68=0,BI68=1),ROUND(O68+X68+Y68+GK68,2),0) -> 0 | GO68: =IF(BI68=2,ROUND(O68+X68+Y68+GK68,2),0) -> 0 | GP68: =IF(BI68=4,ROUND(O68+X68+Y68+GK68,2)+GX68,0) -> 0 | GR68: 0 | GS68: 4 | GT68: 0 | GV68: =ROUND(GT68,6) -> 0 | GW68: 1 | GX68: =ROUND(GV68*GW68*I68,2) -> 0 | HA68: 0 | HB68: 0 | IK68: 0
A69: 18 | B69: 1 | C69: 165 | E69: 10,1 | F69: 01.7.07.07 | G69: Строительный мусор | H69: т | I69: =I67*J69 -> 31.1564 | J69: 16.06 | O69: =ROUND(CP69,2) -> 0 | P69: =ROUND(CQ69*I69,2) -> 0 | Q69: =ROUND(CR69*I69,2) -> 0 | R69: =ROUND(CS69*I69,2) -> 0 | S69: =ROUND(CT69*I69,2) -> 0 | T69: =ROUND(CU69*I69,2) -> 0 | U69: =CV69*I69 -> 0 | V69: =CW69*I69 -> 0 | W69: =ROUND(CX69*I69,2) -> 0 | X69: =ROUND(CY69,2) -> 0 | Y69: =ROUND(CZ69,2) -> 0 | AA69: 26812450 | AB69: =ROUND((AC69+AD69+AF69),6) -> 0 | AC69: =ROUND((ES69),6) -> 0 | AD69: =ROUND((((ET69)-(EU69))+AE69),6) -> 0 | AE69: =ROUND((EU69),6) -> 0 | AF69: =ROUND((EV69),6) -> 0 | AG69: =ROUND((AP69),6) -> 0 | AH69: =(EW69) -> 0 | AI69: =(EX69) -> 0 | AJ69: =ROUND((AS69),6) -> 0 | AK69: 0 | AL69: 0 | AM69: 0 | AN69: 0 | AO69: 0 | AP69: 0 | AQ69: 0 | AR69: 0 | AS69: 0 | AT69: 104 | AU69: 60 | AV69: 1 | AW69: 1 | AZ69: 7.15 | BA69: 1 | BB69: 1 | BC69: 7.15 | BH69: 3 | BI69: 1 | BM69: 68001 | BN69: 0 | BP69: 0 | BQ69: 6 | BR69: 0 | BS69: 1 | BT69: 1 | BU69: 1 | BV69: 1 | BW69: 1 | BX69: 1 | BZ69: 104 | CA69: 60 | CF69: 0 | CG69: 0 | CM69: 0 | CO69: 0 | CP69: =(P69+Q69+S69) -> 0 | CQ69: =AC69*BC69 -> 0 | CR69: =AD69*BB69 -> 0 | CS69: =AE69*BS69 -> 0 | CT69: =AF69*BA69 -> 0 | CU69: =AG69 -> 0 | CV69: =AH69 -> 0 | CW69: =AI69 -> 0 | CX69: =AJ69 -> 0 | CY69: =(((S69+R69)*AT69)/100) -> 0 | CZ69: =(((S69+R69)*AU69)/100) -> 0 | DN69: 0 | DO69: 0 | DP69: 1 | DQ69: 1 | DU69: 1009 | DV69: т | DW69: т | DX69: 1000 | EE69: 26549186 | EF69: 6 | EG69: Ремонтно-строительные работы | EH69: 0 | EJ69: 1 | EK69: 68001 | EL69: Благоустройство | EM69: рФЕР-68 | EQ69: 0 | ER69: 0 | ES69: 0 | ET69: 0 | EU69: 0 | EV69: 0 | EW69: 0 | EX69: 0 | FQ69: 0 | FR69: =ROUND(IF(AND(BH69=3,BI69=3),P69,0),2) -> 0 | FS69: 0 | FX69: 104 | FY69: 60 | GA69: занесена вручную | GD69: 0 | GF69: -179832266 | GG69: 1 | GH69: 1 | GI69: 4 | GJ69: 0 | GK69: =ROUND(R69*(S12)/100,2) -> 0 | GL69: =ROUND(IF(AND(BH69=3,BI69=3,FS69<>0),P69,0),2) -> 0 | GM69: =ROUND(O69+X69+Y69+GK69,2)+GX69 -> 0 | GN69: =IF(OR(BI69=0,BI69=1),ROUND(O69+X69+Y69+GK69,2),0) -> 0 | GO69: =IF(BI69=2,ROUND(O69+X69+Y69+GK69,2),0) -> 0 | GP69: =IF(BI69=4,ROUND(O69+X69+Y69+GK69,2)+GX69,0) -> 0 | GR69: 0 | GS69: 4 | GT69: 0 | GV69: =ROUND(GT69,6) -> 0 | GW69: 1 | GX69: =ROUND(GV69*GW69*I69,2) -> 0 | HA69: 0 | HB69: 0 | IK69: 0
A70: 18 | B70: 1 | C70: 157 | E70: 10,2 | F70: 02.2.05.04-0053 | G70: Щебень из гравия для строительных работ марка 1000, фракция 5(3)-10 мм | H70: м3 | I70: =I66*J70 -> 12.222 | J70: 6.3 | O70: =ROUND(CP70,2) -> 3016.27 | P70: =ROUND(CQ70*I70,2) -> 3016.27 | Q70: =ROUND(CR70*I70,2) -> 0 | R70: =ROUND(CS70*I70,2) -> 0 | S70: =ROUND(CT70*I70,2) -> 0 | T70: =ROUND(CU70*I70,2) -> 0 | U70: =CV70*I70 -> 0 | V70: =CW70*I70 -> 0 | W70: =ROUND(CX70*I70,2) -> 0 | X70: =ROUND(CY70,2) -> 0 | Y70: =ROUND(CZ70,2) -> 0 | AA70: 26812436 | AB70: =ROUND((AC70+AD70+AF70),6) -> 246.79 | AC70: =ROUND((ES70),6) -> 246.79 | AD70: =ROUND((((ET70)-(EU70))+AE70),6) -> 0 | AE70: =ROUND((EU70),6) -> 0 | AF70: =ROUND((EV70),6) -> 0 | AG70: =ROUND((AP70),6) -> 0 | AH70: =(EW70) -> 0 | AI70: =(EX70) -> 0 | AJ70: =ROUND((AS70),6) -> 0 | AK70: 246.79 | AL70: 246.79 | AM70: 0 | AN70: 0 | AO70: 0 | AP70: 0 | AQ70: 0 | AR70: 0 | AS70: 0 | AT70: 104 | AU70: 60 | AV70: 1 | AW70: 1 | AZ70: 1 | BA70: 1 | BB70: 1 | BC70: 1 | BH70: 3 | BI70: 1 | BJ70: ФССЦ-2001, 02.2.05.04-0053, приказ Минстроя России №1039/пр от 30.12.2016г. | BM70: 68001 | BN70: 0 | BP70: 0 | BQ70: 6 | BR70: 0 | BS70: 1 | BT70: 1 | BU70: 1 | BV70: 1 | BW70: 1 | BX70: 1 | BZ70: 104 | CA70: 60 | CF70: 0 | CG70: 0 | CM70: 0 | CO70: 0 | CP70: =(P70+Q70+S70) -> 3016.27 | CQ70: =AC70*BC70 -> 246.79 | CR70: =AD70*BB70 -> 0 | CS70: =AE70*BS70 -> 0 | CT70: =AF70*BA70 -> 0 | CU70: =AG70 -> 0 | CV70: =AH70 -> 0 | CW70: =AI70 -> 0 | CX70: =AJ70 -> 0 | CY70: =(((S70+R70)*AT70)/100) -> 0 | CZ70: =(((S70+R70)*AU70)/100) -> 0 | DN70: 0 | DO70: 0 | DP70: 1 | DQ70: 1 | DU70: 1007 | DV70: м3 | DW70: м3 | DX70: 1 | EE70: 26549186 | EF70: 6 | EG70: Ремонтно-строительные работы | EH70: 0 | EJ70: 1 | EK70: 68001 | EL70: Благоустройство | EM70: рФЕР-68 | EQ70: 0 | ER70: 246.79 | ES70: 246.79 | ET70: 0 | EU70: 0 | EV70: 0 | EW70: 0 | EX70: 0 | FQ70: 0 | FR70: =ROUND(IF(AND(BH70=3,BI70=3),P70,0),2) -> 0 | FS70: 0 | FX70: 104 | FY70: 60 | GD70: 0 | GF70: 1118804120 | GG70: 2 | GH70: 1 | GI70: -2 | GJ70: 0 | GK70: =ROUND(R70*(R12)/100,2) -> 0 | GL70: =ROUND(IF(AND(BH70=3,BI70=3,FS70<>0),P70,0),2) -> 0 | GM70: =ROUND(O70+X70+Y70+GK70,2)+GX70 -> 3016.27 | GN70: =IF(OR(BI70=0,BI70=1),ROUND(O70+X70+Y70+GK70,2),0) -> 3016.27 | GO70: =IF(BI70=2,ROUND(O70+X70+Y70+GK70,2),0) -> 0 | GP70: =IF(BI70=4,ROUND(O70+X70+Y70+GK70,2)+GX70,0) -> 0 | GR70: 0 | GS70: 3 | GT70: 0 | GV70: =ROUND(GT70,6) -> 0 | GW70: 1 | GX70: =ROUND(GV70*GW70*I70,2) -> 0 | HA70: 0 | HB70: 0 | IK70: 0
A71: 18 | B71: 1 | C71: 166 | E71: 10,2 | F71: 02.2.05.04-0053 | G71: Щебень из гравия для строительных работ марка 1000, фракция 5(3)-10 мм | H71: м3 | I71: =I67*J71 -> 12.222 | J71: 6.3 | O71: =ROUND(CP71,2) -> 21566.31 | P71: =ROUND(CQ71*I71,2) -> 21566.31 | Q71: =ROUND(CR71*I71,2) -> 0 | R71: =ROUND(CS71*I71,2) -> 0 | S71: =ROUND(CT71*I71,2) -> 0 | T71: =ROUND(CU71*I71,2) -> 0 | U71: =CV71*I71 -> 0 | V71: =CW71*I71 -> 0 | W71: =ROUND(CX71*I71,2) -> 0 | X71: =ROUND(CY71,2) -> 0 | Y71: =ROUND(CZ71,2) -> 0 | AA71: 26812450 | AB71: =ROUND((AC71+AD71+AF71),6) -> 246.79 | AC71: =ROUND((ES71),6) -> 246.79 | AD71: =ROUND((((ET71)-(EU71))+AE71),6) -> 0 | AE71: =ROUND((EU71),6) -> 0 | AF71: =ROUND((EV71),6) -> 0 | AG71: =ROUND((AP71),6) -> 0 | AH71: =(EW71) -> 0 | AI71: =(EX71) -> 0 | AJ71: =ROUND((AS71),6) -> 0 | AK71: 246.79 | AL71: 246.79 | AM71: 0 | AN71: 0 | AO71: 0 | AP71: 0 | AQ71: 0 | AR71: 0 | AS71: 0 | AT71: 104 | AU71: 60 | AV71: 1 | AW71: 1 | AZ71: 7.15 | BA71: 1 | BB71: 1 | BC71: 7.15 | BH71: 3 | BI71: 1 | BJ71: ФССЦ-2001, 02.2.05.04-0053, приказ Минстроя России №1039/пр от 30.12.2016г. | BM71: 68001 | BN71: 0 | BP71: 0 | BQ71: 6 | BR71: 0 | BS71: 1 | BT71: 1 | BU71: 1 | BV71: 1 | BW71: 1 | BX71: 1 | BZ71: 104 | CA71: 60 | CF71: 0 | CG71: 0 | CM71: 0 | CO71: 0 | CP71: =(P71+Q71+S71) -> 21566.31 | CQ71: =AC71*BC71 -> 1764.5485 | CR71: =AD71*BB71 -> 0 | CS71: =AE71*BS71 -> 0 | CT71: =AF71*BA71 -> 0 | CU71: =AG71 -> 0 | CV71: =AH71 -> 0 | CW71: =AI71 -> 0 | CX71: =AJ71 -> 0 | CY71: =(((S71+R71)*AT71)/100) -> 0 | CZ71: =(((S71+R71)*AU71)/100) -> 0 | DN71: 0 | DO71: 0 | DP71: 1 | DQ71: 1 | DU71: 1007 | DV71: м3 | DW71: м3 | DX71: 1 | EE71: 26549186 | EF71: 6 | EG71: Ремонтно-строительные работы | EH71: 0 | EJ71: 1 | EK71: 68001 | EL71: Благоустройство | EM71: рФЕР-68 | EQ71: 0 | ER71: 246.79 | ES71: 246.79 | ET71: 0 | EU71: 0 | EV71: 0 | EW71: 0 | EX71: 0 | FQ71: 0 | FR71: =ROUND(IF(AND(BH71=3,BI71=3),P71,0),2) -> 0 | FS71: 0 | FX71: 104 | FY71: 60 | GD71: 0 | GF71: 1118804120 | GG71: 1 | GH71: 1 | GI71: 4 | GJ71: 0 | GK71: =ROUND(R71*(S12)/100,2) -> 0 | GL71: =ROUND(IF(AND(BH71=3,BI71=3,FS71<>0),P71,0),2) -> 0 | GM71: =ROUND(O71+X71+Y71+GK71,2)+GX71 -> 21566.31 | GN71: =IF(OR(BI71=0,BI71=1),ROUND(O71+X71+Y71+GK71,2),0) -> 21566.31 | GO71: =IF(BI71=2,ROUND(O71+X71+Y71+GK71,2),0) -> 0 | GP71: =IF(BI71=4,ROUND(O71+X71+Y71+GK71,2)+GX71,0) -> 0 | GR71: 0 | GS71: 3 | GT71: 0 | GV71: =ROUND(GT71,6) -> 0 | GW71: 1 | GX71: =ROUND(GV71*GW71*I71,2) -> 0 | HA71: 0 | HB71: 0 | IK71: 0
A72: 18 | B72: 1 | C72: 158 | E72: 10,3 | F72: 02.3.01.02-0002 | G72: Песок для строительных работ | H72: м3 | I72: =I66*J72 -> 0.97 | J72: 0.5 | O72: =ROUND(CP72,2) -> 115.2 | P72: =ROUND(CQ72*I72,2) -> 115.2 | Q72: =ROUND(CR72*I72,2) -> 0 | R72: =ROUND(CS72*I72,2) -> 0 | S72: =ROUND(CT72*I72,2) -> 0 | T72: =ROUND(CU72*I72,2) -> 0 | U72: =CV72*I72 -> 0 | V72: =CW72*I72 -> 0 | W72: =ROUND(CX72*I72,2) -> 0 | X72: =ROUND(CY72,2) -> 0 | Y72: =ROUND(CZ72,2) -> 0 | AA72: 26812436 | AB72: =ROUND((AC72+AD72+AF72),6) -> 118.76 | AC72: =ROUND((ES72),6) -> 118.76 | AD72: =ROUND((((ET72)-(EU72))+AE72),6) -> 0 | AE72: =ROUND((EU72),6) -> 0 | AF72: =ROUND((EV72),6) -> 0 | AG72: =ROUND((AP72),6) -> 0 | AH72: =(EW72) -> 0 | AI72: =(EX72) -> 0 | AJ72: =ROUND((AS72),6) -> 0 | AK72: 118.76 | AL72: 118.76 | AM72: 0 | AN72: 0 | AO72: 0 | AP72: 0 | AQ72: 0 | AR72: 0 | AS72: 0 | AT72: 128 | AU72: 81 | AV72: 1 | AW72: 1 | AZ72: 1 | BA72: 1 | BB72: 1 | BC72: 1 | BH72: 3 | BI72: 1 | BJ72: ФССЦ-2001, 02.3.01.02-0002, приказ Минстроя России №1039/пр от 30.12.2016г. | BM72: 27001 | BN72: 0 | BP72: 0 | BQ72: 2 | BR72: 0 | BS72: 1 | BT72: 1 | BU72: 1 | BV72: 1 | BW72: 1 | BX72: 1 | BZ72: 142 | CA72: 95 | CF72: 0 | CG72: 0 | CM72: 0 | CO72: 0 | CP72: =(P72+Q72+S72) -> 115.2 | CQ72: =AC72*BC72 -> 118.76 | CR72: =AD72*BB72 -> 0 | CS72: =AE72*BS72 -> 0 | CT72: =AF72*BA72 -> 0 | CU72: =AG72 -> 0 | CV72: =AH72 -> 0 | CW72: =AI72 -> 0 | CX72: =AJ72 -> 0 | CY72: =(((S72+R72)*AT72)/100) -> 0 | CZ72: =(((S72+R72)*AU72)/100) -> 0 | DN72: 0 | DO72: 0 | DP72: 1 | DQ72: 1 | DU72: 1007 | DV72: м3 | DW72: м3 | DX72: 1 | EE72: 26549101 | EF72: 2 | EG72: Общестроительные работы | EH72: 0 | EJ72: 1 | EK72: 27001 | EL72: Автомобильные дороги | EM72: ФЕР-27 | EQ72: 0 | ER72: 118.76 | ES72: 118.76 | ET72: 0 | EU72: 0 | EV72: 0 | EW72: 0 | EX72: 0 | FQ72: 0 | FR72: =ROUND(IF(AND(BH72=3,BI72=3),P72,0),2) -> 0 | FS72: 0 | FT72: *0,9 | FU72: *0,85 | FX72: 127.8 | FY72: 80.75 | GD72: 0 | GF72: -190031125 | GG72: 2 | GH72: 1 | GI72: -2 | GJ72: 0 | GK72: =ROUND(R72*(R12)/100,2) -> 0 | GL72: =ROUND(IF(AND(BH72=3,BI72=3,FS72<>0),P72,0),2) -> 0 | GM72: =ROUND(O72+X72+Y72+GK72,2)+GX72 -> 115.2 | GN72: =IF(OR(BI72=0,BI72=1),ROUND(O72+X72+Y72+GK72,2),0) -> 115.2 | GO72: =IF(BI72=2,ROUND(O72+X72+Y72+GK72,2),0) -> 0 | GP72: =IF(BI72=4,ROUND(O72+X72+Y72+GK72,2)+GX72,0) -> 0 | GR72: 0 | GS72: 3 | GT72: 0 | GV72: =ROUND(GT72,6) -> 0 | GW72: 1 | GX72: =ROUND(GV72*GW72*I72,2) -> 0 | HA72: 0 | HB72: 0 | IK72: 0
A73: 18 | B73: 1 | C73: 167 | E73: 10,3 | F73: 02.3.01.02-0002 | G73: Песок для строительных работ | H73: м3 | I73: =I67*J73 -> 0.97 | J73: 0.5 | O73: =ROUND(CP73,2) -> 823.66 | P73: =ROUND(CQ73*I73,2) -> 823.66 | Q73: =ROUND(CR73*I73,2) -> 0 | R73: =ROUND(CS73*I73,2) -> 0 | S73: =ROUND(CT73*I73,2) -> 0 | T73: =ROUND(CU73*I73,2) -> 0 | U73: =CV73*I73 -> 0 | V73: =CW73*I73 -> 0 | W73: =ROUND(CX73*I73,2) -> 0 | X73: =ROUND(CY73,2) -> 0 | Y73: =ROUND(CZ73,2) -> 0 | AA73: 26812450 | AB73: =ROUND((AC73+AD73+AF73),6) -> 118.76 | AC73: =ROUND((ES73),6) -> 118.76 | AD73: =ROUND((((ET73)-(EU73))+AE73),6) -> 0 | AE73: =ROUND((EU73),6) -> 0 | AF73: =ROUND((EV73),6) -> 0 | AG73: =ROUND((AP73),6) -> 0 | AH73: =(EW73) -> 0 | AI73: =(EX73) -> 0 | AJ73: =ROUND((AS73),6) -> 0 | AK73: 118.76 | AL73: 118.76 | AM73: 0 | AN73: 0 | AO73: 0 | AP73: 0 | AQ73: 0 | AR73: 0 | AS73: 0 | AT73: 128 | AU73: 81 | AV73: 1 | AW73: 1 | AZ73: 7.15 | BA73: 1 | BB73: 1 | BC73: 7.15 | BH73: 3 | BI73: 1 | BJ73: ФССЦ-2001, 02.3.01.02-0002, приказ Минстроя России №1039/пр от 30.12.2016г. | BM73: 27001 | BN73: 0 | BP73: 0 | BQ73: 2 | BR73: 0 | BS73: 1 | BT73: 1 | BU73: 1 | BV73: 1 | BW73: 1 | BX73: 1 | BZ73: 142 | CA73: 95 | CF73: 0 | CG73: 0 | CM73: 0 | CO73: 0 | CP73: =(P73+Q73+S73) -> 823.66 | CQ73: =AC73*BC73 -> 849.134 | CR73: =AD73*BB73 -> 0 | CS73: =AE73*BS73 -> 0 | CT73: =AF73*BA73 -> 0 | CU73: =AG73 -> 0 | CV73: =AH73 -> 0 | CW73: =AI73 -> 0 | CX73: =AJ73 -> 0 | CY73: =(((S73+R73)*AT73)/100) -> 0 | CZ73: =(((S73+R73)*AU73)/100) -> 0 | DN73: 0 | DO73: 0 | DP73: 1 | DQ73: 1 | DU73: 1007 | DV73: м3 | DW73: м3 | DX73: 1 | EE73: 26549101 | EF73: 2 | EG73: Общестроительные работы | EH73: 0 | EJ73: 1 | EK73: 27001 | EL73: Автомобильные дороги | EM73: ФЕР-27 | EQ73: 0 | ER73: 118.76 | ES73: 118.76 | ET73: 0 | EU73: 0 | EV73: 0 | EW73: 0 | EX73: 0 | FQ73: 0 | FR73: =ROUND(IF(AND(BH73=3,BI73=3),P73,0),2) -> 0 | FS73: 0 | FT73: *0,9 | FU73: *0,85 | FX73: 127.8 | FY73: 80.75 | GD73: 0 | GF73: -190031125 | GG73: 1 | GH73: 1 | GI73: 4 | GJ73: 0 | GK73: =ROUND(R73*(S12)/100,2) -> 0 | GL73: =ROUND(IF(AND(BH73=3,BI73=3,FS73<>0),P73,0),2) -> 0 | GM73: =ROUND(O73+X73+Y73+GK73,2)+GX73 -> 823.66 | GN73: =IF(OR(BI73=0,BI73=1),ROUND(O73+X73+Y73+GK73,2),0) -> 823.66 | GO73: =IF(BI73=2,ROUND(O73+X73+Y73+GK73,2),0) -> 0 | GP73: =IF(BI73=4,ROUND(O73+X73+Y73+GK73,2)+GX73,0) -> 0 | GR73: 0 | GS73: 3 | GT73: 0 | GV73: =ROUND(GT73,6) -> 0 | GW73: 1 | GX73: =ROUND(GV73*GW73*I73,2) -> 0 | HA73: 0 | HB73: 0 | IK73: 0
A74: 18 | B74: 1 | C74: 159 | E74: 10,4 | F74: 04.2.02.01-0011 | G74: Асфальт литой для покрытий тротуаров | H74: м3 | I74: =I66*J74 -> 11.446 | J74: 5.9 | O74: =ROUND(CP74,2) -> 7818.65 | P74: =ROUND(CQ74*I74,2) -> 7818.65 | Q74: =ROUND(CR74*I74,2) -> 0 | R74: =ROUND(CS74*I74,2) -> 0 | S74: =ROUND(CT74*I74,2) -> 0 | T74: =ROUND(CU74*I74,2) -> 0 | U74: =CV74*I74 -> 0 | V74: =CW74*I74 -> 0 | W74: =ROUND(CX74*I74,2) -> 0 | X74: =ROUND(CY74,2) -> 0 | Y74: =ROUND(CZ74,2) -> 0 | AA74: 26812436 | AB74: =ROUND((AC74+AD74+AF74),6) -> 683.09 | AC74: =ROUND((ES74),6) -> 683.09 | AD74: =ROUND((((ET74)-(EU74))+AE74),6) -> 0 | AE74: =ROUND((EU74),6) -> 0 | AF74: =ROUND((EV74),6) -> 0 | AG74: =ROUND((AP74),6) -> 0 | AH74: =(EW74) -> 0 | AI74: =(EX74) -> 0 | AJ74: =ROUND((AS74),6) -> 0 | AK74: 683.09 | AL74: 683.09 | AM74: 0 | AN74: 0 | AO74: 0 | AP74: 0 | AQ74: 0 | AR74: 0 | AS74: 0 | AT74: 104 | AU74: 60 | AV74: 1 | AW74: 1 | AZ74: 1 | BA74: 1 | BB74: 1 | BC74: 1 | BH74: 3 | BI74: 1 | BJ74: ФССЦ-2001, 04.2.02.01-0011, приказ Минстроя России №1039/пр от 30.12.2016г. | BM74: 68001 | BN74: 0 | BP74: 0 | BQ74: 6 | BR74: 0 | BS74: 1 | BT74: 1 | BU74: 1 | BV74: 1 | BW74: 1 | BX74: 1 | BZ74: 104 | CA74: 60 | CF74: 0 | CG74: 0 | CM74: 0 | CO74: 0 | CP74: =(P74+Q74+S74) -> 7818.65 | CQ74: =AC74*BC74 -> 683.09 | CR74: =AD74*BB74 -> 0 | CS74: =AE74*BS74 -> 0 | CT74: =AF74*BA74 -> 0 | CU74: =AG74 -> 0 | CV74: =AH74 -> 0 | CW74: =AI74 -> 0 | CX74: =AJ74 -> 0 | CY74: =(((S74+R74)*AT74)/100) -> 0 | CZ74: =(((S74+R74)*AU74)/100) -> 0 | DN74: 0 | DO74: 0 | DP74: 1 | DQ74: 1 | DU74: 1007 | DV74: м3 | DW74: м3 | DX74: 1 | EE74: 26549186 | EF74: 6 | EG74: Ремонтно-строительные работы | EH74: 0 | EJ74: 1 | EK74: 68001 | EL74: Благоустройство | EM74: рФЕР-68 | EQ74: 0 | ER74: 683.09 | ES74: 683.09 | ET74: 0 | EU74: 0 | EV74: 0 | EW74: 0 | EX74: 0 | FQ74: 0 | FR74: =ROUND(IF(AND(BH74=3,BI74=3),P74,0),2) -> 0 | FS74: 0 | FX74: 104 | FY74: 60 | GD74: 0 | GF74: -608781605 | GG74: 2 | GH74: 1 | GI74: -2 | GJ74: 0 | GK74: =ROUND(R74*(R12)/100,2) -> 0 | GL74: =ROUND(IF(AND(BH74=3,BI74=3,FS74<>0),P74,0),2) -> 0 | GM74: =ROUND(O74+X74+Y74+GK74,2)+GX74 -> 7818.65 | GN74: =IF(OR(BI74=0,BI74=1),ROUND(O74+X74+Y74+GK74,2),0) -> 7818.65 | GO74: =IF(BI74=2,ROUND(O74+X74+Y74+GK74,2),0) -> 0 | GP74: =IF(BI74=4,ROUND(O74+X74+Y74+GK74,2)+GX74,0) -> 0 | GR74: 0 | GS74: 3 | GT74: 0 | GV74: =ROUND(GT74,6) -> 0 | GW74: 1 | GX74: =ROUND(GV74*GW74*I74,2) -> 0 | HA74: 0 | HB74: 0 | IK74: 0
A75: 18 | B75: 1 | C75: 168 | E75: 10,4 | F75: 04.2.02.01-0011 | G75: Асфальт литой для покрытий тротуаров | H75: м3 | I75: =I67*J75 -> 11.446 | J75: 5.9 | O75: =ROUND(CP75,2) -> 55903.33 | P75: =ROUND(CQ75*I75,2) -> 55903.33 | Q75: =ROUND(CR75*I75,2) -> 0 | R75: =ROUND(CS75*I75,2) -> 0 | S75: =ROUND(CT75*I75,2) -> 0 | T75: =ROUND(CU75*I75,2) -> 0 | U75: =CV75*I75 -> 0 | V75: =CW75*I75 -> 0 | W75: =ROUND(CX75*I75,2) -> 0 | X75: =ROUND(CY75,2) -> 0 | Y75: =ROUND(CZ75,2) -> 0 | AA75: 26812450 | AB75: =ROUND((AC75+AD75+AF75),6) -> 683.09 | AC75: =ROUND((ES75),6) -> 683.09 | AD75: =ROUND((((ET75)-(EU75))+AE75),6) -> 0 | AE75: =ROUND((EU75),6) -> 0 | AF75: =ROUND((EV75),6) -> 0 | AG75: =ROUND((AP75),6) -> 0 | AH75: =(EW75) -> 0 | AI75: =(EX75) -> 0 | AJ75: =ROUND((AS75),6) -> 0 | AK75: 683.09 | AL75: 683.09 | AM75: 0 | AN75: 0 | AO75: 0 | AP75: 0 | AQ75: 0 | AR75: 0 | AS75: 0 | AT75: 104 | AU75: 60 | AV75: 1 | AW75: 1 | AZ75: 7.15 | BA75: 1 | BB75: 1 | BC75: 7.15 | BH75: 3 | BI75: 1 | BJ75: ФССЦ-2001, 04.2.02.01-0011, приказ Минстроя России №1039/пр от 30.12.2016г. | BM75: 68001 | BN75: 0 | BP75: 0 | BQ75: 6 | BR75: 0 | BS75: 1 | BT75: 1 | BU75: 1 | BV75: 1 | BW75: 1 | BX75: 1 | BZ75: 104 | CA75: 60 | CF75: 0 | CG75: 0 | CM75: 0 | CO75: 0 | CP75: =(P75+Q75+S75) -> 55903.33 | CQ75: =AC75*BC75 -> 4884.0935 | CR75: =AD75*BB75 -> 0 | CS75: =AE75*BS75 -> 0 | CT75: =AF75*BA75 -> 0 | CU75: =AG75 -> 0 | CV75: =AH75 -> 0 | CW75: =AI75 -> 0 | CX75: =AJ75 -> 0 | CY75: =(((S75+R75)*AT75)/100) -> 0 | CZ75: =(((S75+R75)*AU75)/100) -> 0 | DN75: 0 | DO75: 0 | DP75: 1 | DQ75: 1 | DU75: 1007 | DV75: м3 | DW75: м3 | DX75: 1 | EE75: 26549186 | EF75: 6 | EG75: Ремонтно-строительные работы | EH75: 0 | EJ75: 1 | EK75: 68001 | EL75: Благоустройство | EM75: рФЕР-68 | EQ75: 0 | ER75: 683.09 | ES75: 683.09 | ET75: 0 | EU75: 0 | EV75: 0 | EW75: 0 | EX75: 0 | FQ75: 0 | FR75: =ROUND(IF(AND(BH75=3,BI75=3),P75,0),2) -> 0 | FS75: 0 | FX75: 104 | FY75: 60 | GD75: 0 | GF75: -608781605 | GG75: 1 | GH75: 1 | GI75: 4 | GJ75: 0 | GK75: =ROUND(R75*(S12)/100,2) -> 0 | GL75: =ROUND(IF(AND(BH75=3,BI75=3,FS75<>0),P75,0),2) -> 0 | GM75: =ROUND(O75+X75+Y75+GK75,2)+GX75 -> 55903.33 | GN75: =IF(OR(BI75=0,BI75=1),ROUND(O75+X75+Y75+GK75,2),0) -> 55903.33 | GO75: =IF(BI75=2,ROUND(O75+X75+Y75+GK75,2),0) -> 0 | GP75: =IF(BI75=4,ROUND(O75+X75+Y75+GK75,2)+GX75,0) -> 0 | GR75: 0 | GS75: 3 | GT75: 0 | GV75: =ROUND(GT75,6) -> 0 | GW75: 1 | GX75: =ROUND(GV75*GW75*I75,2) -> 0 | HA75: 0 | HB75: 0 | IK75: 0
A76: 17 | B76: 1 | C76: =ROW(SmtRes!A171) -> 171 | D76: =ROW(EtalonRes!A173) -> 173 | E76: 11 | F76: 27-06-026-01 | G76: Розлив вяжущих материалов | H76: т | I76: =ROUND((0.8*964)/1000,9) -> 0.7712 | J76: 0 | O76: =ROUND(CP76,2) -> 37.69 | P76: =ROUND(CQ76*I76,2) -> 0 | Q76: =ROUND(CR76*I76,2) -> 37.69 | R76: =ROUND(CS76*I76,2) -> 6.89 | S76: =ROUND(CT76*I76,2) -> 0 | T76: =ROUND(CU76*I76,2) -> 0 | U76: =CV76*I76 -> 0 | V76: =CW76*I76 -> 0.63624 | W76: =ROUND(CX76*I76,2) -> 0 | X76: =ROUND(CY76,2) -> 8.82 | Y76: =ROUND(CZ76,2) -> 5.58 | AA76: 26812436 | AB76: =ROUND((AC76+AD76+AF76),6) -> 48.875 | AC76: =ROUND((ES76),6) -> 0 | AD76: =ROUND(((((ET76*1.25))-((EU76*1.25)))+AE76),6) -> 48.875 | AE76: =ROUND(((EU76*1.25)),6) -> 8.9375 | AF76: =ROUND(((EV76*1.15)),6) -> 0 | AG76: =ROUND((AP76),6) -> 0 | AH76: =((EW76*1.15)) -> 0 | AI76: =((EX76*1.25)) -> 0.825 | AJ76: =ROUND((AS76),6) -> 0 | AK76: 39.1 | AL76: 0 | AM76: 39.1 | AN76: 7.15 | AO76: 0 | AP76: 0 | AQ76: 0 | AR76: 0.66 | AS76: 0 | AT76: 128 | AU76: 81 | AV76: 1 | AW76: 1 | AZ76: 1 | BA76: 1 | BB76: 1 | BC76: 1 | BH76: 0 | BI76: 1 | BJ76: ФЕР-2001, 27-06-026-01, приказ Минстроя России №1039/пр от 30.12.2016г. | BM76: 27001 | BN76: 0 | BP76: 0 | BQ76: 2 | BR76: 0 | BS76: 1 | BT76: 1 | BU76: 1 | BV76: 1 | BW76: 1 | BX76: 1 | BZ76: 142 | CA76: 95 | CF76: 0 | CG76: 0 | CM76: 0 | CN76: Поправка: МДС 81-35.2004, п.4.7 Наименование: Работы, выполняемые при реконструкции зданий и сооружений работы, аналогичные технологическим процессам в новом строительстве (в том числе возведение новых конструктивных элементов) стоимость которых определена по соответствующим сборникам ФЕР, кроме сборника № 46 «Работы при реконструкции зданий и сооружений» | CO76: 0 | CP76: =(P76+Q76+S76) -> 37.69 | CQ76: =AC76*BC76 -> 0 | CR76: =AD76*BB76 -> 48.875 | CS76: =AE76*BS76 -> 8.9375 | CT76: =AF76*BA76 -> 0 | CU76: =AG76 -> 0 | CV76: =AH76 -> 0 | CW76: =AI76 -> 0.825 | CX76: =AJ76 -> 0 | CY76: =(((S76+R76)*AT76)/100) -> 8.8192 | CZ76: =(((S76+R76)*AU76)/100) -> 5.5809 | DE76: )*1,25 | DF76: )*1,25 | DG76: )*1,15 | DI76: )*1,15 | DJ76: )*1,25 | DN76: 0 | DO76: 0 | DP76: 1 | DQ76: 1 | DU76: 1009 | DV76: т | DW76: т | DX76: 1000 | EE76: 26549101 | EF76: 2 | EG76: Общестроительные работы | EH76: 0 | EJ76: 1 | EK76: 27001 | EL76: Автомобильные дороги | EM76: ФЕР-27 | EO76: Поправка: МДС 81-35.2004, п.4.7 | EQ76: 0 | ER76: 39.1 | ES76: 0 | ET76: 39.1 | EU76: 7.15 | EV76: 0 | EW76: 0 | EX76: 0.66 | EY76: 0 | FQ76: 0 | FR76: =ROUND(IF(AND(BH76=3,BI76=3),P76,0),2) -> 0 | FS76: 0 | FT76: *0,9 | FU76: *0,85 | FX76: 127.8 | FY76: 80.75 | GD76: 0 | GF76: -595054287 | GG76: 2 | GH76: 1 | GI76: -2 | GJ76: 0 | GK76: =ROUND(R76*(R12)/100,2) -> 0 | GL76: =ROUND(IF(AND(BH76=3,BI76=3,FS76<>0),P76,0),2) -> 0 | GM76: =ROUND(O76+X76+Y76+GK76,2)+GX76 -> 52.09 | GN76: =IF(OR(BI76=0,BI76=1),ROUND(O76+X76+Y76+GK76,2),0) -> 52.09 | GO76: =IF(BI76=2,ROUND(O76+X76+Y76+GK76,2),0) -> 0 | GP76: =IF(BI76=4,ROUND(O76+X76+Y76+GK76,2)+GX76,0) -> 0 | GR76: 0 | GS76: 3 | GT76: 0 | GV76: =ROUND(GT76,6) -> 0 | GW76: 1 | GX76: =ROUND(GV76*GW76*I76,2) -> 0 | HA76: 0 | HB76: 0 | IK76: 0
A77: 17 | B77: 1 | C77: =ROW(SmtRes!A174) -> 174 | D77: =ROW(EtalonRes!A176) -> 176 | E77: 11 | F77: 27-06-026-01 | G77: Розлив вяжущих материалов | H77: т | I77: =ROUND((0.8*964)/1000,9) -> 0.7712 | J77: 0 | O77: =ROUND(CP77,2) -> 269.5 | P77: =ROUND(CQ77*I77,2) -> 0 | Q77: =ROUND(CR77*I77,2) -> 269.5 | R77: =ROUND(CS77*I77,2) -> 49.28 | S77: =ROUND(CT77*I77,2) -> 0 | T77: =ROUND(CU77*I77,2) -> 0 | U77: =CV77*I77 -> 0 | V77: =CW77*I77 -> 0.63624 | W77: =ROUND(CX77*I77,2) -> 0 | X77: =ROUND(CY77,2) -> 63.08 | Y77: =ROUND(CZ77,2) -> 39.92 | AA77: 26812450 | AB77: =ROUND((AC77+AD77+AF77),6) -> 48.875 | AC77: =ROUND((ES77),6) -> 0 | AD77: =ROUND(((((ET77*1.25))-((EU77*1.25)))+AE77),6) -> 48.875 | AE77: =ROUND(((EU77*1.25)),6) -> 8.9375 | AF77: =ROUND(((EV77*1.15)),6) -> 0 | AG77: =ROUND((AP77),6) -> 0 | AH77: =((EW77*1.15)) -> 0 | AI77: =((EX77*1.25)) -> 0.825 | AJ77: =ROUND((AS77),6) -> 0 | AK77: 39.1 | AL77: 0 | AM77: 39.1 | AN77: 7.15 | AO77: 0 | AP77: 0 | AQ77: 0 | AR77: 0.66 | AS77: 0 | AT77: 128 | AU77: 81 | AV77: 1 | AW77: 1 | AZ77: 7.15 | BA77: 7.15 | BB77: 7.15 | BC77: 7.15 | BH77: 0 | BI77: 1 | BJ77: ФЕР-2001, 27-06-026-01, приказ Минстроя России №1039/пр от 30.12.2016г. | BM77: 27001 | BN77: 0 | BP77: 0 | BQ77: 2 | BR77: 0 | BS77: 7.15 | BT77: 1 | BU77: 1 | BV77: 1 | BW77: 1 | BX77: 1 | BZ77: 142 | CA77: 95 | CF77: 0 | CG77: 0 | CM77: 0 | CN77: Поправка: МДС 81-35.2004, п.4.7 Наименование: Работы, выполняемые при реконструкции зданий и сооружений работы, аналогичные технологическим процессам в новом строительстве (в том числе возведение новых конструктивных элементов) стоимость которых определена по соответствующим сборникам ФЕР, кроме сборника № 46 «Работы при реконструкции зданий и сооружений» | CO77: 0 | CP77: =(P77+Q77+S77) -> 269.5 | CQ77: =AC77*BC77 -> 0 | CR77: =AD77*BB77 -> 349.45625 | CS77: =AE77*BS77 -> 63.903125 | CT77: =AF77*BA77 -> 0 | CU77: =AG77 -> 0 | CV77: =AH77 -> 0 | CW77: =AI77 -> 0.825 | CX77: =AJ77 -> 0 | CY77: =(((S77+R77)*AT77)/100) -> 63.0784 | CZ77: =(((S77+R77)*AU77)/100) -> 39.9168 | DE77: )*1,25 | DF77: )*1,25 | DG77: )*1,15 | DI77: )*1,15 | DJ77: )*1,25 | DN77: 0 | DO77: 0 | DP77: 1 | DQ77: 1 | DU77: 1009 | DV77: т | DW77: т | DX77: 1000 | EE77: 26549101 | EF77: 2 | EG77: Общестроительные работы | EH77: 0 | EJ77: 1 | EK77: 27001 | EL77: Автомобильные дороги | EM77: ФЕР-27 | EO77: Поправка: МДС 81-35.2004, п.4.7 | EQ77: 0 | ER77: 39.1 | ES77: 0 | ET77: 39.1 | EU77: 7.15 | EV77: 0 | EW77: 0 | EX77: 0.66 | EY77: 0 | FQ77: 0 | FR77: =ROUND(IF(AND(BH77=3,BI77=3),P77,0),2) -> 0 | FS77: 0 | FT77: *0,9 | FU77: *0,85 | FX77: 127.8 | FY77: 80.75 | GD77: 0 | GF77: -595054287 | GG77: 1 | GH77: 1 | GI77: 4 | GJ77: 0 | GK77: =ROUND(R77*(S12)/100,2) -> 0 | GL77: =ROUND(IF(AND(BH77=3,BI77=3,FS77<>0),P77,0),2) -> 0 | GM77: =ROUND(O77+X77+Y77+GK77,2)+GX77 -> 372.5 | GN77: =IF(OR(BI77=0,BI77=1),ROUND(O77+X77+Y77+GK77,2),0) -> 372.5 | GO77: =IF(BI77=2,ROUND(O77+X77+Y77+GK77,2),0) -> 0 | GP77: =IF(BI77=4,ROUND(O77+X77+Y77+GK77,2)+GX77,0) -> 0 | GR77: 0 | GS77: 3 | GT77: 0 | GV77: =ROUND(GT77,6) -> 0 | GW77: 1 | GX77: =ROUND(GV77*GW77*I77,2) -> 0 | HA77: 0 | HB77: 0 | IK77: 0
A78: 18 | B78: 1 | C78: 171 | E78: 11,1 | F78: 01.2.01.01-0012 | G78: Битумы нефтяные дорожные марки БДУ-70/100, улучшенные | H78: т | I78: =I76*J78 -> 0.794336 | J78: 1.03 | O78: =ROUND(CP78,2) -> 1741.56 | P78: =ROUND(CQ78*I78,2) -> 1741.56 | Q78: =ROUND(CR78*I78,2) -> 0 | R78: =ROUND(CS78*I78,2) -> 0 | S78: =ROUND(CT78*I78,2) -> 0 | T78: =ROUND(CU78*I78,2) -> 0 | U78: =CV78*I78 -> 0 | V78: =CW78*I78 -> 0 | W78: =ROUND(CX78*I78,2) -> 0 | X78: =ROUND(CY78,2) -> 0 | Y78: =ROUND(CZ78,2) -> 0 | AA78: 26812436 | AB78: =ROUND((AC78+AD78+AF78),6) -> 2192.47 | AC78: =ROUND((ES78),6) -> 2192.47 | AD78: =ROUND((((ET78)-(EU78))+AE78),6) -> 0 | AE78: =ROUND((EU78),6) -> 0 | AF78: =ROUND((EV78),6) -> 0 | AG78: =ROUND((AP78),6) -> 0 | AH78: =(EW78) -> 0 | AI78: =(EX78) -> 0 | AJ78: =ROUND((AS78),6) -> 0 | AK78: 2192.47 | AL78: 2192.47 | AM78: 0 | AN78: 0 | AO78: 0 | AP78: 0 | AQ78: 0 | AR78: 0 | AS78: 0 | AT78: 128 | AU78: 81 | AV78: 1 | AW78: 1 | AZ78: 1 | BA78: 1 | BB78: 1 | BC78: 1 | BH78: 3 | BI78: 1 | BJ78: ФССЦ-2001, 01.2.01.01-0012, приказ Минстроя России №1039/пр от 30.12.2016г. | BM78: 27001 | BN78: 0 | BP78: 0 | BQ78: 2 | BR78: 0 | BS78: 1 | BT78: 1 | BU78: 1 | BV78: 1 | BW78: 1 | BX78: 1 | BZ78: 142 | CA78: 95 | CF78: 0 | CG78: 0 | CM78: 0 | CO78: 0 | CP78: =(P78+Q78+S78) -> 1741.56 | CQ78: =AC78*BC78 -> 2192.47 | CR78: =AD78*BB78 -> 0 | CS78: =AE78*BS78 -> 0 | CT78: =AF78*BA78 -> 0 | CU78: =AG78 -> 0 | CV78: =AH78 -> 0 | CW78: =AI78 -> 0 | CX78: =AJ78 -> 0 | CY78: =(((S78+R78)*AT78)/100) -> 0 | CZ78: =(((S78+R78)*AU78)/100) -> 0 | DN78: 0 | DO78: 0 | DP78: 1 | DQ78: 1 | DU78: 1009 | DV78: т | DW78: т | DX78: 1000 | EE78: 26549101 | EF78: 2 | EG78: Общестроительные работы | EH78: 0 | EJ78: 1 | EK78: 27001 | EL78: Автомобильные дороги | EM78: ФЕР-27 | EQ78: 0 | ER78: 2192.47 | ES78: 2192.47 | ET78: 0 | EU78: 0 | EV78: 0 | EW78: 0 | EX78: 0 | FQ78: 0 | FR78: =ROUND(IF(AND(BH78=3,BI78=3),P78,0),2) -> 0 | FS78: 0 | FT78: *0,9 | FU78: *0,85 | FX78: 127.8 | FY78: 80.75 | GD78: 0 | GF78: -998642674 | GG78: 2 | GH78: 1 | GI78: -2 | GJ78: 0 | GK78: =ROUND(R78*(R12)/100,2) -> 0 | GL78: =ROUND(IF(AND(BH78=3,BI78=3,FS78<>0),P78,0),2) -> 0 | GM78: =ROUND(O78+X78+Y78+GK78,2)+GX78 -> 1741.56 | GN78: =IF(OR(BI78=0,BI78=1),ROUND(O78+X78+Y78+GK78,2),0) -> 1741.56 | GO78: =IF(BI78=2,ROUND(O78+X78+Y78+GK78,2),0) -> 0 | GP78: =IF(BI78=4,ROUND(O78+X78+Y78+GK78,2)+GX78,0) -> 0 | GR78: 0 | GS78: 3 | GT78: 0 | GV78: =ROUND(GT78,6) -> 0 | GW78: 1 | GX78: =ROUND(GV78*GW78*I78,2) -> 0 | HA78: 0 | HB78: 0 | IK78: 0
A79: 18 | B79: 1 | C79: 174 | E79: 11,1 | F79: 01.2.01.01-0012 | G79: Битумы нефтяные дорожные марки БДУ-70/100, улучшенные | H79: т | I79: =I77*J79 -> 0.794336 | J79: 1.03 | O79: =ROUND(CP79,2) -> 12452.14 | P79: =ROUND(CQ79*I79,2) -> 12452.14 | Q79: =ROUND(CR79*I79,2) -> 0 | R79: =ROUND(CS79*I79,2) -> 0 | S79: =ROUND(CT79*I79,2) -> 0 | T79: =ROUND(CU79*I79,2) -> 0 | U79: =CV79*I79 -> 0 | V79: =CW79*I79 -> 0 | W79: =ROUND(CX79*I79,2) -> 0 | X79: =ROUND(CY79,2) -> 0 | Y79: =ROUND(CZ79,2) -> 0 | AA79: 26812450 | AB79: =ROUND((AC79+AD79+AF79),6) -> 2192.47 | AC79: =ROUND((ES79),6) -> 2192.47 | AD79: =ROUND((((ET79)-(EU79))+AE79),6) -> 0 | AE79: =ROUND((EU79),6) -> 0 | AF79: =ROUND((EV79),6) -> 0 | AG79: =ROUND((AP79),6) -> 0 | AH79: =(EW79) -> 0 | AI79: =(EX79) -> 0 | AJ79: =ROUND((AS79),6) -> 0 | AK79: 2192.47 | AL79: 2192.47 | AM79: 0 | AN79: 0 | AO79: 0 | AP79: 0 | AQ79: 0 | AR79: 0 | AS79: 0 | AT79: 128 | AU79: 81 | AV79: 1 | AW79: 1 | AZ79: 7.15 | BA79: 1 | BB79: 1 | BC79: 7.15 | BH79: 3 | BI79: 1 | BJ79: ФССЦ-2001, 01.2.01.01-0012, приказ Минстроя России №1039/пр от 30.12.2016г. | BM79: 27001 | BN79: 0 | BP79: 0 | BQ79: 2 | BR79: 0 | BS79: 1 | BT79: 1 | BU79: 1 | BV79: 1 | BW79: 1 | BX79: 1 | BZ79: 142 | CA79: 95 | CF79: 0 | CG79: 0 | CM79: 0 | CO79: 0 | CP79: =(P79+Q79+S79) -> 12452.14 | CQ79: =AC79*BC79 -> 15676.16 | CR79: =AD79*BB79 -> 0 | CS79: =AE79*BS79 -> 0 | CT79: =AF79*BA79 -> 0 | CU79: =AG79 -> 0 | CV79: =AH79 -> 0 | CW79: =AI79 -> 0 | CX79: =AJ79 -> 0 | CY79: =(((S79+R79)*AT79)/100) -> 0 | CZ79: =(((S79+R79)*AU79)/100) -> 0 | DN79: 0 | DO79: 0 | DP79: 1 | DQ79: 1 | DU79: 1009 | DV79: т | DW79: т | DX79: 1000 | EE79: 26549101 | EF79: 2 | EG79: Общестроительные работы | EH79: 0 | EJ79: 1 | EK79: 27001 | EL79: Автомобильные дороги | EM79: ФЕР-27 | EQ79: 0 | ER79: 2192.47 | ES79: 2192.47 | ET79: 0 | EU79: 0 | EV79: 0 | EW79: 0 | EX79: 0 | FQ79: 0 | FR79: =ROUND(IF(AND(BH79=3,BI79=3),P79,0),2) -> 0 | FS79: 0 | FT79: *0,9 | FU79: *0,85 | FX79: 127.8 | FY79: 80.75 | GD79: 0 | GF79: -998642674 | GG79: 1 | GH79: 1 | GI79: 4 | GJ79: 0 | GK79: =ROUND(R79*(S12)/100,2) -> 0 | GL79: =ROUND(IF(AND(BH79=3,BI79=3,FS79<>0),P79,0),2) -> 0 | GM79: =ROUND(O79+X79+Y79+GK79,2)+GX79 -> 12452.14 | GN79: =IF(OR(BI79=0,BI79=1),ROUND(O79+X79+Y79+GK79,2),0) -> 12452.14 | GO79: =IF(BI79=2,ROUND(O79+X79+Y79+GK79,2),0) -> 0 | GP79: =IF(BI79=4,ROUND(O79+X79+Y79+GK79,2)+GX79,0) -> 0 | GR79: 0 | GS79: 3 | GT79: 0 | GV79: =ROUND(GT79,6) -> 0 | GW79: 1 | GX79: =ROUND(GV79*GW79*I79,2) -> 0 | HA79: 0 | HB79: 0 | IK79: 0
A80: 17 | B80: 1 | C80: =ROW(SmtRes!A183) -> 183 | D80: =ROW(EtalonRes!A185) -> 185 | E80: 12 | F80: 27-07-001-01 | G80: Устройство асфальтобетонных покрытий дорожек и тротуаров однослойных из литой мелкозернистой асфальто-бетонной смеси толщиной 3 см | H80: 100 м2 | I80: =ROUND(70/100,9) -> 0.7 | J80: 0 | O80: =ROUND(CP80,2) -> 234.14 | P80: =ROUND(CQ80*I80,2) -> 70.98 | Q80: =ROUND(CR80*I80,2) -> 50.09 | R80: =ROUND(CS80*I80,2) -> 0.7 | S80: =ROUND(CT80*I80,2) -> 113.07 | T80: =ROUND(CU80*I80,2) -> 0 | U80: =CV80*I80 -> 12.1716 | V80: =CW80*I80 -> 0.06125 | W80: =ROUND(CX80*I80,2) -> 0 | X80: =ROUND(CY80,2) -> 145.63 | Y80: =ROUND(CZ80,2) -> 92.15 | AA80: 26812436 | AB80: =ROUND((AC80+AD80+AF80),6) -> 334.4915 | AC80: =ROUND((ES80),6) -> 101.4 | AD80: =ROUND(((((ET80*1.25))-((EU80*1.25)))+AE80),6) -> 71.5625 | AE80: =ROUND(((EU80*1.25)),6) -> 1 | AF80: =ROUND(((EV80*1.15)),6) -> 161.529 | AG80: =ROUND((AP80),6) -> 0 | AH80: =((EW80*1.15)) -> 17.388 | AI80: =((EX80*1.25)) -> 0.0875 | AJ80: =ROUND((AS80),6) -> 0 | AK80: 299.11 | AL80: 101.4 | AM80: 57.25 | AN80: 0.8 | AO80: 140.46 | AP80: 0 | AQ80: 15.12 | AR80: 0.07 | AS80: 0 | AT80: 128 | AU80: 81 | AV80: 1 | AW80: 1 | AZ80: 1 | BA80: 1 | BB80: 1 | BC80: 1 | BH80: 0 | BI80: 1 | BJ80: ФЕР-2001, 27-07-001-01, приказ Минстроя России №1039/пр от 30.12.2016г. | BM80: 27001 | BN80: 0 | BP80: 0 | BQ80: 2 | BR80: 0 | BS80: 1 | BT80: 1 | BU80: 1 | BV80: 1 | BW80: 1 | BX80: 1 | BZ80: 142 | CA80: 95 | CF80: 0 | CG80: 0 | CM80: 0 | CN80: Поправка: МДС 81-35.2004, п.4.7 Наименование: Работы, выполняемые при реконструкции зданий и сооружений работы, аналогичные технологическим процессам в новом строительстве (в том числе возведение новых конструктивных элементов) стоимость которых определена по соответствующим сборникам ФЕР, кроме сборника № 46 «Работы при реконструкции зданий и сооружений» | CO80: 0 | CP80: =(P80+Q80+S80) -> 234.14 | CQ80: =AC80*BC80 -> 101.4 | CR80: =AD80*BB80 -> 71.5625 | CS80: =AE80*BS80 -> 1 | CT80: =AF80*BA80 -> 161.529 | CU80: =AG80 -> 0 | CV80: =AH80 -> 17.388 | CW80: =AI80 -> 0.0875 | CX80: =AJ80 -> 0 | CY80: =(((S80+R80)*AT80)/100) -> 145.6256 | CZ80: =(((S80+R80)*AU80)/100) -> 92.1537 | DE80: )*1,25 | DF80: )*1,25 | DG80: )*1,15 | DI80: )*1,15 | DJ80: )*1,25 | DN80: 0 | DO80: 0 | DP80: 1 | DQ80: 1 | DU80: 1005 | DV80: 100 м2 | DW80: 100 м2 | DX80: 100 | EE80: 26549101 | EF80: 2 | EG80: Общестроительные работы | EH80: 0 | EJ80: 1 | EK80: 27001 | EL80: Автомобильные дороги | EM80: ФЕР-27 | EO80: Поправка: МДС 81-35.2004, п.4.7 | EQ80: 0 | ER80: 299.11 | ES80: 101.4 | ET80: 57.25 | EU80: 0.8 | EV80: 140.46 | EW80: 15.12 | EX80: 0.07 | EY80: 0 | FQ80: 0 | FR80: =ROUND(IF(AND(BH80=3,BI80=3),P80,0),2) -> 0 | FS80: 0 | FT80: *0,9 | FU80: *0,85 | FX80: 127.8 | FY80: 80.75 | GD80: 0 | GF80: -424602008 | GG80: 2 | GH80: 1 | GI80: -2 | GJ80: 0 | GK80: =ROUND(R80*(R12)/100,2) -> 0 | GL80: =ROUND(IF(AND(BH80=3,BI80=3,FS80<>0),P80,0),2) -> 0 | GM80: =ROUND(O80+X80+Y80+GK80,2)+GX80 -> 471.92 | GN80: =IF(OR(BI80=0,BI80=1),ROUND(O80+X80+Y80+GK80,2),0) -> 471.92 | GO80: =IF(BI80=2,ROUND(O80+X80+Y80+GK80,2),0) -> 0 | GP80: =IF(BI80=4,ROUND(O80+X80+Y80+GK80,2)+GX80,0) -> 0 | GR80: 0 | GS80: 3 | GT80: 0 | GV80: =ROUND(GT80,6) -> 0 | GW80: 1 | GX80: =ROUND(GV80*GW80*I80,2) -> 0 | HA80: 0 | HB80: 0 | IK80: 0
A81: 17 | B81: 1 | C81: =ROW(SmtRes!A192) -> 192 | D81: =ROW(EtalonRes!A194) -> 194 | E81: 12 | F81: 27-07-001-01 | G81: Устройство асфальтобетонных покрытий дорожек и тротуаров однослойных из литой мелкозернистой асфальто-бетонной смеси толщиной 3 см | H81: 100 м2 | I81: =ROUND(70/100,9) -> 0.7 | J81: 0 | O81: =ROUND(CP81,2) -> 1674.13 | P81: =ROUND(CQ81*I81,2) -> 507.51 | Q81: =ROUND(CR81*I81,2) -> 358.17 | R81: =ROUND(CS81*I81,2) -> 5.01 | S81: =ROUND(CT81*I81,2) -> 808.45 | T81: =ROUND(CU81*I81,2) -> 0 | U81: =CV81*I81 -> 12.1716 | V81: =CW81*I81 -> 0.06125 | W81: =ROUND(CX81*I81,2) -> 0 | X81: =ROUND(CY81,2) -> 1041.23 | Y81: =ROUND(CZ81,2) -> 658.9 | AA81: 26812450 | AB81: =ROUND((AC81+AD81+AF81),6) -> 334.4915 | AC81: =ROUND((ES81),6) -> 101.4 | AD81: =ROUND(((((ET81*1.25))-((EU81*1.25)))+AE81),6) -> 71.5625 | AE81: =ROUND(((EU81*1.25)),6) -> 1 | AF81: =ROUND(((EV81*1.15)),6) -> 161.529 | AG81: =ROUND((AP81),6) -> 0 | AH81: =((EW81*1.15)) -> 17.388 | AI81: =((EX81*1.25)) -> 0.0875 | AJ81: =ROUND((AS81),6) -> 0 | AK81: 299.11 | AL81: 101.4 | AM81: 57.25 | AN81: 0.8 | AO81: 140.46 | AP81: 0 | AQ81: 15.12 | AR81: 0.07 | AS81: 0 | AT81: 128 | AU81: 81 | AV81: 1 | AW81: 1 | AZ81: 7.15 | BA81: 7.15 | BB81: 7.15 | BC81: 7.15 | BH81: 0 | BI81: 1 | BJ81: ФЕР-2001, 27-07-001-01, приказ Минстроя России №1039/пр от 30.12.2016г. | BM81: 27001 | BN81: 0 | BP81: 0 | BQ81: 2 | BR81: 0 | BS81: 7.15 | BT81: 1 | BU81: 1 | BV81: 1 | BW81: 1 | BX81: 1 | BZ81: 142 | CA81: 95 | CF81: 0 | CG81: 0 | CM81: 0 | CN81: Поправка: МДС 81-35.2004, п.4.7 Наименование: Работы, выполняемые при реконструкции зданий и сооружений работы, аналогичные технологическим процессам в новом строительстве (в том числе возведение новых конструктивных элементов) стоимость которых определена по соответствующим сборникам ФЕР, кроме сборника № 46 «Работы при реконструкции зданий и сооружений» | CO81: 0 | CP81: =(P81+Q81+S81) -> 1674.13 | CQ81: =AC81*BC81 -> 725.01 | CR81: =AD81*BB81 -> 511.67188 | CS81: =AE81*BS81 -> 7.15 | CT81: =AF81*BA81 -> 1154.9324 | CU81: =AG81 -> 0 | CV81: =AH81 -> 17.388 | CW81: =AI81 -> 0.0875 | CX81: =AJ81 -> 0 | CY81: =(((S81+R81)*AT81)/100) -> 1041.2288 | CZ81: =(((S81+R81)*AU81)/100) -> 658.9026 | DE81: )*1,25 | DF81: )*1,25 | DG81: )*1,15 | DI81: )*1,15 | DJ81: )*1,25 | DN81: 0 | DO81: 0 | DP81: 1 | DQ81: 1 | DU81: 1005 | DV81: 100 м2 | DW81: 100 м2 | DX81: 100 | EE81: 26549101 | EF81: 2 | EG81: Общестроительные работы | EH81: 0 | EJ81: 1 | EK81: 27001 | EL81: Автомобильные дороги | EM81: ФЕР-27 | EO81: Поправка: МДС 81-35.2004, п.4.7 | EQ81: 0 | ER81: 299.11 | ES81: 101.4 | ET81: 57.25 | EU81: 0.8 | EV81: 140.46 | EW81: 15.12 | EX81: 0.07 | EY81: 0 | FQ81: 0 | FR81: =ROUND(IF(AND(BH81=3,BI81=3),P81,0),2) -> 0 | FS81: 0 | FT81: *0,9 | FU81: *0,85 | FX81: 127.8 | FY81: 80.75 | GD81: 0 | GF81: -424602008 | GG81: 1 | GH81: 1 | GI81: 4 | GJ81: 0 | GK81: =ROUND(R81*(S12)/100,2) -> 0 | GL81: =ROUND(IF(AND(BH81=3,BI81=3,FS81<>0),P81,0),2) -> 0 | GM81: =ROUND(O81+X81+Y81+GK81,2)+GX81 -> 3374.26 | GN81: =IF(OR(BI81=0,BI81=1),ROUND(O81+X81+Y81+GK81,2),0) -> 3374.26 | GO81: =IF(BI81=2,ROUND(O81+X81+Y81+GK81,2),0) -> 0 | GP81: =IF(BI81=4,ROUND(O81+X81+Y81+GK81,2)+GX81,0) -> 0 | GR81: 0 | GS81: 3 | GT81: 0 | GV81: =ROUND(GT81,6) -> 0 | GW81: 1 | GX81: =ROUND(GV81*GW81*I81,2) -> 0 | HA81: 0 | HB81: 0 | IK81: 0
A82: 18 | B82: 1 | C82: 182 | E82: 12,1 | F82: 02.3.01.02-0002 | G82: Песок для строительных работ | H82: м3 | I82: =I80*J82 -> 0.35 | J82: 0.5 | O82: =ROUND(CP82,2) -> 41.57 | P82: =ROUND(CQ82*I82,2) -> 41.57 | Q82: =ROUND(CR82*I82,2) -> 0 | R82: =ROUND(CS82*I82,2) -> 0 | S82: =ROUND(CT82*I82,2) -> 0 | T82: =ROUND(CU82*I82,2) -> 0 | U82: =CV82*I82 -> 0 | V82: =CW82*I82 -> 0 | W82: =ROUND(CX82*I82,2) -> 0 | X82: =ROUND(CY82,2) -> 0 | Y82: =ROUND(CZ82,2) -> 0 | AA82: 26812436 | AB82: =ROUND((AC82+AD82+AF82),6) -> 118.76 | AC82: =ROUND((ES82),6) -> 118.76 | AD82: =ROUND((((ET82)-(EU82))+AE82),6) -> 0 | AE82: =ROUND((EU82),6) -> 0 | AF82: =ROUND((EV82),6) -> 0 | AG82: =ROUND((AP82),6) -> 0 | AH82: =(EW82) -> 0 | AI82: =(EX82) -> 0 | AJ82: =ROUND((AS82),6) -> 0 | AK82: 118.76 | AL82: 118.76 | AM82: 0 | AN82: 0 | AO82: 0 | AP82: 0 | AQ82: 0 | AR82: 0 | AS82: 0 | AT82: 128 | AU82: 81 | AV82: 1 | AW82: 1 | AZ82: 1 | BA82: 1 | BB82: 1 | BC82: 1 | BH82: 3 | BI82: 1 | BJ82: ФССЦ-2001, 02.3.01.02-0002, приказ Минстроя России №1039/пр от 30.12.2016г. | BM82: 27001 | BN82: 0 | BP82: 0 | BQ82: 2 | BR82: 0 | BS82: 1 | BT82: 1 | BU82: 1 | BV82: 1 | BW82: 1 | BX82: 1 | BZ82: 142 | CA82: 95 | CF82: 0 | CG82: 0 | CM82: 0 | CO82: 0 | CP82: =(P82+Q82+S82) -> 41.57 | CQ82: =AC82*BC82 -> 118.76 | CR82: =AD82*BB82 -> 0 | CS82: =AE82*BS82 -> 0 | CT82: =AF82*BA82 -> 0 | CU82: =AG82 -> 0 | CV82: =AH82 -> 0 | CW82: =AI82 -> 0 | CX82: =AJ82 -> 0 | CY82: =(((S82+R82)*AT82)/100) -> 0 | CZ82: =(((S82+R82)*AU82)/100) -> 0 | DN82: 0 | DO82: 0 | DP82: 1 | DQ82: 1 | DU82: 1007 | DV82: м3 | DW82: м3 | DX82: 1 | EE82: 26549101 | EF82: 2 | EG82: Общестроительные работы | EH82: 0 | EJ82: 1 | EK82: 27001 | EL82: Автомобильные дороги | EM82: ФЕР-27 | EQ82: 0 | ER82: 118.76 | ES82: 118.76 | ET82: 0 | EU82: 0 | EV82: 0 | EW82: 0 | EX82: 0 | FQ82: 0 | FR82: =ROUND(IF(AND(BH82=3,BI82=3),P82,0),2) -> 0 | FS82: 0 | FT82: *0,9 | FU82: *0,85 | FX82: 127.8 | FY82: 80.75 | GD82: 0 | GF82: -190031125 | GG82: 2 | GH82: 1 | GI82: -2 | GJ82: 0 | GK82: =ROUND(R82*(R12)/100,2) -> 0 | GL82: =ROUND(IF(AND(BH82=3,BI82=3,FS82<>0),P82,0),2) -> 0 | GM82: =ROUND(O82+X82+Y82+GK82,2)+GX82 -> 41.57 | GN82: =IF(OR(BI82=0,BI82=1),ROUND(O82+X82+Y82+GK82,2),0) -> 41.57 | GO82: =IF(BI82=2,ROUND(O82+X82+Y82+GK82,2),0) -> 0 | GP82: =IF(BI82=4,ROUND(O82+X82+Y82+GK82,2)+GX82,0) -> 0 | GR82: 0 | GS82: 3 | GT82: 0 | GV82: =ROUND(GT82,6) -> 0 | GW82: 1 | GX82: =ROUND(GV82*GW82*I82,2) -> 0 | HA82: 0 | HB82: 0 | IK82: 0
A83: 18 | B83: 1 | C83: 191 | E83: 12,1 | F83: 02.3.01.02-0002 | G83: Песок для строительных работ | H83: м3 | I83: =I81*J83 -> 0.35 | J83: 0.5 | O83: =ROUND(CP83,2) -> 297.2 | P83: =ROUND(CQ83*I83,2) -> 297.2 | Q83: =ROUND(CR83*I83,2) -> 0 | R83: =ROUND(CS83*I83,2) -> 0 | S83: =ROUND(CT83*I83,2) -> 0 | T83: =ROUND(CU83*I83,2) -> 0 | U83: =CV83*I83 -> 0 | V83: =CW83*I83 -> 0 | W83: =ROUND(CX83*I83,2) -> 0 | X83: =ROUND(CY83,2) -> 0 | Y83: =ROUND(CZ83,2) -> 0 | AA83: 26812450 | AB83: =ROUND((AC83+AD83+AF83),6) -> 118.76 | AC83: =ROUND((ES83),6) -> 118.76 | AD83: =ROUND((((ET83)-(EU83))+AE83),6) -> 0 | AE83: =ROUND((EU83),6) -> 0 | AF83: =ROUND((EV83),6) -> 0 | AG83: =ROUND((AP83),6) -> 0 | AH83: =(EW83) -> 0 | AI83: =(EX83) -> 0 | AJ83: =ROUND((AS83),6) -> 0 | AK83: 118.76 | AL83: 118.76 | AM83: 0 | AN83: 0 | AO83: 0 | AP83: 0 | AQ83: 0 | AR83: 0 | AS83: 0 | AT83: 128 | AU83: 81 | AV83: 1 | AW83: 1 | AZ83: 7.15 | BA83: 1 | BB83: 1 | BC83: 7.15 | BH83: 3 | BI83: 1 | BJ83: ФССЦ-2001, 02.3.01.02-0002, приказ Минстроя России №1039/пр от 30.12.2016г. | BM83: 27001 | BN83: 0 | BP83: 0 | BQ83: 2 | BR83: 0 | BS83: 1 | BT83: 1 | BU83: 1 | BV83: 1 | BW83: 1 | BX83: 1 | BZ83: 142 | CA83: 95 | CF83: 0 | CG83: 0 | CM83: 0 | CO83: 0 | CP83: =(P83+Q83+S83) -> 297.2 | CQ83: =AC83*BC83 -> 849.134 | CR83: =AD83*BB83 -> 0 | CS83: =AE83*BS83 -> 0 | CT83: =AF83*BA83 -> 0 | CU83: =AG83 -> 0 | CV83: =AH83 -> 0 | CW83: =AI83 -> 0 | CX83: =AJ83 -> 0 | CY83: =(((S83+R83)*AT83)/100) -> 0 | CZ83: =(((S83+R83)*AU83)/100) -> 0 | DN83: 0 | DO83: 0 | DP83: 1 | DQ83: 1 | DU83: 1007 | DV83: м3 | DW83: м3 | DX83: 1 | EE83: 26549101 | EF83: 2 | EG83: Общестроительные работы | EH83: 0 | EJ83: 1 | EK83: 27001 | EL83: Автомобильные дороги | EM83: ФЕР-27 | EQ83: 0 | ER83: 118.76 | ES83: 118.76 | ET83: 0 | EU83: 0 | EV83: 0 | EW83: 0 | EX83: 0 | FQ83: 0 | FR83: =ROUND(IF(AND(BH83=3,BI83=3),P83,0),2) -> 0 | FS83: 0 | FT83: *0,9 | FU83: *0,85 | FX83: 127.8 | FY83: 80.75 | GD83: 0 | GF83: -190031125 | GG83: 1 | GH83: 1 | GI83: 4 | GJ83: 0 | GK83: =ROUND(R83*(S12)/100,2) -> 0 | GL83: =ROUND(IF(AND(BH83=3,BI83=3,FS83<>0),P83,0),2) -> 0 | GM83: =ROUND(O83+X83+Y83+GK83,2)+GX83 -> 297.2 | GN83: =IF(OR(BI83=0,BI83=1),ROUND(O83+X83+Y83+GK83,2),0) -> 297.2 | GO83: =IF(BI83=2,ROUND(O83+X83+Y83+GK83,2),0) -> 0 | GP83: =IF(BI83=4,ROUND(O83+X83+Y83+GK83,2)+GX83,0) -> 0 | GR83: 0 | GS83: 3 | GT83: 0 | GV83: =ROUND(GT83,6) -> 0 | GW83: 1 | GX83: =ROUND(GV83*GW83*I83,2) -> 0 | HA83: 0 | HB83: 0 | IK83: 0
